Workbook
Name Excel_BuiltIn_Print_Titles: 'Норматив ДОУ_КОПО'!$1:$5

Sheet Нормативы ДО
B2: Нормативы: Дошкольное образование
D3: группы воспитанников до 3 лет | I3: группы воспитанников старше 3 лет
D4: кратковремен. пребывания | E4: сокращенного дня | F4: полного дня | G4: продленного дня | H4: круглосуточного пребывания | I4: кратковремен. пребывания | J4: сокращенного дня | K4: полного дня | L4: продленного дня | M4: круглосуточного пребывания
B5: Раздел 1. Удельные затраты на оплату труда основного (педагогического) персонала, включая начисления на выплаты по оплате труда | M5: =SUMPRODUCT('Нормативы ДО'!D489:M519,'Нормативы ДО'!$D$637:$M$667) -> 2.1572291e+14
B6: Дн - число рабочих дней, дней в неделю | D6: 5 | E6: 5 | F6: 5 | G6: 5 | H6: 5 | I6: 5 | J6: 5 | K6: 5 | L6: 5 | M6: 5
B7: Пд - продолжительность пребывания, часов в день | D7: 5 | E7: 10 | F7: =12 -> 12 | G7: =14 -> 14 | H7: =14 -> 14 | I7: 5 | J7: 10 | K7: =12 -> 12 | L7: 14 | M7: =14 -> 14
B8: m - расчетная наполняемость групп, воспитанников в 1 группе
B9: 1. Общеразвивающие группы | C9: в городских организациях или в организациях более 100 восп., расположенных на селе или в ПГТ | D9: 19 | I9: 23
C10: в организациях на 51-100 восп., расположенных на селе или в ПГТ | D10: 15 | I10: 20
C11: в организациях на 26-50 восп., расположеных на селе, или в организациях менее 51 восп., расположенных в ПГТ | D11: 10 | I11: 15
C12: в организациях на 11-25 восп., расположеных на селе | D12: 10 | I12: 10
C13: в организациях на 10 восп., расположеных на селе | D13: 5 | I13: 5
B14: 2. Группы комбинированной направленности | C14: 01 глухие | D14: 10 | I14: 10
C15: 02 слабослышащие (познооглохшие) | D15: 10 | I15: 15
C16: 03 слепые | D16: 10 | I16: 10
C17: 04 слабовидящие, с амблиопией, косоглазием | D17: 10 | I17: 15
C18: 05 с тяжелыми нарушениями речи | D18: 10 | I18: 15
C19: 06 с фонетико-фонематическими нарушениями речи | D19: x | I19: 17
C20: 07 с нарушениями опорно-двигательного аппарата | D20: 10 | I20: 10
C21: 08 с задержкой психического развития | D21: 10 | I21: 17
C22: 09 с расстройствами аутического спектора (аутизм) | D22: 10 | I22: 10
C23: 10 с умственной отсталостью (легкая степень) | D23: 10 | I23: 15
C24: 11 с умственной отсталостью (умеренная, тяжелая степень) | D24: x | I24: 10
C25: 12 со сложным дефектом (несколько недостатков в развитии) | D25: 10 | I25: 10
C26: 13 с иными ОВЗ | D26: 10 | I26: x
B27: 3. Группы компенсирующей направленности | C27: 01 глухие | D27: 6 | I27: 6
C28: 02 слабослышащие (познооглохшие) | D28: 6 | I28: 8
C29: 03 слепые | D29: 6 | I29: 6
C30: 04 слабовидящие, с амблиопией, косоглазием | D30: 6 | I30: 10
C31: 05 с тяжелыми нарушениями речи | D31: 6 | I31: 10
C32: 06 с фонетико-фонематическими нарушениями речи | D32: x | I32: 12
C33: 07 с нарушениями опорно-двигательного аппарата | D33: 6 | I33: 8
C34: 08 с задержкой психического развития | D34: 6 | I34: 10
C35: 09 с расстройствами аутического спектора (аутизм) | D35: 5 | I35: 5
C36: 10 с умственной отсталостью (легкая степень) | D36: 6 | I36: 10
C37: 11 с умственной отсталостью (умеренная, тяжелая степень) | D37: x | I37: 8
C38: 12 со сложным дефектом (несколько недостатков в развитии) | D38: 5 | I38: 5
C39: 13 с иными ОВЗ | D39: 10 | I39: 15
B40: m' - предельное число воспитанников с ОВЗ в группе комбинированной направленности, воспитанников с ОВЗ в 1 группе
B41: 2. Группы комбинированной направленности | C41: 01 глухие | D41: 3 | I41: 3
C42: 02 слабослышащие (познооглохшие) | D42: 3 | I42: 4
C43: 03 слепые | D43: 3 | I43: 3
C44: 04 слабовидящие, с амблиопией, косоглазием | D44: 3 | I44: 4
C45: 05 с тяжелыми нарушениями речи | D45: 3 | I45: 4
C46: 06 с фонетико-фонематическими нарушениями речи | D46: x | I46: 5
C47: 07 с нарушениями опорно-двигательного аппарата | D47: 3 | I47: 3
C48: 08 с задержкой психического развития | D48: 3 | I48: 5
C49: 09 с расстройствами аутического спектора (аутизм) | D49: 3 | I49: 3
C50: 10 с умственной отсталостью (легкая степень) | D50: 3 | I50: 4
C51: 11 с умственной отсталостью (умеренная, тяжелая степень) | D51: x | I51: 3
C52: 12 со сложным дефектом (несколько недостатков в развитии) | D52: 3 | I52: 3
C53: 13 с иными ОВЗ | D53: 3 | I53: x
B54: nв - норма рабочего времени воспитателя на 1 ставку, часов в неделю
B55: 1. Общеразвивающие группы | D55: 36 | I55: 36
B56: 2. Группы комбинированной направленности | D56: 36 | I56: 36
B57: 3. Группы компенсирующей направленности | D57: 25 | I57: 25
B58: N'в - удельная натуральная норма затрат труда воспитателей, ставок на 1 воспитанника | M58: =SUMPRODUCT('Нормативы ДО'!D59:M89,'Нормативы ДО'!$D$637:$M$667) -> 1.9213744e+08
B59: 1. Общеразвивающие группы | C59: в городских организациях или в организациях более 100 восп., расположенных на селе или в ПГТ | D59: =(D$6*D$7)/($D9*$D$55) -> 0.036549708 | E59: =(E$6*E$7)/($D9*$D$55) -> 0.073099415 | F59: =(F$6*F$7)/($D9*$D$55) -> 0.087719298 | G59: =(G$6*G$7)/($D9*$D$55) -> 0.10233918 | H59: =(H$6*H$7)/($D9*$D$55) -> 0.10233918 | I59: =(I$6*I$7)/($I9*$I$55) -> 0.030193237 | J59: =(J$6*J$7)/($I9*$I$55) -> 0.060386473 | K59: =(K$6*K$7)/($I9*$I$55) -> 0.072463768 | L59: =(L$6*L$7)/($I9*$I$55) -> 0.084541063 | M59: =(M$6*M$7)/($I9*$I$55) -> 0.084541063
C60: в организациях на 51-100 восп., расположенных на селе или в ПГТ | D60: =(D$6*D$7)/($D10*$D$55) -> 0.046296296 | E60: =(E$6*E$7)/($D10*$D$55) -> 0.092592593 | F60: =(F$6*F$7)/($D10*$D$55) -> 0.11111111 | G60: =(G$6*G$7)/($D10*$D$55) -> 0.12962963 | H60: =(H$6*H$7)/($D10*$D$55) -> 0.12962963 | I60: =(I$6*I$7)/($I10*$I$55) -> 0.034722222 | J60: =(J$6*J$7)/($I10*$I$55) -> 0.069444444 | K60: =(K$6*K$7)/($I10*$I$55) -> 0.083333333 | L60: =(L$6*L$7)/($I10*$I$55) -> 0.097222222 | M60: =(M$6*M$7)/($I10*$I$55) -> 0.097222222
C61: в организациях на 26-50 восп., расположеных на селе, или в организациях менее 51 восп., расположенных в ПГТ | D61: =(D$6*D$7)/($D11*$D$55) -> 0.069444444 | E61: =(E$6*E$7)/($D11*$D$55) -> 0.13888889 | F61: =(F$6*F$7)/($D11*$D$55) -> 0.16666667 | G61: =(G$6*G$7)/($D11*$D$55) -> 0.19444444 | H61: =(H$6*H$7)/($D11*$D$55) -> 0.19444444 | I61: =(I$6*I$7)/($I11*$I$55) -> 0.046296296 | J61: =(J$6*J$7)/($I11*$I$55) -> 0.092592593 | K61: =(K$6*K$7)/($I11*$I$55) -> 0.11111111 | L61: =(L$6*L$7)/($I11*$I$55) -> 0.12962963 | M61: =(M$6*M$7)/($I11*$I$55) -> 0.12962963
C62: в организациях на 11-25 восп., расположеных на селе | D62: =(D$6*D$7)/($D12*$D$55) -> 0.069444444 | E62: =(E$6*E$7)/($D12*$D$55) -> 0.13888889 | F62: =(F$6*F$7)/($D12*$D$55) -> 0.16666667 | G62: =(G$6*G$7)/($D12*$D$55) -> 0.19444444 | H62: =(H$6*H$7)/($D12*$D$55) -> 0.19444444 | I62: =(I$6*I$7)/($I12*$I$55) -> 0.069444444 | J62: =(J$6*J$7)/($I12*$I$55) -> 0.13888889 | K62: =(K$6*K$7)/($I12*$I$55) -> 0.16666667 | L62: =(L$6*L$7)/($I12*$I$55) -> 0.19444444 | M62: =(M$6*M$7)/($I12*$I$55) -> 0.19444444
C63: в организациях на 10 восп., расположеных на селе | D63: =(D$6*D$7)/($D13*$D$55) -> 0.13888889 | E63: =(E$6*E$7)/($D13*$D$55) -> 0.27777778 | F63: =(F$6*F$7)/($D13*$D$55) -> 0.33333333 | G63: =(G$6*G$7)/($D13*$D$55) -> 0.38888889 | H63: =(H$6*H$7)/($D13*$D$55) -> 0.38888889 | I63: =(I$6*I$7)/($I13*$I$55) -> 0.13888889 | J63: =(J$6*J$7)/($I13*$I$55) -> 0.27777778 | K63: =(K$6*K$7)/($I13*$I$55) -> 0.33333333 | L63: =(L$6*L$7)/($I13*$I$55) -> 0.38888889 | M63: =(M$6*M$7)/($I13*$I$55) -> 0.38888889
B64: 2. Группы комбинированной направленности | C64: 01 глухие | D64: =(D$6*D$7)/($D14*$D$56) -> 0.069444444 | E64: =(E$6*E$7)/($D14*$D$56) -> 0.13888889 | F64: =(F$6*F$7)/($D14*$D$56) -> 0.16666667 | G64: =(G$6*G$7)/($D14*$D$56) -> 0.19444444 | H64: =(H$6*H$7)/($D14*$D$56) -> 0.19444444 | I64: =(I$6*I$7)/($I14*$I$56) -> 0.069444444 | J64: =(J$6*J$7)/($I14*$I$56) -> 0.13888889 | K64: =(K$6*K$7)/($I14*$I$56) -> 0.16666667 | L64: =(L$6*L$7)/($I14*$I$56) -> 0.19444444 | M64: =(M$6*M$7)/($I14*$I$56) -> 0.19444444
C65: 02 слабослышащие (познооглохшие) | D65: =(D$6*D$7)/($D15*$D$56) -> 0.069444444 | E65: =(E$6*E$7)/($D15*$D$56) -> 0.13888889 | F65: =(F$6*F$7)/($D15*$D$56) -> 0.16666667 | G65: =(G$6*G$7)/($D15*$D$56) -> 0.19444444 | H65: =(H$6*H$7)/($D15*$D$56) -> 0.19444444 | I65: =(I$6*I$7)/($I15*$I$56) -> 0.046296296 | J65: =(J$6*J$7)/($I15*$I$56) -> 0.092592593 | K65: =(K$6*K$7)/($I15*$I$56) -> 0.11111111 | L65: =(L$6*L$7)/($I15*$I$56) -> 0.12962963 | M65: =(M$6*M$7)/($I15*$I$56) -> 0.12962963
C66: 03 слепые | D66: =(D$6*D$7)/($D16*$D$56) -> 0.069444444 | E66: =(E$6*E$7)/($D16*$D$56) -> 0.13888889 | F66: =(F$6*F$7)/($D16*$D$56) -> 0.16666667 | G66: =(G$6*G$7)/($D16*$D$56) -> 0.19444444 | H66: =(H$6*H$7)/($D16*$D$56) -> 0.19444444 | I66: =(I$6*I$7)/($I16*$I$56) -> 0.069444444 | J66: =(J$6*J$7)/($I16*$I$56) -> 0.13888889 | K66: =(K$6*K$7)/($I16*$I$56) -> 0.16666667 | L66: =(L$6*L$7)/($I16*$I$56) -> 0.19444444 | M66: =(M$6*M$7)/($I16*$I$56) -> 0.19444444
C67: 04 слабовидящие, с амблиопией, косоглазием | D67: =(D$6*D$7)/($D17*$D$56) -> 0.069444444 | E67: =(E$6*E$7)/($D17*$D$56) -> 0.13888889 | F67: =(F$6*F$7)/($D17*$D$56) -> 0.16666667 | G67: =(G$6*G$7)/($D17*$D$56) -> 0.19444444 | H67: =(H$6*H$7)/($D17*$D$56) -> 0.19444444 | I67: =(I$6*I$7)/($I17*$I$56) -> 0.046296296 | J67: =(J$6*J$7)/($I17*$I$56) -> 0.092592593 | K67: =(K$6*K$7)/($I17*$I$56) -> 0.11111111 | L67: =(L$6*L$7)/($I17*$I$56) -> 0.12962963 | M67: =(M$6*M$7)/($I17*$I$56) -> 0.12962963
C68: 05 с тяжелыми нарушениями речи | D68: =(D$6*D$7)/($D18*$D$56) -> 0.069444444 | E68: =(E$6*E$7)/($D18*$D$56) -> 0.13888889 | F68: =(F$6*F$7)/($D18*$D$56) -> 0.16666667 | G68: =(G$6*G$7)/($D18*$D$56) -> 0.19444444 | H68: =(H$6*H$7)/($D18*$D$56) -> 0.19444444 | I68: =(I$6*I$7)/($I18*$I$56) -> 0.046296296 | J68: =(J$6*J$7)/($I18*$I$56) -> 0.092592593 | K68: =(K$6*K$7)/($I18*$I$56) -> 0.11111111 | L68: =(L$6*L$7)/($I18*$I$56) -> 0.12962963 | M68: =(M$6*M$7)/($I18*$I$56) -> 0.12962963
C69: 06 с фонетико-фонематическими нарушениями речи | D69: x | E69: x | F69: x | G69: x | H69: x | I69: =(I$6*I$7)/($I19*$I$56) -> 0.040849673 | J69: =(J$6*J$7)/($I19*$I$56) -> 0.081699346 | K69: =(K$6*K$7)/($I19*$I$56) -> 0.098039216 | L69: =(L$6*L$7)/($I19*$I$56) -> 0.11437908 | M69: =(M$6*M$7)/($I19*$I$56) -> 0.11437908
C70: 07 с нарушениями опорно-двигательного аппарата | D70: =(D$6*D$7)/($D20*$D$56) -> 0.069444444 | E70: =(E$6*E$7)/($D20*$D$56) -> 0.13888889 | F70: =(F$6*F$7)/($D20*$D$56) -> 0.16666667 | G70: =(G$6*G$7)/($D20*$D$56) -> 0.19444444 | H70: =(H$6*H$7)/($D20*$D$56) -> 0.19444444 | I70: =(I$6*I$7)/($I20*$I$56) -> 0.069444444 | J70: =(J$6*J$7)/($I20*$I$56) -> 0.13888889 | K70: =(K$6*K$7)/($I20*$I$56) -> 0.16666667 | L70: =(L$6*L$7)/($I20*$I$56) -> 0.19444444 | M70: =(M$6*M$7)/($I20*$I$56) -> 0.19444444
C71: 08 с задержкой психического развития | D71: =(D$6*D$7)/($D21*$D$56) -> 0.069444444 | E71: =(E$6*E$7)/($D21*$D$56) -> 0.13888889 | F71: =(F$6*F$7)/($D21*$D$56) -> 0.16666667 | G71: =(G$6*G$7)/($D21*$D$56) -> 0.19444444 | H71: =(H$6*H$7)/($D21*$D$56) -> 0.19444444 | I71: =(I$6*I$7)/($I21*$I$56) -> 0.040849673 | J71: =(J$6*J$7)/($I21*$I$56) -> 0.081699346 | K71: =(K$6*K$7)/($I21*$I$56) -> 0.098039216 | L71: =(L$6*L$7)/($I21*$I$56) -> 0.11437908 | M71: =(M$6*M$7)/($I21*$I$56) -> 0.11437908
C72: 09 с расстройствами аутического спектора (аутизм) | D72: =(D$6*D$7)/($D22*$D$56) -> 0.069444444 | E72: =(E$6*E$7)/($D22*$D$56) -> 0.13888889 | F72: =(F$6*F$7)/($D22*$D$56) -> 0.16666667 | G72: =(G$6*G$7)/($D22*$D$56) -> 0.19444444 | H72: =(H$6*H$7)/($D22*$D$56) -> 0.19444444 | I72: =(I$6*I$7)/($I22*$I$56) -> 0.069444444 | J72: =(J$6*J$7)/($I22*$I$56) -> 0.13888889 | K72: =(K$6*K$7)/($I22*$I$56) -> 0.16666667 | L72: =(L$6*L$7)/($I22*$I$56) -> 0.19444444 | M72: =(M$6*M$7)/($I22*$I$56) -> 0.19444444
C73: 10 с умственной отсталостью (легкая степень) | D73: =(D$6*D$7)/($D23*$D$56) -> 0.069444444 | E73: =(E$6*E$7)/($D23*$D$56) -> 0.13888889 | F73: =(F$6*F$7)/($D23*$D$56) -> 0.16666667 | G73: =(G$6*G$7)/($D23*$D$56) -> 0.19444444 | H73: =(H$6*H$7)/($D23*$D$56) -> 0.19444444 | I73: =(I$6*I$7)/($I23*$I$56) -> 0.046296296 | J73: =(J$6*J$7)/($I23*$I$56) -> 0.092592593 | K73: =(K$6*K$7)/($I23*$I$56) -> 0.11111111 | L73: =(L$6*L$7)/($I23*$I$56) -> 0.12962963 | M73: =(M$6*M$7)/($I23*$I$56) -> 0.12962963
C74: 11 с умственной отсталостью (умеренная, тяжелая степень) | D74: x | E74: x | F74: x | G74: x | H74: x | I74: =(I$6*I$7)/($I24*$I$56) -> 0.069444444 | J74: =(J$6*J$7)/($I24*$I$56) -> 0.13888889 | K74: =(K$6*K$7)/($I24*$I$56) -> 0.16666667 | L74: =(L$6*L$7)/($I24*$I$56) -> 0.19444444 | M74: =(M$6*M$7)/($I24*$I$56) -> 0.19444444
C75: 12 со сложным дефектом (несколько недостатков в развитии) | D75: =(D$6*D$7)/($D25*$D$56) -> 0.069444444 | E75: =(E$6*E$7)/($D25*$D$56) -> 0.13888889 | F75: =(F$6*F$7)/($D25*$D$56) -> 0.16666667 | G75: =(G$6*G$7)/($D25*$D$56) -> 0.19444444 | H75: =(H$6*H$7)/($D25*$D$56) -> 0.19444444 | I75: =(I$6*I$7)/($I25*$I$56) -> 0.069444444 | J75: =(J$6*J$7)/($I25*$I$56) -> 0.13888889 | K75: =(K$6*K$7)/($I25*$I$56) -> 0.16666667 | L75: =(L$6*L$7)/($I25*$I$56) -> 0.19444444 | M75: =(M$6*M$7)/($I25*$I$56) -> 0.19444444
C76: 13 с иными ОВЗ | D76: =(D$6*D$7)/($D26*$D$56) -> 0.069444444 | E76: =(E$6*E$7)/($D26*$D$56) -> 0.13888889 | F76: =(F$6*F$7)/($D26*$D$56) -> 0.16666667 | G76: =(G$6*G$7)/($D26*$D$56) -> 0.19444444 | H76: =(H$6*H$7)/($D26*$D$56) -> 0.19444444 | I76: x | J76: x | K76: x | L76: x | M76: x
B77: 3. Группы компенсирующей направленности | C77: 01 глухие | D77: =(D$6*D$7)/($D27*$D$57) -> 0.16666667 | E77: =(E$6*E$7)/($D27*$D$57) -> 0.33333333 | F77: =(F$6*F$7)/($D27*$D$57) -> 0.4 | G77: =(G$6*G$7)/($D27*$D$57) -> 0.46666667 | H77: =(H$6*H$7)/($D27*$D$57) -> 0.46666667 | I77: =(I$6*I$7)/($I27*$I$57) -> 0.16666667 | J77: =(J$6*J$7)/($I27*$I$57) -> 0.33333333 | K77: =(K$6*K$7)/($I27*$I$57) -> 0.4 | L77: =(L$6*L$7)/($I27*$I$57) -> 0.46666667 | M77: =(M$6*M$7)/($I27*$I$57) -> 0.46666667
C78: 02 слабослышащие (познооглохшие) | D78: =(D$6*D$7)/($D28*$D$57) -> 0.16666667 | E78: =(E$6*E$7)/($D28*$D$57) -> 0.33333333 | F78: =(F$6*F$7)/($D28*$D$57) -> 0.4 | G78: =(G$6*G$7)/($D28*$D$57) -> 0.46666667 | H78: =(H$6*H$7)/($D28*$D$57) -> 0.46666667 | I78: =(I$6*I$7)/($I28*$I$57) -> 0.125 | J78: =(J$6*J$7)/($I28*$I$57) -> 0.25 | K78: =(K$6*K$7)/($I28*$I$57) -> 0.3 | L78: =(L$6*L$7)/($I28*$I$57) -> 0.35 | M78: =(M$6*M$7)/($I28*$I$57) -> 0.35
C79: 03 слепые | D79: =(D$6*D$7)/($D29*$D$57) -> 0.16666667 | E79: =(E$6*E$7)/($D29*$D$57) -> 0.33333333 | F79: =(F$6*F$7)/($D29*$D$57) -> 0.4 | G79: =(G$6*G$7)/($D29*$D$57) -> 0.46666667 | H79: =(H$6*H$7)/($D29*$D$57) -> 0.46666667 | I79: =(I$6*I$7)/($I29*$I$57) -> 0.16666667 | J79: =(J$6*J$7)/($I29*$I$57) -> 0.33333333 | K79: =(K$6*K$7)/($I29*$I$57) -> 0.4 | L79: =(L$6*L$7)/($I29*$I$57) -> 0.46666667 | M79: =(M$6*M$7)/($I29*$I$57) -> 0.46666667
C80: 04 слабовидящие, с амблиопией, косоглазием | D80: =(D$6*D$7)/($D30*$D$57) -> 0.16666667 | E80: =(E$6*E$7)/($D30*$D$57) -> 0.33333333 | F80: =(F$6*F$7)/($D30*$D$57) -> 0.4 | G80: =(G$6*G$7)/($D30*$D$57) -> 0.46666667 | H80: =(H$6*H$7)/($D30*$D$57) -> 0.46666667 | I80: =(I$6*I$7)/($I30*$I$57) -> 0.1 | J80: =(J$6*J$7)/($I30*$I$57) -> 0.2 | K80: =(K$6*K$7)/($I30*$I$57) -> 0.24 | L80: =(L$6*L$7)/($I30*$I$57) -> 0.28 | M80: =(M$6*M$7)/($I30*$I$57) -> 0.28
C81: 05 с тяжелыми нарушениями речи | D81: =(D$6*D$7)/($D31*$D$57) -> 0.16666667 | E81: =(E$6*E$7)/($D31*$D$57) -> 0.33333333 | F81: =(F$6*F$7)/($D31*$D$57) -> 0.4 | G81: =(G$6*G$7)/($D31*$D$57) -> 0.46666667 | H81: =(H$6*H$7)/($D31*$D$57) -> 0.46666667 | I81: =(I$6*I$7)/($I31*$I$57) -> 0.1 | J81: =(J$6*J$7)/($I31*$I$57) -> 0.2 | K81: =(K$6*K$7)/($I31*$I$57) -> 0.24 | L81: =(L$6*L$7)/($I31*$I$57) -> 0.28 | M81: =(M$6*M$7)/($I31*$I$57) -> 0.28
C82: 06 с фонетико-фонематическими нарушениями речи | D82: x | E82: x | F82: x | G82: x | H82: x | I82: =(I$6*I$7)/($I32*$I$57) -> 0.083333333 | J82: =(J$6*J$7)/($I32*$I$57) -> 0.16666667 | K82: =(K$6*K$7)/($I32*$I$57) -> 0.2 | L82: =(L$6*L$7)/($I32*$I$57) -> 0.23333333 | M82: =(M$6*M$7)/($I32*$I$57) -> 0.23333333
C83: 07 с нарушениями опорно-двигательного аппарата | D83: =(D$6*D$7)/($D33*$D$57) -> 0.16666667 | E83: =(E$6*E$7)/($D33*$D$57) -> 0.33333333 | F83: =(F$6*F$7)/($D33*$D$57) -> 0.4 | G83: =(G$6*G$7)/($D33*$D$57) -> 0.46666667 | H83: =(H$6*H$7)/($D33*$D$57) -> 0.46666667 | I83: =(I$6*I$7)/($I33*$I$57) -> 0.125 | J83: =(J$6*J$7)/($I33*$I$57) -> 0.25 | K83: =(K$6*K$7)/($I33*$I$57) -> 0.3 | L83: =(L$6*L$7)/($I33*$I$57) -> 0.35 | M83: =(M$6*M$7)/($I33*$I$57) -> 0.35
C84: 08 с задержкой психического развития | D84: =(D$6*D$7)/($D34*$D$57) -> 0.16666667 | E84: =(E$6*E$7)/($D34*$D$57) -> 0.33333333 | F84: =(F$6*F$7)/($D34*$D$57) -> 0.4 | G84: =(G$6*G$7)/($D34*$D$57) -> 0.46666667 | H84: =(H$6*H$7)/($D34*$D$57) -> 0.46666667 | I84: =(I$6*I$7)/($I34*$I$57) -> 0.1 | J84: =(J$6*J$7)/($I34*$I$57) -> 0.2 | K84: =(K$6*K$7)/($I34*$I$57) -> 0.24 | L84: =(L$6*L$7)/($I34*$I$57) -> 0.28 | M84: =(M$6*M$7)/($I34*$I$57) -> 0.28
C85: 09 с расстройствами аутического спектора (аутизм) | D85: =(D$6*D$7)/($D35*$D$57) -> 0.2 | E85: =(E$6*E$7)/($D35*$D$57) -> 0.4 | F85: =(F$6*F$7)/($D35*$D$57) -> 0.48 | G85: =(G$6*G$7)/($D35*$D$57) -> 0.56 | H85: =(H$6*H$7)/($D35*$D$57) -> 0.56 | I85: =(I$6*I$7)/($I35*$I$57) -> 0.2 | J85: =(J$6*J$7)/($I35*$I$57) -> 0.4 | K85: =(K$6*K$7)/($I35*$I$57) -> 0.48 | L85: =(L$6*L$7)/($I35*$I$57) -> 0.56 | M85: =(M$6*M$7)/($I35*$I$57) -> 0.56
C86: 10 с умственной отсталостью (легкая степень) | D86: =(D$6*D$7)/($D36*$D$57) -> 0.16666667 | E86: =(E$6*E$7)/($D36*$D$57) -> 0.33333333 | F86: =(F$6*F$7)/($D36*$D$57) -> 0.4 | G86: =(G$6*G$7)/($D36*$D$57) -> 0.46666667 | H86: =(H$6*H$7)/($D36*$D$57) -> 0.46666667 | I86: =(I$6*I$7)/($I36*$I$57) -> 0.1 | J86: =(J$6*J$7)/($I36*$I$57) -> 0.2 | K86: =(K$6*K$7)/($I36*$I$57) -> 0.24 | L86: =(L$6*L$7)/($I36*$I$57) -> 0.28 | M86: =(M$6*M$7)/($I36*$I$57) -> 0.28
C87: 11 с умственной отсталостью (умеренная, тяжелая степень) | D87: x | E87: x | F87: x | G87: x | H87: x | I87: =(I$6*I$7)/($I37*$I$57) -> 0.125 | J87: =(J$6*J$7)/($I37*$I$57) -> 0.25 | K87: =(K$6*K$7)/($I37*$I$57) -> 0.3 | L87: =(L$6*L$7)/($I37*$I$57) -> 0.35 | M87: =(M$6*M$7)/($I37*$I$57) -> 0.35
C88: 12 со сложным дефектом (несколько недостатков в развитии) | D88: =(D$6*D$7)/($D38*$D$57) -> 0.2 | E88: =(E$6*E$7)/($D38*$D$57) -> 0.4 | F88: =(F$6*F$7)/($D38*$D$57) -> 0.48 | G88: =(G$6*G$7)/($D38*$D$57) -> 0.56 | H88: =(H$6*H$7)/($D38*$D$57) -> 0.56 | I88: =(I$6*I$7)/($I38*$I$57) -> 0.2 | J88: =(J$6*J$7)/($I38*$I$57) -> 0.4 | K88: =(K$6*K$7)/($I38*$I$57) -> 0.48 | L88: =(L$6*L$7)/($I38*$I$57) -> 0.56 | M88: =(M$6*M$7)/($I38*$I$57) -> 0.56
C89: 13 с иными ОВЗ | D89: =(D$6*D$7)/($D39*$D$57) -> 0.1 | E89: =(E$6*E$7)/($D39*$D$57) -> 0.2 | F89: =(F$6*F$7)/($D39*$D$57) -> 0.24 | G89: =(G$6*G$7)/($D39*$D$57) -> 0.28 | H89: =(H$6*H$7)/($D39*$D$57) -> 0.28 | I89: =(I$6*I$7)/($I39*$I$57) -> 0.066666667 | J89: =(J$6*J$7)/($I39*$I$57) -> 0.13333333 | K89: =(K$6*K$7)/($I39*$I$57) -> 0.16 | L89: =(L$6*L$7)/($I39*$I$57) -> 0.18666667 | M89: =(M$6*M$7)/($I39*$I$57) -> 0.18666667
B90: nмв - норма рабочего времени младшего воспитателя (помощника воспитателя) на 1 ставку, часов в неделю
B91: 1. Общеразвивающие группы | D91: 40 | I91: 40
B92: 2. Группы комбинированной направленности | D92: 40 | I92: 40
B93: 3. Группы компенсирующей направленности | D93: 40 | I93: 40
B94: N'мв - удельная натуральная норма затрат труда младших воспитателей (помощников воспитателя), ставок на 1 воспитанника | M94: =SUMPRODUCT('Нормативы ДО'!D95:M125,'Нормативы ДО'!$D$637:$M$667) -> 2.9569984e+08
B95: 1. Общеразвивающие группы | C95: в городских организациях или в организациях более 100 восп., расположенных на селе или в ПГТ | D95: =(D$6*D$7)/($D9*$D$91) -> 0.032894737 | E95: =(E$6*E$7)/($D9*$D$91) -> 0.065789474 | F95: =(F$6*F$7)/($D9*$D$91) -> 0.078947368 | G95: =(G$6*G$7)/($D9*$D$91) -> 0.092105263 | H95: =(H$6*24)/($D9*$D$91) -> 0.15789474 | I95: =(I$6*I$7)/($I9*$I$91) -> 0.027173913 | J95: =(J$6*J$7)/($I9*$I$91) -> 0.054347826 | K95: =(K$6*K$7)/($I9*$I$91) -> 0.065217391 | L95: =(L$6*L$7)/($I9*$I$91) -> 0.076086957 | M95: =(M$6*24)/($I9*$I$91) -> 0.13043478
C96: в организациях на 51-100 восп., расположенных на селе или в ПГТ | D96: =(D$6*D$7)/($D10*$D$91) -> 0.041666667 | E96: =(E$6*E$7)/($D10*$D$91) -> 0.083333333 | F96: =(F$6*F$7)/($D10*$D$91) -> 0.1 | G96: =(G$6*G$7)/($D10*$D$91) -> 0.11666667 | H96: =(H$6*24)/($D10*$D$91) -> 0.2 | I96: =(I$6*I$7)/($I10*$I$91) -> 0.03125 | J96: =(J$6*J$7)/($I10*$I$91) -> 0.0625 | K96: =(K$6*K$7)/($I10*$I$91) -> 0.075 | L96: =(L$6*L$7)/($I10*$I$91) -> 0.0875 | M96: =(M$6*24)/($I10*$I$91) -> 0.15
C97: в организациях на 26-50 восп., расположеных на селе, или в организациях менее 51 восп., расположенных в ПГТ | D97: =(D$6*D$7)/($D11*$D$91) -> 0.0625 | E97: =(E$6*E$7)/($D11*$D$91) -> 0.125 | F97: =(F$6*F$7)/($D11*$D$91) -> 0.15 | G97: =(G$6*G$7)/($D11*$D$91) -> 0.175 | H97: =(H$6*24)/($D11*$D$91) -> 0.3 | I97: =(I$6*I$7)/($I11*$I$91) -> 0.041666667 | J97: =(J$6*J$7)/($I11*$I$91) -> 0.083333333 | K97: =(K$6*K$7)/($I11*$I$91) -> 0.1 | L97: =(L$6*L$7)/($I11*$I$91) -> 0.11666667 | M97: =(M$6*24)/($I11*$I$91) -> 0.2
C98: в организациях на 11-25 восп., расположеных на селе | D98: =(D$6*D$7)/($D12*$D$91) -> 0.0625 | E98: =(E$6*E$7)/($D12*$D$91) -> 0.125 | F98: =(F$6*F$7)/($D12*$D$91) -> 0.15 | G98: =(G$6*G$7)/($D12*$D$91) -> 0.175 | H98: =(H$6*24)/($D12*$D$91) -> 0.3 | I98: =(I$6*I$7)/($I12*$I$91) -> 0.0625 | J98: =(J$6*J$7)/($I12*$I$91) -> 0.125 | K98: =(K$6*K$7)/($I12*$I$91) -> 0.15 | L98: =(L$6*L$7)/($I12*$I$91) -> 0.175 | M98: =(M$6*24)/($I12*$I$91) -> 0.3
C99: в организациях на 10 восп., расположеных на селе | D99: =(D$6*D$7)/($D13*$D$91) -> 0.125 | E99: =(E$6*E$7)/($D13*$D$91) -> 0.25 | F99: =(F$6*F$7)/($D13*$D$91) -> 0.3 | G99: =(G$6*G$7)/($D13*$D$91) -> 0.35 | H99: =(H$6*24)/($D13*$D$91) -> 0.6 | I99: =(I$6*I$7)/($I13*$I$91) -> 0.125 | J99: =(J$6*J$7)/($I13*$I$91) -> 0.25 | K99: =(K$6*K$7)/($I13*$I$91) -> 0.3 | L99: =(L$6*L$7)/($I13*$I$91) -> 0.35 | M99: =(M$6*24)/($I13*$I$91) -> 0.6
B100: 2. Группы комбинированной направленности | C100: 01 глухие | D100: =(D$6*D$7)/($D14*$D$92) -> 0.0625 | E100: =(E$6*E$7)/($D14*$D$92) -> 0.125 | F100: =(F$6*F$7)/($D14*$D$92) -> 0.15 | G100: =(G$6*G$7)/($D14*$D$92) -> 0.175 | H100: =(H$6*24)/($D14*$D$91) -> 0.3 | I100: =(I$6*I$7)/($I14*$I$92) -> 0.0625 | J100: =(J$6*J$7)/($I14*$I$92) -> 0.125 | K100: =(K$6*K$7)/($I14*$I$92) -> 0.15 | L100: =(L$6*L$7)/($I14*$I$92) -> 0.175 | M100: =(M$6*24)/($I14*$I$91) -> 0.3
C101: 02 слабослышащие (познооглохшие) | D101: =(D$6*D$7)/($D15*$D$92) -> 0.0625 | E101: =(E$6*E$7)/($D15*$D$92) -> 0.125 | F101: =(F$6*F$7)/($D15*$D$92) -> 0.15 | G101: =(G$6*G$7)/($D15*$D$92) -> 0.175 | H101: =(H$6*24)/($D15*$D$91) -> 0.3 | I101: =(I$6*I$7)/($I15*$I$92) -> 0.041666667 | J101: =(J$6*J$7)/($I15*$I$92) -> 0.083333333 | K101: =(K$6*K$7)/($I15*$I$92) -> 0.1 | L101: =(L$6*L$7)/($I15*$I$92) -> 0.11666667 | M101: =(M$6*24)/($I15*$I$91) -> 0.2
...

Sheet Нормативы ОО
B2: Нормативы: Общее образование
D3: начальное образование 1-4 классы | G3: основное образование 5-9 классы | J3: среднее образование 10-11 классы | M3: среднее (профиль.) 10-11 классы
B4: Раздел 1. Удельные затраты на оплату труда основного (педагогического) персонала, включая начисления на выплаты по оплате труда | O4: =SUMPRODUCT('Нормативы ОО'!D268:O305,'Нормативы ОО'!$D$499:$O$536) -> 9.7871589e+09
B5: БПН - продолжительность учебных занятий в неделю, часов в неделю
B6: 1. Учащиеся общеобразовательных классов (вкл. с углубленным изучением, с инклюзивным обучением учащихся с ОВЗ 1 варианта) | D6: 24.6 | G6: 35 | J6: 37 | M6: 37
B7: 2. Учащиеся с ОВЗ, обучаемые в коррекционных классах (ОВЗ 2-4 вариант) | D7: 22.5 | G7: 31.4 | J7: 34 | M7: x
B8: 3. Учащиеся очно-заочной формы обучения (вечернее обучение) | D8: 25 | G8: 26 | J8: 26 | M8: x
B9: 4. Учащиеся, получающие образование на дому (обучение на дому) | D9: 8 | G9: 10 | J9: 11 | M9: x
B10: 5. Учащиеся в форме семейного обучения (семейное обучение) | D10: 0.225 | G10: 0.425 | J10: 0.475 | M10: x
B11: kДЕЛ - коэффициент, учитывающий деление класса на группы при проведении учебных занятий по отдельным предметам общеобразовательных программ
B12: при расчетной наполняемости не менее 20 учащихся на класс | D12: 1.0636 | G12: 1.1512 | J12: 1.2095 | M12: 1.2095
B13: при расчетной наполняемости менее 20 учащихся на класс | D13: 1 | G13: 1 | J13: 1 | M13: 1
B14: ВДН - предельная продолжительность внеурочной деятельности, часов в неделю | D14: 10 | G14: 10 | J14: 10 | M14: 10
B15: КРН - продолжительность коррекционно-развивающих занятий для учащихся по адаптированным программам, включаемых во внеурочную деятельность, часов в неделю | D15: 5 | G15: 5 | J15: 5 | M15: 5
B16: kВД - коэффициент посещаемости занятий внеурочной деятельности
B17: 1. Учащиеся общеобразовательных классов (вкл. с углубленным изучением, с инклюзивным обучением учащихся с ОВЗ 1 варианта) | D17: 1 | G17: 0.8 | J17: 0.5 | M17: 0.5
B18: 2. Учащиеся с ОВЗ 2-4 вариантов (коррекционные классы) | D18: 1 | G18: 0.8 | J18: 0.5 | M18: x
B19: 3. Учащиеся очно-заочной формы обучения (вечернее обучение) | D19: 0 | G19: 0 | J19: 0 | M19: x
B20: 4. Учащиеся, получающие образование на дому (обучение на дому) | D20: 0 | G20: 0 | J20: 0 | M20: x
B21: 5. Учащиеся в форме семейного обучения (семейное обучение) | D21: 0 | G21: 0 | J21: 0 | M21: x
B22: m - расчетная наполняемость классов, учащихся в 1 классе
B23: Определение групп расчетной наполняемости общеобразовательных классов, исходя из контингента соответствующей ступени образования В расчет принимается численность всех общеобразовательных классов организации, включая классы с углубленным изучением отдельных предметов, классы с инклюзивным обучением учащихся с ОВЗ (1 вар.), классы с профильным обучением. Расчетная наполняемость общеобразовательных классов городских организаций принимается равной 25 и не меняется в зависимости от контингента ступени образования или организации в целом | E23: более 250 учащ. | H23: более 300 учащ. | K23: более 100 учащ. | M23: 1. ≥ 25 учащ. | N23: Группы расчетн. наполн-ти: среднее число одновозрастных учащихся в организации (общий контингент ступени делится на подолжительность обучения на этой ступени образования)
E24: 80-250 учащ. | H24: 100-300 учащ. | K24: 40-100 учащ. | M24: 2. 20-25 учащ.
E25: 60-79 учащ. | H25: 75-99 учащ. | K25: 30-39 учащ. | M25: 3. 15-19 учащ.
E26: 40-59 учащ. | H26: 50-74 учащ. | K26: 20-29 учащ. | M26: 4. 10-14 учащ.
E27: 25-39 учащ. | H27: 30-49 учащ. | K27: 13-19 учащ. | M27: 5. 7-9 учащ.
E28: 13-24 учащ. | H28: 16-29 учащ. | K28: 7-12 учащ. | M28: 6. 4-6 учащ.
E29: менее 13 учащ. | H29: менее 16 учащ. | K29: менее 7 учащ. | M29: 7. ≤ 3 учащ.
B30: 1. Общеобразовательные классы (вкл. с углубленным изучением) | C30: 1. ≥ 25 учащ. | D30: 25 | E30: 25 | F30: 25 | G30: 25 | H30: 25 | I30: 25 | J30: 25 | K30: 25 | L30: 25 | M30: 25 | N30: 25 | O30: 25
C31: 2. 20-25 учащ. | D31: 25 | E31: 23 | F31: 21 | G31: 25 | H31: 23 | I31: 21 | J31: 25 | K31: 23 | L31: 21 | M31: 25 | N31: 23 | O31: 21
C32: 3. 15-19 учащ. | D32: 25 | E32: 17 | F32: 17 | G32: 25 | H32: 17 | I32: 17 | J32: 25 | K32: 17 | L32: 17 | M32: 25 | N32: 17 | O32: 17
C33: 4. 10-14 учащ. | D33: 25 | E33: 14 | F33: 14 | G33: 25 | H33: 14 | I33: 14 | J33: 25 | K33: 14 | L33: 14 | M33: 25 | N33: 14 | O33: 14
C34: 5. 7-9 учащ. | D34: 25 | E34: 9 | F34: 9 | G34: 25 | H34: 9 | I34: 9 | J34: 25 | K34: 9 | L34: 9 | M34: 25 | N34: 9 | O34: 9
C35: 6. 4-6 учащ. | D35: 25 | E35: 9 | F35: 8 | G35: 25 | H35: 9 | I35: 8 | J35: 25 | K35: 9 | L35: 8 | M35: 25 | N35: 9 | O35: 8
C36: 7. ≤ 3 учащ. | D36: 25 | E36: 9 | F36: 7 | G36: 25 | H36: 9 | I36: 7 | J36: 25 | K36: 9 | L36: 7 | M36: 25 | N36: 9 | O36: 7
B37: инклюзивное обучение (ОВЗ 1 вар.) | C37: 01 глухие | D37: 20 | G37: 20 | J37: 20 | M37: 20
C38: 02 слабослышащие (познооглохшие) | D38: 25 | G38: 25 | J38: 25 | M38: 25
C39: 03 слепые | D39: 20 | G39: 20 | J39: 20 | M39: 20
C40: 04 слабовидящие | D40: 25 | G40: 25 | J40: 25 | M40: 25
C41: 05 с тяжелыми нарушениями речи | D41: 25 | G41: 25 | J41: 25 | M41: 25
C42: 06 с нарушениями опорно-двигательного аппарата | D42: 20 | G42: 20 | J42: 20 | M42: 20
C43: 07 с задержкой психического развития | D43: 25 | G43: 25 | J43: 25 | M43: 25
C44: 08 с расстройствами аутического спектора (аутизм) | D44: 20 | G44: 20 | J44: 20 | M44: 20
B45: 2. Коррекционные классы (ОВЗ 2 вар.) | C45: 01 глухие | D45: 6 | G45: 6 | J45: 6 | M45: x
C46: 02 слабослышащие (познооглохшие) | D46: 7 | G46: 7 | J46: 7 | M46: x
C47: 03 слепые | D47: 9 | G47: 9 | J47: 9 | M47: x
C48: 04 слабовидящие | D48: 12 | G48: 12 | J48: 12 | M48: x
C49: 05 с тяжелыми нарушениями речи | D49: 12 | G49: 12 | J49: 12 | M49: x
C50: 06 с нарушениями опорно-двигательного аппарата | D50: 5 | G50: 5 | J50: 5 | M50: x
C51: 07 с задержкой психического развития | D51: 12 | G51: 12 | J51: 12 | M51: x
C52: 08 с расстройствами аутического спектора (аутизм) | D52: 12 | G52: 12 | J52: 12 | M52: x
B53: 2. Коррекционные классы (ОВЗ 3 вар.) | C53: 01 глухие | D53: 5 | G53: 5 | J53: 5 | M53: x
C54: 02 слабослышащие (познооглохшие) | D54: 5 | G54: 5 | J54: 5 | M54: x
C55: 03 слепые | D55: 7 | G55: 7 | J55: 7 | M55: x
C56: 04 слабовидящие | D56: 9 | G56: 9 | J56: 9 | M56: x
C57: 06 с нарушениями опорно-двигательного аппарата | D57: 5 | G57: 5 | J57: 5 | M57: x
C58: 08 с расстройствами аутического спектора (аутизм) | D58: 9 | G58: 9 | J58: 9 | M58: x
C59: 09 с умственной отсталостью (интеллектуальными нарушениями) | D59: 12 | G59: 12 | J59: 12 | M59: x
B60: 2. Коррекционные классы (ОВЗ 4 вар.) | C60: 01 глухие | D60: 5 | G60: 5 | J60: 5 | M60: x
C61: 03 слепые | D61: 5 | G61: 5 | J61: 5 | M61: x
C62: 06 с нарушениями опорно-двигательного аппарата | D62: 5 | G62: 5 | J62: 5 | M62: x
C63: 08 с расстройствами аутического спектора (аутизм) | D63: 5 | G63: 5 | J63: 5 | M63: x
C64: 09 с умственной отсталостью (интеллектуальными нарушениями) | D64: 5 | G64: 5 | J64: 5 | M64: x
B65: 3. Классы с очно-заочной формой обучения (вечернее обучение) | D65: 25 | G65: 25 | J65: 25 | M65: x
B66: 4. Учащиеся, получающие образование на дому (обучение на дому) | D66: 1 | G66: 1 | J66: 1 | M66: x
B67: 5. Учащиеся в форме семейного обучения (семейное обучение) | D67: 1 | G67: 1 | J67: 1 | M67: x
B68: nУ - норма рабочего времени учителя на 1 ставку, часов в неделю | D68: 18 | G68: 18 | J68: 18 | M68: 18
B69: NУ - удельная натуральная норма затрат труда учителей, ставок на 1 учащегося | O69: =SUMPRODUCT('Нормативы ОО'!D71:O108,'Нормативы ОО'!$D$499:$O$536) -> 17685.921
D70: город | E70: ПГТ | F70: село | G70: город | H70: ПГТ | I70: село | J70: город | K70: ПГТ | L70: село | M70: город | N70: ПГТ | O70: село
B71: 1. Учащиеся общеобразовательных классов (вкл. с углубленным изучением) | C71: 1. ≥ 25 учащ. | D71: =($D$6*$D$12+$D$14*$D$17)/(D30*$D$68) -> 0.080365689 | E71: =($D$6*$D$12+$D$14*$D$17)/(E30*$D$68) -> 0.080365689 | F71: =($D$6*$D$12+$D$14*$D$17)/(F30*$D$68) -> 0.080365689 | G71: =($G$6*$G$12+$G$14*$G$17)/(G30*$G$68) -> 0.10731556 | H71: =($G$6*$G$12+$G$14*$G$17)/(H30*$G$68) -> 0.10731556 | I71: =($G$6*$G$12+$G$14*$G$17)/(I30*$G$68) -> 0.10731556 | J71: =($J$6*$J$12+$J$14*$J$17)/(J30*$J$68) -> 0.11055889 | K71: =($J$6*$J$12+$J$14*$J$17)/(K30*$J$68) -> 0.11055889 | L71: =($J$6*$J$12+$J$14*$J$17)/(L30*$J$68) -> 0.11055889 | M71: =($M$6*$M$12+$M$14*$M$17)/(M30*$M$68) -> 0.11055889 | N71: =($M$6*$M$12+$M$14*$M$17)/(N30*$M$68) -> 0.11055889 | O71: =($M$6*$M$12+$M$14*$M$17)/(O30*$M$68) -> 0.11055889
C72: 2. 20-25 учащ. | D72: =($D$6*$D$12+$D$14*$D$17)/(D31*$D$68) -> 0.080365689 | E72: =($D$6*$D$12+$D$14*$D$17)/(E31*$D$68) -> 0.08735401 | F72: =($D$6*$D$12+$D$14*$D$17)/(F31*$D$68) -> 0.095673439 | G72: =($G$6*$G$12+$G$14*$G$17)/(G31*$G$68) -> 0.10731556 | H72: =($G$6*$G$12+$G$14*$G$17)/(H31*$G$68) -> 0.11664734 | I72: =($G$6*$G$12+$G$14*$G$17)/(I31*$G$68) -> 0.12775661 | J72: =($J$6*$J$12+$J$14*$J$17)/(J31*$J$68) -> 0.11055889 | K72: =($J$6*$J$12+$J$14*$J$17)/(K31*$J$68) -> 0.12017271 | L72: =($J$6*$J$12+$J$14*$J$17)/(L31*$J$68) -> 0.13161772 | M72: =($M$6*$M$12+$M$14*$M$17)/(M31*$M$68) -> 0.11055889 | N72: =($M$6*$M$12+$M$14*$M$17)/(N31*$M$68) -> 0.12017271 | O72: =($M$6*$M$12+$M$14*$M$17)/(O31*$M$68) -> 0.13161772
C73: 3. 15-19 учащ. | D73: =($D$6*$D$12+$D$14*$D$17)/(D32*$D$68) -> 0.080365689 | E73: =($D$6*$D$13+$D$14*$D$17)/(E32*$D$68) -> 0.1130719 | F73: =($D$6*$D$13+$D$14*$D$17)/(F32*$D$68) -> 0.1130719 | G73: =($G$6*$G$12+$G$14*$G$17)/(G32*$G$68) -> 0.10731556 | H73: =($G$6*$G$13+$G$14*$G$17)/(H32*$G$68) -> 0.14052288 | I73: =($G$6*$G$13+$G$14*$G$17)/(I32*$G$68) -> 0.14052288 | J73: =($J$6*$J$12+$J$14*$J$17)/(J32*$J$68) -> 0.11055889 | K73: =($J$6*$J$13+$J$14*$J$17)/(K32*$J$68) -> 0.1372549 | L73: =($J$6*$J$13+$J$14*$J$17)/(L32*$J$68) -> 0.1372549 | M73: =($M$6*$M$12+$M$14*$M$17)/(M32*$M$68) -> 0.11055889 | N73: =($M$6*$M$13+$M$14*$M$17)/(N32*$M$68) -> 0.1372549 | O73: =($M$6*$M$13+$M$14*$M$17)/(O32*$M$68) -> 0.1372549
C74: 4. 10-14 учащ. | D74: =($D$6*$D$12+$D$14*$D$17)/(D33*$D$68) -> 0.080365689 | E74: =($D$6*$D$13+$D$14*$D$17)/(E33*$D$68) -> 0.13730159 | F74: =($D$6*$D$13+$D$14*$D$17)/(F33*$D$68) -> 0.13730159 | G74: =($G$6*$G$12+$G$14*$G$17)/(G33*$G$68) -> 0.10731556 | H74: =($G$6*$G$13+$G$14*$G$17)/(H33*$G$68) -> 0.17063492 | I74: =($G$6*$G$13+$G$14*$G$17)/(I33*$G$68) -> 0.17063492 | J74: =($J$6*$J$12+$J$14*$J$17)/(J33*$J$68) -> 0.11055889 | K74: =($J$6*$J$13+$J$14*$J$17)/(K33*$J$68) -> 0.16666667 | L74: =($J$6*$J$13+$J$14*$J$17)/(L33*$J$68) -> 0.16666667 | M74: =($M$6*$M$12+$M$14*$M$17)/(M33*$M$68) -> 0.11055889 | N74: =($M$6*$M$13+$M$14*$M$17)/(N33*$M$68) -> 0.16666667 | O74: =($M$6*$M$13+$M$14*$M$17)/(O33*$M$68) -> 0.16666667
C75: 5. 7-9 учащ. | D75: =($D$6*$D$12+$D$14*$D$17)/(D34*$D$68) -> 0.080365689 | E75: =($D$6*$D$13+$D$14*$D$17)/(E34*$D$68) -> 0.21358025 | F75: =($D$6*$D$13+$D$14*$D$17)/(F34*$D$68) -> 0.21358025 | G75: =($G$6*$G$12+$G$14*$G$17)/(G34*$G$68) -> 0.10731556 | H75: =($G$6*$G$13+$G$14*$G$17)/(H34*$G$68) -> 0.2654321 | I75: =($G$6*$G$13+$G$14*$G$17)/(I34*$G$68) -> 0.2654321 | J75: =($J$6*$J$12+$J$14*$J$17)/(J34*$J$68) -> 0.11055889 | K75: =($J$6*$J$13+$J$14*$J$17)/(K34*$J$68) -> 0.25925926 | L75: =($J$6*$J$13+$J$14*$J$17)/(L34*$J$68) -> 0.25925926 | M75: =($M$6*$M$12+$M$14*$M$17)/(M34*$M$68) -> 0.11055889 | N75: =($M$6*$M$13+$M$14*$M$17)/(N34*$M$68) -> 0.25925926 | O75: =($M$6*$M$13+$M$14*$M$17)/(O34*$M$68) -> 0.25925926
C76: 6. 4-6 учащ. | D76: =($D$6*$D$12+$D$14*$D$17)/(D35*$D$68) -> 0.080365689 | E76: =($D$6*$D$13+$D$14*$D$17)/(E35*$D$68) -> 0.21358025 | F76: =($D$6*$D$13+$D$14*$D$17)/(F35*$D$68) -> 0.24027778 | G76: =($G$6*$G$12+$G$14*$G$17)/(G35*$G$68) -> 0.10731556 | H76: =($G$6*$G$13+$G$14*$G$17)/(H35*$G$68) -> 0.2654321 | I76: =($G$6*$G$13+$G$14*$G$17)/(I35*$G$68) -> 0.29861111 | J76: =($J$6*$J$12+$J$14*$J$17)/(J35*$J$68) -> 0.11055889 | K76: =($J$6*$J$13+$J$14*$J$17)/(K35*$J$68) -> 0.25925926 | L76: =($J$6*$J$13+$J$14*$J$17)/(L35*$J$68) -> 0.29166667 | M76: =($M$6*$M$12+$M$14*$M$17)/(M35*$M$68) -> 0.11055889 | N76: =($M$6*$M$13+$M$14*$M$17)/(N35*$M$68) -> 0.25925926 | O76: =($M$6*$M$13+$M$14*$M$17)/(O35*$M$68) -> 0.29166667
C77: 7. ≤ 3 учащ. | D77: =($D$6*$D$12+$D$14*$D$17)/(D36*$D$68) -> 0.080365689 | E77: =($D$6*$D$13+$D$14*$D$17)/(E36*$D$68) -> 0.21358025 | F77: =($D$6*$D$13+$D$14*$D$17)/(F36*$D$68) -> 0.27460317 | G77: =($G$6*$G$12+$G$14*$G$17)/(G36*$G$68) -> 0.10731556 | H77: =($G$6*$G$13+$G$14*$G$17)/(H36*$G$68) -> 0.2654321 | I77: =($G$6*$G$13+$G$14*$G$17)/(I36*$G$68) -> 0.34126984 | J77: =($J$6*$J$12+$J$14*$J$17)/(J36*$J$68) -> 0.11055889 | K77: =($J$6*$J$13+$J$14*$J$17)/(K36*$J$68) -> 0.25925926 | L77: =($J$6*$J$13+$J$14*$J$17)/(L36*$J$68) -> 0.33333333 | M77: =($M$6*$M$12+$M$14*$M$17)/(M36*$M$68) -> 0.11055889 | N77: =($M$6*$M$13+$M$14*$M$17)/(N36*$M$68) -> 0.25925926 | O77: =($M$6*$M$13+$M$14*$M$17)/(O36*$M$68) -> 0.33333333
B78: 1. Учащиеся с ОВЗ, инклюзивно обучаемые в общеобразовательных классах (ОВЗ 1 вар.) | C78: 01 глухие | D78: =($D$6*$D$12+($D$14-$D$15)*$D$17)/($D37*$D$68) -> 0.086568222 | G78: =($G$6*$G$12+($G$14-$G$15)*$G$17)/($G37*$G$68) -> 0.12303333 | J78: =($J$6*$J$12+($J$14-$J$15)*$J$17)/($J37*$J$68) -> 0.13125417 | M78: =($M$6*$M$12+($M$14-$M$15)*$M$17)/($M37*$M$68) -> 0.13125417
C79: 02 слабослышащие (познооглохшие) | D79: =($D$6*$D$12+($D$14-$D$15)*$D$17)/($D38*$D$68) -> 0.069254578 | G79: =($G$6*$G$12+($G$14-$G$15)*$G$17)/($G38*$G$68) -> 0.098426667 | J79: =($J$6*$J$12+($J$14-$J$15)*$J$17)/($J38*$J$68) -> 0.10500333 | M79: =($M$6*$M$12+($M$14-$M$15)*$M$17)/($M38*$M$68) -> 0.10500333
C80: 03 слепые | D80: =($D$6*$D$12+($D$14-$D$15)*$D$17)/($D39*$D$68) -> 0.086568222 | G80: =($G$6*$G$12+($G$14-$G$15)*$G$17)/($G39*$G$68) -> 0.12303333 | J80: =($J$6*$J$12+($J$14-$J$15)*$J$17)/($J39*$J$68) -> 0.13125417 | M80: =($M$6*$M$12+($M$14-$M$15)*$M$17)/($M39*$M$68) -> 0.13125417
C81: 04 слабовидящие | D81: =($D$6*$D$12+($D$14-$D$15)*$D$17)/($D40*$D$68) -> 0.069254578 | G81: =($G$6*$G$12+($G$14-$G$15)*$G$17)/($G40*$G$68) -> 0.098426667 | J81: =($J$6*$J$12+($J$14-$J$15)*$J$17)/($J40*$J$68) -> 0.10500333 | M81: =($M$6*$M$12+($M$14-$M$15)*$M$17)/($M40*$M$68) -> 0.10500333
C82: 05 с тяжелыми нарушениями речи | D82: =($D$6*$D$12+($D$14-$D$15)*$D$17)/($D41*$D$68) -> 0.069254578 | G82: =($G$6*$G$12+($G$14-$G$15)*$G$17)/($G41*$G$68) -> 0.098426667 | J82: =($J$6*$J$12+($J$14-$J$15)*$J$17)/($J41*$J$68) -> 0.10500333 | M82: =($M$6*$M$12+($M$14-$M$15)*$M$17)/($M41*$M$68) -> 0.10500333
C83: 06 с нарушениями опорно-двигательного аппарата | D83: =($D$6*$D$12+($D$14-$D$15)*$D$17)/($D42*$D$68) -> 0.086568222 | G83: =($G$6*$G$12+($G$14-$G$15)*$G$17)/($G42*$G$68) -> 0.12303333 | J83: =($J$6*$J$12+($J$14-$J$15)*$J$17)/($J42*$J$68) -> 0.13125417 | M83: =($M$6*$M$12+($M$14-$M$15)*$M$17)/($M42*$M$68) -> 0.13125417
C84: 07 с задержкой психического развития | D84: =($D$6*$D$12+($D$14-$D$15)*$D$17)/($D43*$D$68) -> 0.069254578 | G84: =($G$6*$G$12+($G$14-$G$15)*$G$17)/($G43*$G$68) -> 0.098426667 | J84: =($J$6*$J$12+($J$14-$J$15)*$J$17)/($J43*$J$68) -> 0.10500333 | M84: =($M$6*$M$12+($M$14-$M$15)*$M$17)/($M43*$M$68) -> 0.10500333
C85: 08 с расстройствами аутического спектора (аутизм) | D85: =($D$6*$D$12+($D$14-$D$15)*$D$17)/($D44*$D$68) -> 0.086568222 | G85: =($G$6*$G$12+($G$14-$G$15)*$G$17)/($G44*$G$68) -> 0.12303333 | J85: =($J$6*$J$12+($J$14-$J$15)*$J$17)/($J44*$J$68) -> 0.13125417 | M85: =($M$6*$M$12+($M$14-$M$15)*$M$17)/($M44*$M$68) -> 0.13125417
B86: 2. Учащиеся с ОВЗ, обучаемые в коррекционных классах (ОВЗ 2 вар.) | C86: 01 глухие | D86: =($D$7*$D$13+($D$14-$D$15)*$D$18)/(D45*$D$68) -> 0.25462963 | G86: =($G$7*$G$13+($G$14-$G$15)*$G$18)/(G45*$G$68) -> 0.32777778 | J86: =($J$7*$J$13+($J$14-$J$15)*$J$18)/(J45*$J$68) -> 0.33796296 | M86: x
C87: 02 слабослышащие (познооглохшие) | D87: =($D$7*$D$13+($D$14-$D$15)*$D$18)/(D46*$D$68) -> 0.21825397 | G87: =($G$7*$G$13+($G$14-$G$15)*$G$18)/(G46*$G$68) -> 0.28095238 | J87: =($J$7*$J$13+($J$14-$J$15)*$J$18)/(J46*$J$68) -> 0.28968254 | M87: x
C88: 03 слепые | D88: =($D$7*$D$13+($D$14-$D$15)*$D$18)/(D47*$D$68) -> 0.16975309 | G88: =($G$7*$G$13+($G$14-$G$15)*$G$18)/(G47*$G$68) -> 0.21851852 | J88: =($J$7*$J$13+($J$14-$J$15)*$J$18)/(J47*$J$68) -> 0.22530864 | M88: x
C89: 04 слабовидящие | D89: =($D$7*$D$13+($D$14-$D$15)*$D$18)/(D48*$D$68) -> 0.12731481 | G89: =($G$7*$G$13+($G$14-$G$15)*$G$18)/(G48*$G$68) -> 0.16388889 | J89: =($J$7*$J$13+($J$14-$J$15)*$J$18)/(J48*$J$68) -> 0.16898148 | M89: x
C90: 05 с тяжелыми нарушениями речи | D90: =($D$7*$D$13+($D$14-$D$15)*$D$18)/(D49*$D$68) -> 0.12731481 | G90: =($G$7*$G$13+($G$14-$G$15)*$G$18)/(G49*$G$68) -> 0.16388889 | J90: =($J$7*$J$13+($J$14-$J$15)*$J$18)/(J49*$J$68) -> 0.16898148 | M90: x
C91: 06 с нарушениями опорно-двигательного аппарата | D91: =($D$7*$D$13+($D$14-$D$15)*$D$18)/(D50*$D$68) -> 0.30555556 | G91: =($G$7*$G$13+($G$14-$G$15)*$G$18)/(G50*$G$68) -> 0.39333333 | J91: =($J$7*$J$13+($J$14-$J$15)*$J$18)/(J50*$J$68) -> 0.40555556 | M91: x
C92: 07 с задержкой психического развития | D92: =($D$7*$D$13+($D$14-$D$15)*$D$18)/(D51*$D$68) -> 0.12731481 | G92: =($G$7*$G$13+($G$14-$G$15)*$G$18)/(G51*$G$68) -> 0.16388889 | J92: =($J$7*$J$13+($J$14-$J$15)*$J$18)/(J51*$J$68) -> 0.16898148 | M92: x
C93: 08 с расстройствами аутического спектора (аутизм) | D93: =($D$7*$D$13+($D$14-$D$15)*$D$18)/(D52*$D$68) -> 0.12731481 | G93: =($G$7*$G$13+($G$14-$G$15)*$G$18)/(G52*$G$68) -> 0.16388889 | J93: =($J$7*$J$13+($J$14-$J$15)*$J$18)/(J52*$J$68) -> 0.16898148 | M93: x
B94: 2. Учащиеся с ОВЗ, обучаемые в коррекционных классах (ОВЗ 3 вар.) | C94: 01 глухие | D94: =($D$7*$D$13+($D$14-$D$15)*$D$18)/(D53*$D$68) -> 0.30555556 | G94: =($G$7*$G$13+($G$14-$G$15)*$G$18)/(G53*$G$68) -> 0.39333333 | J94: =($J$7*$J$13+($J$14-$J$15)*$J$18)/(J53*$J$68) -> 0.40555556 | M94: x
C95: 02 слабослышащие (познооглохшие) | D95: =($D$7*$D$13+($D$14-$D$15)*$D$18)/(D54*$D$68) -> 0.30555556 | G95: =($G$7*$G$13+($G$14-$G$15)*$G$18)/(G54*$G$68) -> 0.39333333 | J95: =($J$7*$J$13+($J$14-$J$15)*$J$18)/(J54*$J$68) -> 0.40555556 | M95: x
C96: 03 слепые | D96: =($D$7*$D$13+($D$14-$D$15)*$D$18)/(D55*$D$68) -> 0.21825397 | G96: =($G$7*$G$13+($G$14-$G$15)*$G$18)/(G55*$G$68) -> 0.28095238 | J96: =($J$7*$J$13+($J$14-$J$15)*$J$18)/(J55*$J$68) -> 0.28968254 | M96: x
C97: 04 слабовидящие | D97: =($D$7*$D$13+($D$14-$D$15)*$D$18)/(D56*$D$68) -> 0.16975309 | G97: =($G$7*$G$13+($G$14-$G$15)*$G$18)/(G56*$G$68) -> 0.21851852 | J97: =($J$7*$J$13+($J$14-$J$15)*$J$18)/(J56*$J$68) -> 0.22530864 | M97: x
C98: 06 с нарушениями опорно-двигательного аппарата | D98: =($D$7*$D$13+($D$14-$D$15)*$D$18)/(D57*$D$68) -> 0.30555556 | G98: =($G$7*$G$13+($G$14-$G$15)*$G$18)/(G57*$G$68) -> 0.39333333 | J98: =($J$7*$J$13+($J$14-$J$15)*$J$18)/(J57*$J$68) -> 0.40555556 | M98: x
C99: 08 с расстройствами аутического спектора (аутизм) | D99: =($D$7*$D$13+($D$14-$D$15)*$D$18)/(D58*$D$68) -> 0.16975309 | G99: =($G$7*$G$13+($G$14-$G$15)*$G$18)/(G58*$G$68) -> 0.21851852 | J99: =($J$7*$J$13+($J$14-$J$15)*$J$18)/(J58*$J$68) -> 0.22530864 | M99: x
C100: 09 с умственной отсталостью (интеллектуальными нарушениями) | D100: =($D$7*$D$13+($D$14-$D$15)*$D$18)/(D59*$D$68) -> 0.12731481 | G100: =($G$7*$G$13+($G$14-$G$15)*$G$18)/(G59*$G$68) -> 0.16388889 | J100: =($J$7*$J$13+($J$14-$J$15)*$J$18)/(J59*$J$68) -> 0.16898148 | M100: x
B101: 2. Учащиеся с ОВЗ, обучаемые в коррекционных классах (ОВЗ 4 вар.) | C101: 01 глухие | D101: =($D$7*$D$13+($D$14-$D$15)*$D$18)/(D60*$D$68) -> 0.30555556 | G101: =($G$7*$G$13+($G$14-$G$15)*$G$18)/(G60*$G$68) -> 0.39333333 | J101: =($J$7*$J$13+($J$14-$J$15)*$J$18)/(J60*$J$68) -> 0.40555556 | M101: x
...

Sheet ЧООУ
C1: Расчет объема субвенции бюджетам муниципальных образований на осуществление отдельных государственных полномочий Ленинградской области на обеспечение государственных гарантий реализации прав на получение общедоступного и бесплатного начального общего, основного общего, среднего общего образования в муниципальных общеобразовательных организациях, обеспечение дополнительного образования детей в муниципальных общеобразовательных организациях, включая расходы на оплату труда, приобретение учебников и учебных пособий, средств обучения (за исключением расходов на содержание зданий и оплату коммунальных услуг), на 2021 год
A2: №№ | B2: Наименование | C2: Общеобразовательные классы в общеобразовательных учреждениях, расположенных в городской местности | M2: Общеобразовательные классы в общеобразовательных учреждениях, расположенных в сельской местности, с контингентом обучающихся более 250 человек | W2: с углубленным изучением отдельных учебных предметов | AG2: по 1 варианту слабовидящие | AQ2: по 1 варианту с нарушением опорно-двигательного аппарата | BA2: по 1 варианту с задержкой психического развития (ЗПР) | BK2: по 1 варианту с расстройствами аутического спектора (РАС) | BU2: по 3 варианту с умственной отсталостью (интеллектуальными нарушениями) | CE2: Всего обучающихся (общий контингент школ) и потребность на 2021 год | CK2: в рамках контрольных цифр
C3: классы, не реализующие ФГОС | G3: классы, реализующие ФГОС | K3: всего | L3: сумма | M3: классы, не реализующие ФГОС | Q3: классы, реализующие ФГОС | U3: всего | V3: сумма | W3: классы, не реализующие ФГОС | AA3: классы, реализующие ФГОС | AE3: всего | AF3: сумма | AG3: классы, не реализующие ФГОС | AK3: классы, реализующие ФГОС | AO3: всего | AP3: сумма | AQ3: классы, не реализующие ФГОС | AU3: классы, реализующие ФГОС | AY3: всего | AZ3: сумма | BA3: классы, не реализующие ФГОС | BE3: классы, реализующие ФГОС | BI3: всего | BJ3: сумма | BK3: классы, не реализующие ФГОС | BO3: классы, реализующие ФГОС | BS3: всего | BT3: сумма | BU3: классы, не реализующие ФГОС | BY3: классы, реализующие ФГОС | CC3: всего | CD3: сумма | CE3: 1-4 классы | CF3: 5-9 классы | CG3: 10-11 кл | CH3: 10-11 кл профил | CI3: всего | CJ3: Итого потребность на 2021 год | CK3: контингент | CL3: сумма | CM3: доп.потребность
C4: 1-4 классы | D4: 5-9 классы | E4: 10-11 кл | F4: 10-11 кл профильное | G4: 1-4 классы | H4: 5-9 классы | I4: 10-11 кл | J4: 10-11 кл профильное | M4: 1-4 классы | N4: 5-9 классы | O4: 10-11 кл | P4: 10-11 кл профильное | Q4: 1-4 классы | R4: 5-9 классы | S4: 10-11 кл | T4: 10-11 кл профильное | W4: 1-4 классы | X4: 5-9 классы | Y4: 10-11 кл | Z4: 10-11 кл профильное | AA4: 1-4 классы | AB4: 5-9 классы | AC4: 10-11 кл | AD4: 10-11 кл профильное | AG4: 1-4 классы | AH4: 5-9 классы | AI4: 10-11 кл | AJ4: 10-11 кл профильное | AK4: 1-4 классы | AL4: 5-9 классы | AM4: 10-11 кл | AN4: 10-11 кл профильное | AQ4: 1-4 классы | AR4: 5-9 классы | AS4: 10-11 кл | AT4: 10-11 кл профильное | AU4: 1-4 классы | AV4: 5-9 классы | AW4: 10-11 кл | AX4: 10-11 кл профильное | BA4: 1-4 классы | BB4: 5-9 классы | BC4: 10-11 кл | BD4: 10-11 кл профильное | BE4: 1-4 классы | BF4: 5-9 классы | BG4: 10-11 кл | BH4: 10-11 кл профильное | BK4: 1-4 классы | BL4: 5-9 классы | BM4: 10-11 кл | BN4: 10-11 кл профильное | BO4: 1-4 классы | BP4: 5-9 классы | BQ4: 10-11 кл | BR4: 10-11 кл профильное | BU4: 1-4 классы | BV4: 5-9 классы | BW4: 10-11 кл | BX4: 10-11 кл профильное | BY4: 1-4 классы | BZ4: 5-9 классы | CA4: 10-11 кл | CB4: 10-11 кл профильное
C5: ='Нормативы ОО'!D459 -> 51708.52 | D5: ='Нормативы ОО'!G459 -> 70994.875 | E5: ='Нормативы ОО'!J459 -> 75102.579 | F5: ='Нормативы ОО'!M459 -> 75102.579 | G5: =C5 -> 51708.52 | H5: =D5 -> 70994.875 | I5: =E5 -> 75102.579 | J5: =F5 -> 75102.579 | Q5: ='Нормативы ОО'!F459 -> 53950.846 | R5: ='Нормативы ОО'!I459 -> 73989.143 | S5: ='Нормативы ОО'!L459 -> 78187.341 | T5: ='Нормативы ОО'!O459 -> 78187.341 | W5: =AA5 -> 51708.52 | X5: =AB5 -> 70994.875 | Y5: =AC5 -> 75102.579 | Z5: =AD5 -> 75102.579 | AA5: =G5 -> 51708.52 | AB5: =H5 -> 70994.875 | AC5: =I5 -> 75102.579 | AD5: =J5 -> 75102.579 | AL5: ='Нормативы ОО'!G469 -> 128038 | AQ5: ='Нормативы ОО'!D471 -> 288372.1 | AU5: ='Нормативы ОО'!D471 -> 288372.1 | BA5: ='Нормативы ОО'!D480 -> 231093.6 | BL5: ='Нормативы ОО'!G473 -> 256977.74 | BV5: ='Нормативы ОО'!G488 -> 377606.16
A6: 1 | B6: ЧОУ Гимназия "Грэйс" | G6: 57 | H6: 70 | I6: 10 | K6: =SUM(C6:J6) -> 137 | L6: =(C6*C$5+D6*D$5+E6*E$5+F6*F$5+G6*G$5+H6*H$5+I6*I$5+J6*J$5) -> 8668052.7 | U6: =SUM(M6:T6) -> 0 | V6: =(M6*M$5+N6*N$5+O6*O$5+P6*P$5+Q6*Q$5+R6*R$5+S6*S$5+T6*T$5) -> 0 | AE6: =SUM(W6:AD6) -> 0 | AF6: =(W6*W$5+X6*X$5+Y6*Y$5+Z6*Z$5+AA6*AA$5+AB6*AB$5+AC6*AC$5+AD6*AD$5) -> 0 | AO6: =SUM(AG6:AN6) -> 0 | AP6: =(AG6*AG$5+AH6*AH$5+AI6*AI$5+AJ6*AJ$5+AK6*AK$5+AL6*AL$5+AM6*AM$5+AN6*AN$5) -> 0 | AY6: =SUM(AQ6:AX6) -> 0 | AZ6: =(AQ6*AQ$5+AR6*AR$5+AS6*AS$5+AT6*AT$5+AU6*AU$5+AV6*AV$5+AW6*AW$5+AX6*AX$5) -> 0 | BI6: =SUM(BA6:BH6) -> 0 | BJ6: =(BA6*BA$5+BB6*BB$5+BC6*BC$5+BD6*BD$5+BE6*BE$5+BF6*BF$5+BG6*BG$5+BH6*BH$5) -> 0 | BS6: =SUM(BK6:BR6) -> 0 | BT6: =(BK6*BK$5+BL6*BL$5+BM6*BM$5+BN6*BN$5+BO6*BO$5+BP6*BP$5+BQ6*BQ$5+BR6*BR$5) -> 0 | CC6: =SUM(BU6:CB6) -> 0 | CD6: =(BU6*BU$5+BV6*BV$5+BW6*BW$5+BX6*BX$5+BY6*BY$5+BZ6*BZ$5+CA6*CA$5+CB6*CB$5) -> 0 | CE6: =C6+W6+G6+AA6+AU6+AQ6+AG6+AK6+BU6+BY6+M6+Q6+BK6+BA6+BE6+BO6 -> 57 | CF6: =D6+X6+H6+AB6+AV6+AR6+AH6+AL6+BV6+BZ6+N6+R6+BL6+BB6+BF6+BP6 -> 70 | CG6: =E6+Y6+I6+AC6+AW6+AS6+AI6+AM6+BW6+CA6+O6+S6+BM6+BC6+BG6+BQ6 -> 10 | CH6: =F6+Z6+J6+AD6+AX6+AT6+AJ6+AN6+BX6+CB6+P6+T6+BN6+BD6+BH6+BR6 -> 0 | CI6: =CE6+CF6+CG6+CH6 -> 137 | CJ6: =ROUND(L6+V6+AF6+AZ6+AP6+CD6+BJ6+BT6,-2) -> 8668100 | CK6: =CK18 -> 108.12886 | CL6: 6841400 | CM6: =CJ6-CL6 -> 1826700
A7: 2 | B7: ЧОУ "Школа "Лужки"" | K7: =SUM(C7:J7) -> 0 | L7: =(C7*C$5+D7*D$5+E7*E$5+F7*F$5+G7*G$5+H7*H$5+I7*I$5+J7*J$5) -> 0 | Q7: 31 | R7: 46 | S7: 8 | U7: =SUM(M7:T7) -> 85 | V7: =(M7*M$5+N7*N$5+O7*O$5+P7*P$5+Q7*Q$5+R7*R$5+S7*S$5+T7*T$5) -> 5701475.5 | AE7: =SUM(W7:AD7) -> 0 | AF7: =(W7*W$5+X7*X$5+Y7*Y$5+Z7*Z$5+AA7*AA$5+AB7*AB$5+AC7*AC$5+AD7*AD$5) -> 0 | AO7: =SUM(AG7:AN7) -> 0 | AP7: =(AG7*AG$5+AH7*AH$5+AI7*AI$5+AJ7*AJ$5+AK7*AK$5+AL7*AL$5+AM7*AM$5+AN7*AN$5) -> 0 | AY7: =SUM(AQ7:AX7) -> 0 | AZ7: =(AQ7*AQ$5+AR7*AR$5+AS7*AS$5+AT7*AT$5+AU7*AU$5+AV7*AV$5+AW7*AW$5+AX7*AX$5) -> 0 | BI7: =SUM(BA7:BH7) -> 0 | BJ7: =(BA7*BA$5+BB7*BB$5+BC7*BC$5+BD7*BD$5+BE7*BE$5+BF7*BF$5+BG7*BG$5+BH7*BH$5) -> 0 | BS7: =SUM(BK7:BR7) -> 0 | BT7: =(BK7*BK$5+BL7*BL$5+BM7*BM$5+BN7*BN$5+BO7*BO$5+BP7*BP$5+BQ7*BQ$5+BR7*BR$5) -> 0 | CC7: =SUM(BU7:CB7) -> 0 | CD7: =(BU7*BU$5+BV7*BV$5+BW7*BW$5+BX7*BX$5+BY7*BY$5+BZ7*BZ$5+CA7*CA$5+CB7*CB$5) -> 0 | CE7: =C7+W7+G7+AA7+AU7+AQ7+AG7+AK7+BU7+BY7+M7+Q7+BK7+BA7+BE7+BO7 -> 31 | CF7: =D7+X7+H7+AB7+AV7+AR7+AH7+AL7+BV7+BZ7+N7+R7+BL7+BB7+BF7+BP7 -> 46 | CG7: =E7+Y7+I7+AC7+AW7+AS7+AI7+AM7+BW7+CA7+O7+S7+BM7+BC7+BG7+BQ7 -> 8 | CH7: =F7+Z7+J7+AD7+AX7+AT7+AJ7+AN7+BX7+CB7+P7+T7+BN7+BD7+BH7+BR7 -> 0 | CI7: =CE7+CF7+CG7+CH7 -> 85 | CJ7: =ROUND(L7+V7+AF7+AZ7+AP7+CD7+BJ7+BT7,-2) -> 5701500 | CK7: =CK19 -> 67.095063 | CL7: 4500500 | CM7: =CJ7-CL7 -> 1201000
A8: 3 | B8: ЧОУ "Гатчинская гимназия Апекс" | F8: 14 | G8: 54 | J8: 15 | K8: =SUM(C8:J8) -> 83 | L8: =(C8*C$5+D8*D$5+E8*E$5+F8*F$5+G8*G$5+H8*H$5+I8*I$5+J8*J$5) -> 4970234.9 | U8: =SUM(M8:T8) -> 0 | V8: =(M8*M$5+N8*N$5+O8*O$5+P8*P$5+Q8*Q$5+R8*R$5+S8*S$5+T8*T$5) -> 0 | AB8: 62 | AE8: =SUM(W8:AD8) -> 62 | AF8: =(W8*W$5+X8*X$5+Y8*Y$5+Z8*Z$5+AA8*AA$5+AB8*AB$5+AC8*AC$5+AD8*AD$5) -> 4401682.2 | AO8: =SUM(AG8:AN8) -> 0 | AP8: =(AG8*AG$5+AH8*AH$5+AI8*AI$5+AJ8*AJ$5+AK8*AK$5+AL8*AL$5+AM8*AM$5+AN8*AN$5) -> 0 | AY8: =SUM(AQ8:AX8) -> 0 | AZ8: =(AQ8*AQ$5+AR8*AR$5+AS8*AS$5+AT8*AT$5+AU8*AU$5+AV8*AV$5+AW8*AW$5+AX8*AX$5) -> 0 | BI8: =SUM(BA8:BH8) -> 0 | BJ8: =(BA8*BA$5+BB8*BB$5+BC8*BC$5+BD8*BD$5+BE8*BE$5+BF8*BF$5+BG8*BG$5+BH8*BH$5) -> 0 | BS8: =SUM(BK8:BR8) -> 0 | BT8: =(BK8*BK$5+BL8*BL$5+BM8*BM$5+BN8*BN$5+BO8*BO$5+BP8*BP$5+BQ8*BQ$5+BR8*BR$5) -> 0 | CC8: =SUM(BU8:CB8) -> 0 | CD8: =(BU8*BU$5+BV8*BV$5+BW8*BW$5+BX8*BX$5+BY8*BY$5+BZ8*BZ$5+CA8*CA$5+CB8*CB$5) -> 0 | CE8: =C8+W8+G8+AA8+AU8+AQ8+AG8+AK8+BU8+BY8+M8+Q8+BK8+BA8+BE8+BO8 -> 54 | CF8: =D8+X8+H8+AB8+AV8+AR8+AH8+AL8+BV8+BZ8+N8+R8+BL8+BB8+BF8+BP8 -> 62 | CG8: =E8+Y8+I8+AC8+AW8+AS8+AI8+AM8+BW8+CA8+O8+S8+BM8+BC8+BG8+BQ8 -> 0 | CH8: =F8+Z8+J8+AD8+AX8+AT8+AJ8+AN8+BX8+CB8+P8+T8+BN8+BD8+BH8+BR8 -> 29 | CI8: =CE8+CF8+CG8+CH8 -> 145 | CJ8: =ROUND(L8+V8+AF8+AZ8+AP8+CD8+BJ8+BT8,-2) -> 9371900 | CK8: =CK20 -> 114.44942 | CL8: 7397300 | CM8: =CJ8-CL8 -> 1974600
A9: 4 | B9: ЧОУ "Первая академическая гимназия г.Гатчины" | G9: 52 | K9: =SUM(C9:J9) -> 52 | L9: =(C9*C$5+D9*D$5+E9*E$5+F9*F$5+G9*G$5+H9*H$5+I9*I$5+J9*J$5) -> 2688843 | U9: =SUM(M9:T9) -> 0 | V9: =(M9*M$5+N9*N$5+O9*O$5+P9*P$5+Q9*Q$5+R9*R$5+S9*S$5+T9*T$5) -> 0 | Z9: 10 | AB9: 56 | AD9: 8 | AE9: =SUM(W9:AD9) -> 74 | AF9: =(W9*W$5+X9*X$5+Y9*Y$5+Z9*Z$5+AA9*AA$5+AB9*AB$5+AC9*AC$5+AD9*AD$5) -> 5327559.4 | AO9: =SUM(AG9:AN9) -> 0 | AP9: =(AG9*AG$5+AH9*AH$5+AI9*AI$5+AJ9*AJ$5+AK9*AK$5+AL9*AL$5+AM9*AM$5+AN9*AN$5) -> 0 | AY9: =SUM(AQ9:AX9) -> 0 | AZ9: =(AQ9*AQ$5+AR9*AR$5+AS9*AS$5+AT9*AT$5+AU9*AU$5+AV9*AV$5+AW9*AW$5+AX9*AX$5) -> 0 | BI9: =SUM(BA9:BH9) -> 0 | BJ9: =(BA9*BA$5+BB9*BB$5+BC9*BC$5+BD9*BD$5+BE9*BE$5+BF9*BF$5+BG9*BG$5+BH9*BH$5) -> 0 | BS9: =SUM(BK9:BR9) -> 0 | BT9: =(BK9*BK$5+BL9*BL$5+BM9*BM$5+BN9*BN$5+BO9*BO$5+BP9*BP$5+BQ9*BQ$5+BR9*BR$5) -> 0 | CC9: =SUM(BU9:CB9) -> 0 | CD9: =(BU9*BU$5+BV9*BV$5+BW9*BW$5+BX9*BX$5+BY9*BY$5+BZ9*BZ$5+CA9*CA$5+CB9*CB$5) -> 0 | CE9: =C9+W9+G9+AA9+AU9+AQ9+AG9+AK9+BU9+BY9+M9+Q9+BK9+BA9+BE9+BO9 -> 52 | CF9: =D9+X9+H9+AB9+AV9+AR9+AH9+AL9+BV9+BZ9+N9+R9+BL9+BB9+BF9+BP9 -> 56 | CG9: =E9+Y9+I9+AC9+AW9+AS9+AI9+AM9+BW9+CA9+O9+S9+BM9+BC9+BG9+BQ9 -> 0 | CH9: =F9+Z9+J9+AD9+AX9+AT9+AJ9+AN9+BX9+CB9+P9+T9+BN9+BD9+BH9+BR9 -> 18 | CI9: =CE9+CF9+CG9+CH9 -> 126 | CJ9: =ROUND(L9+V9+AF9+AZ9+AP9+CD9+BJ9+BT9,-2) -> 8016400 | CK9: =CK21 -> 99.447957 | CL9: 6327100 | CM9: =CJ9-CL9 -> 1689300
A10: 5 | B10: АНО ОУ "Школа имени императора Александра III" | G10: 68 | H10: 86 | I10: 10 | K10: =SUM(C10:J10) -> 164 | L10: =(C10*C$5+D10*D$5+E10*E$5+F10*F$5+G10*G$5+H10*H$5+I10*I$5+J10*J$5) -> 10372764 | U10: =SUM(M10:T10) -> 0 | V10: =(M10*M$5+N10*N$5+O10*O$5+P10*P$5+Q10*Q$5+R10*R$5+S10*S$5+T10*T$5) -> 0 | AE10: =SUM(W10:AD10) -> 0 | AF10: =(W10*W$5+X10*X$5+Y10*Y$5+Z10*Z$5+AA10*AA$5+AB10*AB$5+AC10*AC$5+AD10*AD$5) -> 0 | AO10: =SUM(AG10:AN10) -> 0 | AP10: =(AG10*AG$5+AH10*AH$5+AI10*AI$5+AJ10*AJ$5+AK10*AK$5+AL10*AL$5+AM10*AM$5+AN10*AN$5) -> 0 | AY10: =SUM(AQ10:AX10) -> 0 | AZ10: =(AQ10*AQ$5+AR10*AR$5+AS10*AS$5+AT10*AT$5+AU10*AU$5+AV10*AV$5+AW10*AW$5+AX10*AX$5) -> 0 | BA10: 2 | BI10: =SUM(BA10:BH10) -> 2 | BJ10: =(BA10*BA$5+BB10*BB$5+BC10*BC$5+BD10*BD$5+BE10*BE$5+BF10*BF$5+BG10*BG$5+BH10*BH$5) -> 462187.19 | BL10: 1 | BS10: =SUM(BK10:BR10) -> 1 | BT10: =(BK10*BK$5+BL10*BL$5+BM10*BM$5+BN10*BN$5+BO10*BO$5+BP10*BP$5+BQ10*BQ$5+BR10*BR$5) -> 256977.74 | BV10: 1 | CC10: =SUM(BU10:CB10) -> 1 | CD10: =(BU10*BU$5+BV10*BV$5+BW10*BW$5+BX10*BX$5+BY10*BY$5+BZ10*BZ$5+CA10*CA$5+CB10*CB$5) -> 377606.16 | CE10: =C10+W10+G10+AA10+AU10+AQ10+AG10+AK10+BU10+BY10+M10+Q10+BK10+BA10+BE10+BO10 -> 70 | CF10: =D10+X10+H10+AB10+AV10+AR10+AH10+AL10+BV10+BZ10+N10+R10+BL10+BB10+BF10+BP10 -> 88 | CG10: =E10+Y10+I10+AC10+AW10+AS10+AI10+AM10+BW10+CA10+O10+S10+BM10+BC10+BG10+BQ10 -> 10 | CH10: =F10+Z10+J10+AD10+AX10+AT10+AJ10+AN10+BX10+CB10+P10+T10+BN10+BD10+BH10+BR10 -> 0 | CI10: =CE10+CF10+CG10+CH10 -> 168 | CJ10: =ROUND(L10+V10+AF10+AZ10+AP10+CD10+BJ10+BT10,-2) -> 11469500 | CK10: =CK22 -> 132.613 | CL10: 9053600 | CM10: =CJ10-CL10 -> 2415900
A11: 6 | B11: ЧОУ "Кингисеппская СОШ Православной культуры" | G11: 49 | H11: 46 | J11: 25 | K11: =SUM(C11:J11) -> 120 | L11: =(C11*C$5+D11*D$5+E11*E$5+F11*F$5+G11*G$5+H11*H$5+I11*I$5+J11*J$5) -> 7677046.2 | U11: =SUM(M11:T11) -> 0 | V11: =(M11*M$5+N11*N$5+O11*O$5+P11*P$5+Q11*Q$5+R11*R$5+S11*S$5+T11*T$5) -> 0 | AE11: =SUM(W11:AD11) -> 0 | AF11: =(W11*W$5+X11*X$5+Y11*Y$5+Z11*Z$5+AA11*AA$5+AB11*AB$5+AC11*AC$5+AD11*AD$5) -> 0 | AO11: =SUM(AG11:AN11) -> 0 | AP11: =(AG11*AG$5+AH11*AH$5+AI11*AI$5+AJ11*AJ$5+AK11*AK$5+AL11*AL$5+AM11*AM$5+AN11*AN$5) -> 0 | AY11: =SUM(AQ11:AX11) -> 0 | AZ11: =(AQ11*AQ$5+AR11*AR$5+AS11*AS$5+AT11*AT$5+AU11*AU$5+AV11*AV$5+AW11*AW$5+AX11*AX$5) -> 0 | BI11: =SUM(BA11:BH11) -> 0 | BJ11: =(BA11*BA$5+BB11*BB$5+BC11*BC$5+BD11*BD$5+BE11*BE$5+BF11*BF$5+BG11*BG$5+BH11*BH$5) -> 0 | BS11: =SUM(BK11:BR11) -> 0 | BT11: =(BK11*BK$5+BL11*BL$5+BM11*BM$5+BN11*BN$5+BO11*BO$5+BP11*BP$5+BQ11*BQ$5+BR11*BR$5) -> 0 | CC11: =SUM(BU11:CB11) -> 0 | CD11: =(BU11*BU$5+BV11*BV$5+BW11*BW$5+BX11*BX$5+BY11*BY$5+BZ11*BZ$5+CA11*CA$5+CB11*CB$5) -> 0 | CE11: =C11+W11+G11+AA11+AU11+AQ11+AG11+AK11+BU11+BY11+M11+Q11+BK11+BA11+BE11+BO11 -> 49 | CF11: =D11+X11+H11+AB11+AV11+AR11+AH11+AL11+BV11+BZ11+N11+R11+BL11+BB11+BF11+BP11 -> 46 | CG11: =E11+Y11+I11+AC11+AW11+AS11+AI11+AM11+BW11+CA11+O11+S11+BM11+BC11+BG11+BQ11 -> 0 | CH11: =F11+Z11+J11+AD11+AX11+AT11+AJ11+AN11+BX11+CB11+P11+T11+BN11+BD11+BH11+BR11 -> 25 | CI11: =CE11+CF11+CG11+CH11 -> 120 | CJ11: =ROUND(L11+V11+AF11+AZ11+AP11+CD11+BJ11+BT11,-2) -> 7677000 | CK11: =CK23 -> 94.71356 | CL11: 6059300 | CM11: =CJ11-CL11 -> 1617700
A12: 7 | B12: НОУ школа "Истоки" | G12: 26 | H12: 35 | K12: =SUM(C12:J12) -> 61 | L12: =(C12*C$5+D12*D$5+E12*E$5+F12*F$5+G12*G$5+H12*H$5+I12*I$5+J12*J$5) -> 3829242.1 | U12: =SUM(M12:T12) -> 0 | V12: =(M12*M$5+N12*N$5+O12*O$5+P12*P$5+Q12*Q$5+R12*R$5+S12*S$5+T12*T$5) -> 0 | AE12: =SUM(W12:AD12) -> 0 | AF12: =(W12*W$5+X12*X$5+Y12*Y$5+Z12*Z$5+AA12*AA$5+AB12*AB$5+AC12*AC$5+AD12*AD$5) -> 0 | AL12: 1 | AO12: =SUM(AG12:AN12) -> 1 | AP12: =(AG12*AG$5+AH12*AH$5+AI12*AI$5+AJ12*AJ$5+AK12*AK$5+AL12*AL$5+AM12*AM$5+AN12*AN$5) -> 128038 | AQ12: 3 | AY12: =SUM(AQ12:AX12) -> 3 | AZ12: =(AQ12*AQ$5+AR12*AR$5+AS12*AS$5+AT12*AT$5+AU12*AU$5+AV12*AV$5+AW12*AW$5+AX12*AX$5) -> 865116.3 | BA12: 1 | BI12: =SUM(BA12:BH12) -> 1 | BJ12: =(BA12*BA$5+BB12*BB$5+BC12*BC$5+BD12*BD$5+BE12*BE$5+BF12*BF$5+BG12*BG$5+BH12*BH$5) -> 231093.6 | BS12: =SUM(BK12:BR12) -> 0 | BT12: =(BK12*BK$5+BL12*BL$5+BM12*BM$5+BN12*BN$5+BO12*BO$5+BP12*BP$5+BQ12*BQ$5+BR12*BR$5) -> 0 | CC12: =SUM(BU12:CB12) -> 0 | CD12: =(BU12*BU$5+BV12*BV$5+BW12*BW$5+BX12*BX$5+BY12*BY$5+BZ12*BZ$5+CA12*CA$5+CB12*CB$5) -> 0 | CE12: =C12+W12+G12+AA12+AU12+AQ12+AG12+AK12+BU12+BY12+M12+Q12+BK12+BA12+BE12+BO12 -> 30 | CF12: =D12+X12+H12+AB12+AV12+AR12+AH12+AL12+BV12+BZ12+N12+R12+BL12+BB12+BF12+BP12 -> 36 | CG12: =E12+Y12+I12+AC12+AW12+AS12+AI12+AM12+BW12+CA12+O12+S12+BM12+BC12+BG12+BQ12 -> 0 | CH12: =F12+Z12+J12+AD12+AX12+AT12+AJ12+AN12+BX12+CB12+P12+T12+BN12+BD12+BH12+BR12 -> 0 | CI12: =CE12+CF12+CG12+CH12 -> 66 | CJ12: =ROUND(L12+V12+AF12+AZ12+AP12+CD12+BJ12+BT12,-2) -> 5053500 | CK12: =CK24 -> 52.109112 | CL12: 3989900 | CM12: =CJ12-CL12 -> 1063600
A13: 8 | B13: НОУ СО "Школа Русской Культуры преподобных Сергия и Германа Валаамсяких" | G13: 16 | H13: 26 | K13: =SUM(C13:J13) -> 42 | L13: =(C13*C$5+D13*D$5+E13*E$5+F13*F$5+G13*G$5+H13*H$5+I13*I$5+J13*J$5) -> 2673203.1 | U13: =SUM(M13:T13) -> 0 | V13: =(M13*M$5+N13*N$5+O13*O$5+P13*P$5+Q13*Q$5+R13*R$5+S13*S$5+T13*T$5) -> 0 | AE13: =SUM(W13:AD13) -> 0 | AF13: =(W13*W$5+X13*X$5+Y13*Y$5+Z13*Z$5+AA13*AA$5+AB13*AB$5+AC13*AC$5+AD13*AD$5) -> 0 | AO13: =SUM(AG13:AN13) -> 0 | AP13: =(AG13*AG$5+AH13*AH$5+AI13*AI$5+AJ13*AJ$5+AK13*AK$5+AL13*AL$5+AM13*AM$5+AN13*AN$5) -> 0 | AY13: =SUM(AQ13:AX13) -> 0 | AZ13: =(AQ13*AQ$5+AR13*AR$5+AS13*AS$5+AT13*AT$5+AU13*AU$5+AV13*AV$5+AW13*AW$5+AX13*AX$5) -> 0 | BI13: =SUM(BA13:BH13) -> 0 | BJ13: =(BA13*BA$5+BB13*BB$5+BC13*BC$5+BD13*BD$5+BE13*BE$5+BF13*BF$5+BG13*BG$5+BH13*BH$5) -> 0 | BS13: =SUM(BK13:BR13) -> 0 | BT13: =(BK13*BK$5+BL13*BL$5+BM13*BM$5+BN13*BN$5+BO13*BO$5+BP13*BP$5+BQ13*BQ$5+BR13*BR$5) -> 0 | CC13: =SUM(BU13:CB13) -> 0 | CD13: =(BU13*BU$5+BV13*BV$5+BW13*BW$5+BX13*BX$5+BY13*BY$5+BZ13*BZ$5+CA13*CA$5+CB13*CB$5) -> 0 | CE13: =C13+W13+G13+AA13+AU13+AQ13+AG13+AK13+BU13+BY13+M13+Q13+BK13+BA13+BE13+BO13 -> 16 | CF13: =D13+X13+H13+AB13+AV13+AR13+AH13+AL13+BV13+BZ13+N13+R13+BL13+BB13+BF13+BP13 -> 26 | CG13: =E13+Y13+I13+AC13+AW13+AS13+AI13+AM13+BW13+CA13+O13+S13+BM13+BC13+BG13+BQ13 -> 0 | CH13: =F13+Z13+J13+AD13+AX13+AT13+AJ13+AN13+BX13+CB13+P13+T13+BN13+BD13+BH13+BR13 -> 0 | CI13: =CE13+CF13+CG13+CH13 -> 42 | CJ13: =ROUND(L13+V13+AF13+AZ13+AP13+CD13+BJ13+BT13,-2) -> 2673200 | CK13: =CK25 -> 33.149708 | CL13: 2109900 | CM13: =CJ13-CL13 -> 563300
A14: 9 | B14: АНО "Сосновоборская частная школа" | G14: 72 | H14: 82 | I14: 36 | K14: =SUM(C14:J14) -> 190 | L14: =(C14*C$5+D14*D$5+E14*E$5+F14*F$5+G14*G$5+H14*H$5+I14*I$5+J14*J$5) -> 12248286 | U14: =SUM(M14:T14) -> 0 | V14: =(M14*M$5+N14*N$5+O14*O$5+P14*P$5+Q14*Q$5+R14*R$5+S14*S$5+T14*T$5) -> 0 | AE14: =SUM(W14:AD14) -> 0 | AF14: =(W14*W$5+X14*X$5+Y14*Y$5+Z14*Z$5+AA14*AA$5+AB14*AB$5+AC14*AC$5+AD14*AD$5) -> 0 | AO14: =SUM(AG14:AN14) -> 0 | AP14: =(AG14*AG$5+AH14*AH$5+AI14*AI$5+AJ14*AJ$5+AK14*AK$5+AL14*AL$5+AM14*AM$5+AN14*AN$5) -> 0 | AY14: =SUM(AQ14:AX14) -> 0 | AZ14: =(AQ14*AQ$5+AR14*AR$5+AS14*AS$5+AT14*AT$5+AU14*AU$5+AV14*AV$5+AW14*AW$5+AX14*AX$5) -> 0 | BI14: =SUM(BA14:BH14) -> 0 | BJ14: =(BA14*BA$5+BB14*BB$5+BC14*BC$5+BD14*BD$5+BE14*BE$5+BF14*BF$5+BG14*BG$5+BH14*BH$5) -> 0 | BS14: =SUM(BK14:BR14) -> 0 | BT14: =(BK14*BK$5+BL14*BL$5+BM14*BM$5+BN14*BN$5+BO14*BO$5+BP14*BP$5+BQ14*BQ$5+BR14*BR$5) -> 0 | CC14: =SUM(BU14:CB14) -> 0 | CD14: =(BU14*BU$5+BV14*BV$5+BW14*BW$5+BX14*BX$5+BY14*BY$5+BZ14*BZ$5+CA14*CA$5+CB14*CB$5) -> 0 | CE14: =C14+W14+G14+AA14+AU14+AQ14+AG14+AK14+BU14+BY14+M14+Q14+BK14+BA14+BE14+BO14 -> 72 | CF14: =D14+X14+H14+AB14+AV14+AR14+AH14+AL14+BV14+BZ14+N14+R14+BL14+BB14+BF14+BP14 -> 82 | CG14: =E14+Y14+I14+AC14+AW14+AS14+AI14+AM14+BW14+CA14+O14+S14+BM14+BC14+BG14+BQ14 -> 36 | CH14: =F14+Z14+J14+AD14+AX14+AT14+AJ14+AN14+BX14+CB14+P14+T14+BN14+BD14+BH14+BR14 -> 0 | CI14: =CE14+CF14+CG14+CH14 -> 190 | CJ14: =ROUND(L14+V14+AF14+AZ14+AP14+CD14+BJ14+BT14,-2) -> 12248300 | CK14: =CK26 -> 149.96571 | CL14: 9667500 | CM14: =CJ14-CL14 -> 2580800
A15: 10 | B15: ЧООУ «Деловая волна» | G15: 66 | H15: 54 | I15: 5 | K15: =SUM(C15:J15) -> 125 | L15: =(C15*C$5+D15*D$5+E15*E$5+F15*F$5+G15*G$5+H15*H$5+I15*I$5+J15*J$5) -> 7621998.5 | U15: =SUM(M15:T15) -> 0 | V15: =(M15*M$5+N15*N$5+O15*O$5+P15*P$5+Q15*Q$5+R15*R$5+S15*S$5+T15*T$5) -> 0 | AE15: =SUM(W15:AD15) -> 0 | AF15: =(W15*W$5+X15*X$5+Y15*Y$5+Z15*Z$5+AA15*AA$5+AB15*AB$5+AC15*AC$5+AD15*AD$5) -> 0 | AO15: =SUM(AG15:AN15) -> 0 | AP15: =(AG15*AG$5+AH15*AH$5+AI15*AI$5+AJ15*AJ$5+AK15*AK$5+AL15*AL$5+AM15*AM$5+AN15*AN$5) -> 0 | AY15: =SUM(AQ15:AX15) -> 0 | AZ15: =(AQ15*AQ$5+AR15*AR$5+AS15*AS$5+AT15*AT$5+AU15*AU$5+AV15*AV$5+AW15*AW$5+AX15*AX$5) -> 0 | BI15: =SUM(BA15:BH15) -> 0 | BJ15: =(BA15*BA$5+BB15*BB$5+BC15*BC$5+BD15*BD$5+BE15*BE$5+BF15*BF$5+BG15*BG$5+BH15*BH$5) -> 0 | BS15: =SUM(BK15:BR15) -> 0 | BT15: =(BK15*BK$5+BL15*BL$5+BM15*BM$5+BN15*BN$5+BO15*BO$5+BP15*BP$5+BQ15*BQ$5+BR15*BR$5) -> 0 | CC15: =SUM(BU15:CB15) -> 0 | CD15: =(BU15*BU$5+BV15*BV$5+BW15*BW$5+BX15*BX$5+BY15*BY$5+BZ15*BZ$5+CA15*CA$5+CB15*CB$5) -> 0 | CE15: =C15+W15+G15+AA15+AU15+AQ15+AG15+AK15+BU15+BY15+M15+Q15+BK15+BA15+BE15+BO15 -> 66 | CF15: =D15+X15+H15+AB15+AV15+AR15+AH15+AL15+BV15+BZ15+N15+R15+BL15+BB15+BF15+BP15 -> 54 | CG15: =E15+Y15+I15+AC15+AW15+AS15+AI15+AM15+BW15+CA15+O15+S15+BM15+BC15+BG15+BQ15 -> 5 | CH15: =F15+Z15+J15+AD15+AX15+AT15+AJ15+AN15+BX15+CB15+P15+T15+BN15+BD15+BH15+BR15 -> 0 | CI15: =CE15+CF15+CG15+CH15 -> 125 | CJ15: =ROUND(L15+V15+AF15+AZ15+AP15+CD15+BJ15+BT15,-2) -> 7622000 | CK15: =CK27 -> 98.650289 | CL15: 6015300 | CM15: =CJ15-CL15 -> 1606700
B16: ИТОГО | C16: =SUM(C6:C15) -> 0 | D16: =SUM(D6:D15) -> 0 | E16: =SUM(E6:E15) -> 0 | F16: =SUM(F6:F15) -> 14 | G16: =SUM(G6:G15) -> 460 | H16: =SUM(H6:H15) -> 399 | I16: =SUM(I6:I15) -> 61 | J16: =SUM(J6:J15) -> 40 | ... CM16: =SUM(CM6:CM15) -> 16539600
CJ18: =CJ6/CI6 -> 63270.803 | CK18: =CL6/CJ18 -> 108.12886 | CL18: =CI6-CK18 -> 28.871137
CJ19: =CJ7/CI7 -> 67076.471 | CK19: =CL7/CJ19 -> 67.095063 | CL19: =CI7-CK19 -> 17.904937
CJ20: =CJ8/CI8 -> 64633.793 | CK20: =CL8/CJ20 -> 114.44942 | CL20: =CI8-CK20 -> 30.550582
CJ21: =CJ9/CI9 -> 63622.222 | CK21: =CL9/CJ21 -> 99.447957 | CL21: =CI9-CK21 -> 26.552043
CJ22: =CJ10/CI10 -> 68270.833 | CK22: =CL10/CJ22 -> 132.613 | CL22: =CI10-CK22 -> 35.387
CJ23: =CJ11/CI11 -> 63975 | CK23: =CL11/CJ23 -> 94.71356 | CL23: =CI11-CK23 -> 25.28644
CJ24: =CJ12/CI12 -> 76568.182 | CK24: =CL12/CJ24 -> 52.109112 | CL24: =CI12-CK24 -> 13.890888
CJ25: =CJ13/CI13 -> 63647.619 | CK25: =CL13/CJ25 -> 33.149708 | CL25: =CI13-CK25 -> 8.8502918
CJ26: =CJ14/CI14 -> 64464.737 | CK26: =CL14/CJ26 -> 149.96571 | CL26: =CI14-CK26 -> 40.03429
CJ27: =CJ15/CI15 -> 60976 | CK27: =CL15/CJ27 -> 98.650289 | CL27: =CI15-CK27 -> 26.349711
CK28: =SUM(CK18:CK27) -> 950.32268 | CL28: =SUM(CL18:CL27) -> 253.67732

Sheet ИП
C1: Расчет объема финансового обеспечения затрат индивидуальным предпринимателям в связи с реализацией основных общеобразовательных программ дошкольного образования на 2021 год
A3: №№ | B3: Наименование | C3: группы общеразвивающей направленности, обычные группы | W3: Всего | AA3: Итого потребность на 2021 год | AC3: в рамках контрольных цифр
C4: кратковременного пребывания | G4: сокращенного дня | K4: полного дня | O4: продленного дня | S4: круглосуточным пребыванием
C5: до 5 часов | G5: 8 - 10 часов | K5: 10,5 - 12 часов | O5: 13 - 14 часов | S5: 24 часа
C6: до 3 лет | E6: старше 3 лет | G6: до 3 лет | I6: старше 3 лет | K6: до 3 лет | M6: старше 3 лет | O6: до 3 лет | Q6: старше 3 лет | S6: до 3 лет | U6: старше 3 лет | W6: до 3 лет | Y6: старше 3 лет | AC6: в рамках контрольных цифр
C7: 19 | D7: 23 | E7: 19 | F7: 23 | G7: 19 | H7: 23 | I7: 19 | J7: 23 | K7: 19 | L7: 23 | M7: 15 | N7: 20 | O7: 15 | P7: 20 | Q7: 15 | R7: 20 | S7: 15 | T7: 20 | U7: 15 | V7: 20 | W7: 15 | X7: 20 | Y7: 15 | Z7: 20 | AA7: 15 | AB7: 20 | AC7: контингент | AD7: сумма | AE7: доп.потребность
C8: кон-т | D8: сумма | E8: кон-т | F8: сумма | G8: кон-т | H8: сумма | I8: кон-т | J8: сумма | K8: кон-т | L8: сумма | M8: кон-т | N8: сумма | O8: кон-т | P8: сумма | Q8: кон-т | R8: сумма | S8: кон-т | T8: сумма | U8: кон-т | V8: сумма | W8: кон-т | X8: сумма | Y8: кон-т | Z8: сумма | AA8: кон-т | AB8: сумма
A9: 3 | L9: ='Нормативы ДО'!F605 -> 100525.02 | N9: ='Нормативы ДО'!J605 -> 77072.261 | P9: ='Нормативы ДО'!G605 -> 115176.52 | R9: ='Нормативы ДО'!L605 -> 101279.09 | T9: ='Норматив ДОУ_КОПО'!I583 -> 10462 | V9: ='Норматив ДОУ_КОПО'!I584 -> 8495
A10: 1 | B10: ИП Токубаев В.Э. "Детский образовательный центр" | D10: =C10*D$9 -> 0 | F10: =E10*F$9 -> 0 | H10: =G10*H$9 -> 0 | J10: =I10*J$9 -> 0 | L10: =K10*L$9 -> 0 | N10: =M10*N$9 -> 0 | O10: 6 | P10: =O10*P$9 -> 691059.11 | Q10: 20 | R10: =Q10*R$9 -> 2025581.9 | T10: =S10*T$9 -> 0 | V10: =U10*V$9 -> 0 | W10: =C10+G10+K10+O10+S10 -> 6 | X10: =D10+H10+L10+P10+T10 -> 691059.11 | Y10: =E10+I10+M10+Q10+U10 -> 20 | Z10: =F10+J10+N10+R10+V10 -> 2025581.9 | AA10: =W10+Y10 -> 26 | AB10: =ROUND(X10+Z10,-2) -> 2716600 | AC10: =AC19 -> 14.065229 | AD10: 1469600 | AE10: =AB10-AD10 -> 1247000
A11: 2 | B11: ИП Козина Н.А. | D11: =C11*D$9 -> 0 | F11: =E11*F$9 -> 0 | H11: =G11*H$9 -> 0 | J11: =I11*J$9 -> 0 | K11: 35 | L11: =K11*L$9 -> 3518375.5 | M11: 45 | N11: =M11*N$9 -> 3468251.8 | P11: =O11*P$9 -> 0 | R11: =Q11*R$9 -> 0 | T11: =S11*T$9 -> 0 | V11: =U11*V$9 -> 0 | W11: =C11+G11+K11+O11+S11 -> 35 | X11: =D11+H11+L11+P11+T11 -> 3518375.5 | Y11: =E11+I11+M11+Q11+U11 -> 45 | Z11: =F11+J11+N11+R11+V11 -> 3468251.8 | AA11: =W11+Y11 -> 80 | AB11: =ROUND(X11+Z11,-2) -> 6986600 | AC11: =AC20 -> 43.278276 | AD11: 3779600 | AE11: =AB11-AD11 -> 3207000
A12: 3 | B12: ИП Копцева И.Н. | D12: =C12*D$9 -> 0 | F12: =E12*F$9 -> 0 | H12: =G12*H$9 -> 0 | J12: =I12*J$9 -> 0 | K12: 19 | L12: =K12*L$9 -> 1909975.3 | M12: 11 | N12: =M12*N$9 -> 847794.88 | P12: =O12*P$9 -> 0 | R12: =Q12*R$9 -> 0 | T12: =S12*T$9 -> 0 | V12: =U12*V$9 -> 0 | W12: =C12+G12+K12+O12+S12 -> 19 | X12: =D12+H12+L12+P12+T12 -> 1909975.3 | Y12: =E12+I12+M12+Q12+U12 -> 11 | Z12: =F12+J12+N12+R12+V12 -> 847794.88 | AA12: =W12+Y12 -> 30 | AB12: =ROUND(X12+Z12,-2) -> 2757800 | AC12: =AC21 -> 16.229241 | AD12: 1491900 | AE12: =AB12-AD12 -> 1265900
A13: 4 | B13: ИП Иванов А.С. | D13: =C13*D$9 -> 0 | F13: =E13*F$9 -> 0 | H13: =G13*H$9 -> 0 | J13: =I13*J$9 -> 0 | K13: 20 | L13: =K13*L$9 -> 2010500.3 | M13: 28 | N13: =M13*N$9 -> 2158023.3 | P13: =O13*P$9 -> 0 | R13: =Q13*R$9 -> 0 | T13: =S13*T$9 -> 0 | V13: =U13*V$9 -> 0 | W13: =C13+G13+K13+O13+S13 -> 20 | X13: =D13+H13+L13+P13+T13 -> 2010500.3 | Y13: =E13+I13+M13+Q13+U13 -> 28 | Z13: =F13+J13+N13+R13+V13 -> 2158023.3 | AA13: =W13+Y13 -> 48 | AB13: =ROUND(X13+Z13,-2) -> 4168500 | AC13: =AC22 -> 25.967326 | AD13: 2255100 | AE13: =AB13-AD13 -> 1913400
A14: 5 | B14: ИП Белова О.П. | D14: =C14*D$9 -> 0 | F14: =E14*F$9 -> 0 | H14: =G14*H$9 -> 0 | J14: =I14*J$9 -> 0 | K14: 26 | L14: =K14*L$9 -> 2613650.4 | M14: 6 | N14: =M14*N$9 -> 462433.57 | P14: =O14*P$9 -> 0 | R14: =Q14*R$9 -> 0 | T14: =S14*T$9 -> 0 | V14: =U14*V$9 -> 0 | W14: =C14+G14+K14+O14+S14 -> 26 | X14: =D14+H14+L14+P14+T14 -> 2613650.4 | Y14: =E14+I14+M14+Q14+U14 -> 6 | Z14: =F14+J14+N14+R14+V14 -> 462433.57 | AA14: =W14+Y14 -> 32 | AB14: =ROUND(X14+Z14,-2) -> 3076100 | AC14: =AC23 -> 17.311271 | AD14: 1664100 | AE14: =AB14-AD14 -> 1412000
A15: 6 | B15: ИП Семцова А.П. | D15: =C15*D$9 -> 0 | F15: =E15*F$9 -> 0 | H15: =G15*H$9 -> 0 | J15: =I15*J$9 -> 0 | K15: 26 | L15: =K15*L$9 -> 2613650.4 | M15: 6 | N15: =M15*N$9 -> 462433.57 | P15: =O15*P$9 -> 0 | R15: =Q15*R$9 -> 0 | T15: =S15*T$9 -> 0 | V15: =U15*V$9 -> 0 | W15: =C15+G15+K15+O15+S15 -> 26 | X15: =D15+H15+L15+P15+T15 -> 2613650.4 | Y15: =E15+I15+M15+Q15+U15 -> 6 | Z15: =F15+J15+N15+R15+V15 -> 462433.57 | AA15: =W15+Y15 -> 32 | AB15: =ROUND(X15+Z15,-2) -> 3076100 | AC15: =AC24 -> 17.311271 | AD15: 1664100 | AE15: =AB15-AD15 -> 1412000
B16: Итого | C16: =SUM(C10:C15) -> 0 | D16: =SUM(D10:D15) -> 0 | E16: =SUM(E10:E15) -> 0 | F16: =SUM(F10:F15) -> 0 | G16: =SUM(G10:G15) -> 0 | H16: =SUM(H10:H15) -> 0 | I16: =SUM(I10:I15) -> 0 | J16: =SUM(J10:J15) -> 0 | ... AE16: =SUM(AE10:AE15) -> 10457300
AB19: =AB10/AA10 -> 104484.62 | AC19: =AD10/AB19 -> 14.065229 | AD19: =AA10-AC19 -> 11.934771
AB20: =AB11/AA11 -> 87332.5 | AC20: =AD11/AB20 -> 43.278276 | AD20: =AA11-AC20 -> 36.721724
AB21: =AB12/AA12 -> 91926.667 | AC21: =AD12/AB21 -> 16.229241 | AD21: =AA12-AC21 -> 13.770759
AB22: =AB13/AA13 -> 86843.75 | AC22: =AD13/AB22 -> 25.967326 | AD22: =AA13-AC22 -> 22.032674
AB23: =AB14/AA14 -> 96128.125 | AC23: =AD14/AB23 -> 17.311271 | AD23: =AA14-AC23 -> 14.688729
AB24: =AB15/AA15 -> 96128.125 | AC24: =AD15/AB24 -> 17.311271 | AD24: =AA15-AC24 -> 14.688729
AC25: =SUM(AC19:AC24) -> 134.16261 | AD25: =SUM(AD19:AD24) -> 113.83739

Sheet ЧДОУ
C1: Расчет объема субсидий частным дошкольным образовательным организациям на возмещение затрат по реализации основных общеобразовательных программ дошкольного образования на 2021 год
A3: №№ | B3: Наименование | C3: группы общеразвивающей направленности, обычные группы | W3: группы компенсирующей направленности для детей с фонетико-фонематическими нарушениями речи | AE3: Всего | AI3: Итого потребность на 2021 год | AK3: в рамках контрольных цифр
C4: кратковременного пребывания | G4: сокращенного дня | K4: полного дня | O4: продленного дня | S4: круглосуточным пребыванием | W4: сокращенного дня | AA4: полного дня
C5: до 5 часов | G5: 8 - 10 часов | K5: 10,5 - 12 часов | O5: 13 - 14 часов | S5: 24 часа | W5: 8 - 10,5 часов | AA5: 12 часов
C6: до 3 лет | E6: старше 3 лет | G6: до 3 лет | I6: старше 3 лет | K6: до 3 лет | M6: старше 3 лет | O6: до 3 лет | Q6: старше 3 лет | S6: до 3 лет | U6: старше 3 лет | W6: до 3 лет | Y6: старше 3 лет | AA6: до 3 лет | AC6: старше 3 лет | AE6: до 3 лет | AG6: старше 3 лет | AK6: в рамках контрольных цифр
C7: 19 | D7: 23 | E7: 19 | F7: 23 | G7: 19 | H7: 23 | I7: 19 | J7: 23 | K7: 19 | L7: 23 | M7: 15 | N7: 20 | O7: 15 | P7: 20 | Q7: 15 | R7: 20 | S7: 15 | T7: 20 | U7: 15 | V7: 20 | W7: 19 | X7: 23 | Y7: 19 | Z7: 23 | AA7: 19 | AB7: 23 | AC7: 19 | AD7: 23 | AE7: 15 | AF7: 20 | AG7: 15 | AH7: 20 | AI7: 15 | AJ7: 20 | AK7: контингент | AL7: сумма | AM7: доп.потребность
C8: кон-т | D8: сумма | E8: кон-т | F8: сумма | G8: кон-т | H8: сумма | I8: кон-т | J8: сумма | K8: кон-т | L8: сумма | M8: кон-т | N8: сумма | O8: кон-т | P8: сумма | Q8: кон-т | R8: сумма | S8: кон-т | T8: сумма | U8: кон-т | V8: сумма | W8: кон-т | X8: сумма | Y8: кон-т | Z8: сумма | AA8: кон-т | AB8: сумма | AC8: кон-т | AD8: сумма | AE8: кон-т | AF8: сумма | AG8: кон-т | AH8: сумма | AI8: кон-т | AJ8: сумма
A9: 3 | D9: ='Нормативы ДО'!D605 -> 49244.753 | H9: ='Нормативы ДО'!E605 -> 85873.512 | L9: ='Нормативы ДО'!F605 -> 100525.02 | N9: ='Нормативы ДО'!J605 -> 77072.261 | P9: ='Нормативы ДО'!G605 -> 115176.52 | R9: ='Нормативы ДО'!L605 -> 101279.09 | X9: ='Норматив ДОУ_КОПО'!F599 -> 0
A10: 1 | B10: ЧДОУ "Творец" | C10: 15 | D10: =C10*D$9 -> 738671.3 | F10: =E10*F$9 -> 0 | H10: =G10*H$9 -> 0 | J10: =I10*J$9 -> 0 | K10: 40 | L10: =K10*L$9 -> 4021000.6 | N10: =M10*N$9 -> 0 | P10: =O10*P$9 -> 0 | R10: =Q10*R$9 -> 0 | T10: =S10*T$9 -> 0 | V10: =U10*V$9 -> 0 | X10: =W10*X$9 -> 0 | Z10: =Y10*Z$9 -> 0 | AB10: =AA10*AB$9 -> 0 | AD10: =AC10*AD$9 -> 0 | AE10: =C10+G10+K10+O10+S10+W10+AA10 -> 55 | AF10: =D10+H10+L10+P10+T10+X10+AB10 -> 4759671.9 | AG10: =E10+I10+M10+Q10+U10+Y10+AC10 -> 0 | AH10: =F10+J10+N10+R10+V10+Z10+AD10 -> 0 | AI10: =AE10+AG10 -> 55 | AJ10: =ROUND(AF10+AH10,-2) -> 4759700 | AK10: =AK32 -> 23.839843 | AL10: 2063100 | AM10: =AJ10-AL10 -> 2696600
A11: 2 | B11: ООО "Детский цент "Доброград" | D11: =C11*D$9 -> 0 | F11: =E11*F$9 -> 0 | H11: =G11*H$9 -> 0 | J11: =I11*J$9 -> 0 | K11: 21 | L11: =K11*L$9 -> 2111025.3 | M11: 29 | N11: =M11*N$9 -> 2235095.6 | P11: =O11*P$9 -> 0 | R11: =Q11*R$9 -> 0 | T11: =S11*T$9 -> 0 | V11: =U11*V$9 -> 0 | X11: =W11*X$9 -> 0 | Z11: =Y11*Z$9 -> 0 | AB11: =AA11*AB$9 -> 0 | AD11: =AC11*AD$9 -> 0 | AE11: =C11+G11+K11+O11+S11+W11+AA11 -> 21 | AF11: =D11+H11+L11+P11+T11+X11+AB11 -> 2111025.3 | AG11: =E11+I11+M11+Q11+U11+Y11+AC11 -> 29 | AH11: =F11+J11+N11+R11+V11+Z11+AD11 -> 2235095.6 | AI11: =AE11+AG11 -> 50 | AJ11: =ROUND(AF11+AH11,-2) -> 4346100 | AK11: =AK33 -> 21.673454 | AL11: 1883900 | AM11: =AJ11-AL11 -> 2462200
A12: 3 | B12: АНО "Сосновоборская частная школа" (дошкольное отделение) | D12: =C12*D$9 -> 0 | F12: =E12*F$9 -> 0 | H12: =G12*H$9 -> 0 | J12: =I12*J$9 -> 0 | L12: =K12*L$9 -> 0 | M12: 25 | N12: =M12*N$9 -> 1926806.5 | P12: =O12*P$9 -> 0 | R12: =Q12*R$9 -> 0 | T12: =S12*T$9 -> 0 | V12: =U12*V$9 -> 0 | X12: =W12*X$9 -> 0 | Z12: =Y12*Z$9 -> 0 | AB12: =AA12*AB$9 -> 0 | AD12: =AC12*AD$9 -> 0 | AE12: =C12+G12+K12+O12+S12+W12+AA12 -> 0 | AF12: =D12+H12+L12+P12+T12+X12+AB12 -> 0 | AG12: =E12+I12+M12+Q12+U12+Y12+AC12 -> 25 | AH12: =F12+J12+N12+R12+V12+Z12+AD12 -> 1926806.5 | AI12: =AE12+AG12 -> 25 | AJ12: =ROUND(AF12+AH12,-2) -> 1926800 | AK12: =AK34 -> 10.83662 | AL12: 835200 | AM12: =AJ12-AL12 -> 1091600
A13: 4 | B13: ООО «Центр развития «Тигренок» | D13: =C13*D$9 -> 0 | F13: =E13*F$9 -> 0 | H13: =G13*H$9 -> 0 | J13: =I13*J$9 -> 0 | K13: 37 | L13: =K13*L$9 -> 3719425.6 | M13: 103 | N13: =M13*N$9 -> 7938442.9 | P13: =O13*P$9 -> 0 | R13: =Q13*R$9 -> 0 | T13: =S13*T$9 -> 0 | V13: =U13*V$9 -> 0 | X13: =W13*X$9 -> 0 | Z13: =Y13*Z$9 -> 0 | AB13: =AA13*AB$9 -> 0 | AD13: =AC13*AD$9 -> 0 | AE13: =C13+G13+K13+O13+S13+W13+AA13 -> 37 | AF13: =D13+H13+L13+P13+T13+X13+AB13 -> 3719425.6 | AG13: =E13+I13+M13+Q13+U13+Y13+AC13 -> 103 | AH13: =F13+J13+N13+R13+V13+Z13+AD13 -> 7938442.9 | AI13: =AE13+AG13 -> 140 | AJ13: =ROUND(AF13+AH13,-2) -> 11657900 | AK13: =AK35 -> 60.685201 | AL13: 5053300 | AM13: =AJ13-AL13 -> 6604600
A14: 5 | B14: ЧУДО "Маленькая страна "Кудрово" | D14: =C14*D$9 -> 0 | F14: =E14*F$9 -> 0 | H14: =G14*H$9 -> 0 | J14: =I14*J$9 -> 0 | L14: =K14*L$9 -> 0 | N14: =M14*N$9 -> 0 | O14: 91 | P14: =O14*P$9 -> 10481063 | Q14: 127 | R14: =Q14*R$9 -> 12862445 | T14: =S14*T$9 -> 0 | V14: =U14*V$9 -> 0 | X14: =W14*X$9 -> 0 | Z14: =Y14*Z$9 -> 0 | AB14: =AA14*AB$9 -> 0 | AC14: 0 | AD14: =AC14*AD$9 -> 0 | AE14: =C14+G14+K14+O14+S14+W14+AA14 -> 91 | AF14: =D14+H14+L14+P14+T14+X14+AB14 -> 10481063 | AG14: =E14+I14+M14+Q14+U14+Y14+AC14 -> 127 | AH14: =F14+J14+N14+R14+V14+Z14+AD14 -> 12862445 | AI14: =AE14+AG14 -> 218 | AJ14: =ROUND(AF14+AH14,-2) -> 23343500 | AK14: =AK36 -> 94.496395 | AL14: 10118700 | AM14: =AJ14-AL14 -> 13224800
A15: 6 | B15: АНО ДО "Детский сад "Лучик" | D15: =C15*D$9 -> 0 | F15: =E15*F$9 -> 0 | H15: =G15*H$9 -> 0 | J15: =I15*J$9 -> 0 | K15: 0 | L15: =K15*L$9 -> 0 | M15: 0 | N15: =M15*N$9 -> 0 | O15: 112 | P15: =O15*P$9 -> 12899770 | Q15: 218 | R15: =Q15*R$9 -> 22078842 | T15: =S15*T$9 -> 0 | V15: =U15*V$9 -> 0 | X15: =W15*X$9 -> 0 | Z15: =Y15*Z$9 -> 0 | AB15: =AA15*AB$9 -> 0 | AD15: =AC15*AD$9 -> 0 | AE15: =C15+G15+K15+O15+S15+W15+AA15 -> 112 | AF15: =D15+H15+L15+P15+T15+X15+AB15 -> 12899770 | AG15: =E15+I15+M15+Q15+U15+Y15+AC15 -> 218 | AH15: =F15+J15+N15+R15+V15+Z15+AD15 -> 22078842 | AI15: =AE15+AG15 -> 330 | AJ15: =ROUND(AF15+AH15,-2) -> 34978600 | AK15: =AK37 -> 143.0444 | AL15: 15162100 | AM15: =AJ15-AL15 -> 19816500
A16: 7 | B16: ООО ДО "Детский сад "Лучик" | D16: =C16*D$9 -> 0 | F16: =E16*F$9 -> 0 | H16: =G16*H$9 -> 0 | J16: =I16*J$9 -> 0 | K16: 0 | L16: =K16*L$9 -> 0 | M16: 0 | N16: =M16*N$9 -> 0 | O16: 191 | P16: =O16*P$9 -> 21998715 | Q16: 165 | R16: =Q16*R$9 -> 16711050 | T16: =S16*T$9 -> 0 | V16: =U16*V$9 -> 0 | X16: =W16*X$9 -> 0 | Z16: =Y16*Z$9 -> 0 | AB16: =AA16*AB$9 -> 0 | AD16: =AC16*AD$9 -> 0 | AE16: =C16+G16+K16+O16+S16+W16+AA16 -> 191 | AF16: =D16+H16+L16+P16+T16+X16+AB16 -> 21998715 | AG16: =E16+I16+M16+Q16+U16+Y16+AC16 -> 165 | AH16: =F16+J16+N16+R16+V16+Z16+AD16 -> 16711050 | AI16: =AE16+AG16 -> 356 | AJ16: =ROUND(AF16+AH16,-2) -> 38709800 | AK16: =AK38 -> 154.31406 | AL16: 16779400 | AM16: =AJ16-AL16 -> 21930400
A17: 8 | B17: ООО "Система" (Эрудит) | D17: =C17*D$9 -> 0 | F17: =E17*F$9 -> 0 | H17: =G17*H$9 -> 0 | J17: =I17*J$9 -> 0 | K17: 60 | L17: =K17*L$9 -> 6031500.9 | M17: 26 | N17: =M17*N$9 -> 2003878.8 | P17: =O17*P$9 -> 0 | R17: =Q17*R$9 -> 0 | T17: =S17*T$9 -> 0 | V17: =U17*V$9 -> 0 | X17: =W17*X$9 -> 0 | Z17: =Y17*Z$9 -> 0 | AB17: =AA17*AB$9 -> 0 | AD17: =AC17*AD$9 -> 0 | AE17: =C17+G17+K17+O17+S17+W17+AA17 -> 60 | AF17: =D17+H17+L17+P17+T17+X17+AB17 -> 6031500.9 | AG17: =E17+I17+M17+Q17+U17+Y17+AC17 -> 26 | AH17: =F17+J17+N17+R17+V17+Z17+AD17 -> 2003878.8 | AI17: =AE17+AG17 -> 86 | AJ17: =ROUND(AF17+AH17,-2) -> 8035400 | AK17: =AK39 -> 37.278368 | AL17: 3483100 | AM17: =AJ17-AL17 -> 4552300
A18: 9 | B18: ООО "Маленькая страна Новогорелово" | D18: =C18*D$9 -> 0 | F18: =E18*F$9 -> 0 | H18: =G18*H$9 -> 0 | J18: =I18*J$9 -> 0 | L18: =K18*L$9 -> 0 | N18: =M18*N$9 -> 0 | O18: 13 | P18: =O18*P$9 -> 1497294.7 | Q18: 55 | R18: =Q18*R$9 -> 5570350.1 | T18: =S18*T$9 -> 0 | V18: =U18*V$9 -> 0 | X18: =W18*X$9 -> 0 | Z18: =Y18*Z$9 -> 0 | AB18: =AA18*AB$9 -> 0 | AD18: =AC18*AD$9 -> 0 | AE18: =C18+G18+K18+O18+S18+W18+AA18 -> 13 | AF18: =D18+H18+L18+P18+T18+X18+AB18 -> 1497294.7 | AG18: =E18+I18+M18+Q18+U18+Y18+AC18 -> 55 | AH18: =F18+J18+N18+R18+V18+Z18+AD18 -> 5570350.1 | AI18: =AE18+AG18 -> 68 | AJ18: =ROUND(AF18+AH18,-2) -> 7067600 | AK18: =AK40 -> 29.476031 | AL18: 3063600 | AM18: =AJ18-AL18 -> 4004000
A19: 10 | B19: НО ЧДОУ Детский сад "Планета ДЕТСТВА" | D19: =C19*D$9 -> 0 | F19: =E19*F$9 -> 0 | H19: =G19*H$9 -> 0 | J19: =I19*J$9 -> 0 | L19: =K19*L$9 -> 0 | N19: =M19*N$9 -> 0 | O19: 35 | P19: =O19*P$9 -> 4031178.1 | Q19: 40 | R19: =Q19*R$9 -> 4051163.7 | T19: =S19*T$9 -> 0 | V19: =U19*V$9 -> 0 | X19: =W19*X$9 -> 0 | Z19: =Y19*Z$9 -> 0 | AB19: =AA19*AB$9 -> 0 | AD19: =AC19*AD$9 -> 0 | AE19: =C19+G19+K19+O19+S19+W19+AA19 -> 35 | AF19: =D19+H19+L19+P19+T19+X19+AB19 -> 4031178.1 | AG19: =E19+I19+M19+Q19+U19+Y19+AC19 -> 40 | AH19: =F19+J19+N19+R19+V19+Z19+AD19 -> 4051163.7 | AI19: =AE19+AG19 -> 75 | AJ19: =ROUND(AF19+AH19,-2) -> 8082300 | AK19: =AK41 -> 32.510857 | AL19: 3503500 | AM19: =AJ19-AL19 -> 4578800
A20: 11 | B20: ЧОУ ННО "УМНЫЙ МИР" | D20: =C20*D$9 -> 0 | F20: =E20*F$9 -> 0 | H20: =G20*H$9 -> 0 | J20: =I20*J$9 -> 0 | K20: 152 | L20: =K20*L$9 -> 15279802 | M20: 266 | N20: =M20*N$9 -> 20501222 | P20: =O20*P$9 -> 0 | R20: =Q20*R$9 -> 0 | T20: =S20*T$9 -> 0 | V20: =U20*V$9 -> 0 | X20: =W20*X$9 -> 0 | Z20: =Y20*Z$9 -> 0 | AB20: =AA20*AB$9 -> 0 | AD20: =AC20*AD$9 -> 0 | AE20: =C20+G20+K20+O20+S20+W20+AA20 -> 152 | AF20: =D20+H20+L20+P20+T20+X20+AB20 -> 15279802 | AG20: =E20+I20+M20+Q20+U20+Y20+AC20 -> 266 | AH20: =F20+J20+N20+R20+V20+Z20+AD20 -> 20501222 | AI20: =AE20+AG20 -> 418 | AJ20: =ROUND(AF20+AH20,-2) -> 35781000 | AK20: =AK42 -> 181.18941 | AL20: 15509900 | AM20: =AJ20-AL20 -> 20271100
A21: 12 | B21: ЧОУ Гимназия "Грэйс" | D21: =C21*D$9 -> 0 | F21: =E21*F$9 -> 0 | H21: =G21*H$9 -> 0 | J21: =I21*J$9 -> 0 | L21: =K21*L$9 -> 0 | M21: 25 | N21: =M21*N$9 -> 1926806.5 | P21: =O21*P$9 -> 0 | R21: =Q21*R$9 -> 0 | T21: =S21*T$9 -> 0 | V21: =U21*V$9 -> 0 | X21: =W21*X$9 -> 0 | Z21: =Y21*Z$9 -> 0 | AB21: =AA21*AB$9 -> 0 | AD21: =AC21*AD$9 -> 0 | AE21: =C21+G21+K21+O21+S21+W21+AA21 -> 0 | AF21: =D21+H21+L21+P21+T21+X21+AB21 -> 0 | AG21: =E21+I21+M21+Q21+U21+Y21+AC21 -> 25 | AH21: =F21+J21+N21+R21+V21+Z21+AD21 -> 1926806.5 | AI21: =AE21+AG21 -> 25 | AJ21: =ROUND(AF21+AH21,-2) -> 1926800 | AK21: =AK43 -> 10.83662 | AL21: 835200 | AM21: =AJ21-AL21 -> 1091600
A22: 13 | B22: ООО "Маленькая страна Щеглово" | D22: =C22*D$9 -> 0 | F22: =E22*F$9 -> 0 | H22: =G22*H$9 -> 0 | J22: =I22*J$9 -> 0 | L22: =K22*L$9 -> 0 | N22: =M22*N$9 -> 0 | O22: 39 | P22: =O22*P$9 -> 4491884.2 | Q22: 33 | R22: =Q22*R$9 -> 3342210.1 | T22: =S22*T$9 -> 0 | V22: =U22*V$9 -> 0 | X22: =W22*X$9 -> 0 | Z22: =Y22*Z$9 -> 0 | AB22: =AA22*AB$9 -> 0 | AD22: =AC22*AD$9 -> 0 | AE22: =C22+G22+K22+O22+S22+W22+AA22 -> 39 | AF22: =D22+H22+L22+P22+T22+X22+AB22 -> 4491884.2 | AG22: =E22+I22+M22+Q22+U22+Y22+AC22 -> 33 | AH22: =F22+J22+N22+R22+V22+Z22+AD22 -> 3342210.1 | AI22: =AE22+AG22 -> 72 | AJ22: =ROUND(AF22+AH22,-2) -> 7834100 | AK22: =AK44 -> 31.209405 | AL22: 3395800 | AM22: =AJ22-AL22 -> 4438300
A23: 14 | B23: ООО "ТОСНО ПРОЕКТ" | D23: =C23*D$9 -> 0 | F23: =E23*F$9 -> 0 | G23: 20 | H23: =G23*H$9 -> 1717470.2 | J23: =I23*J$9 -> 0 | L23: =K23*L$9 -> 0 | N23: =M23*N$9 -> 0 | P23: =O23*P$9 -> 0 | R23: =Q23*R$9 -> 0 | T23: =S23*T$9 -> 0 | V23: =U23*V$9 -> 0 | X23: =W23*X$9 -> 0 | Z23: =Y23*Z$9 -> 0 | AB23: =AA23*AB$9 -> 0 | AD23: =AC23*AD$9 -> 0 | AE23: =C23+G23+K23+O23+S23+W23+AA23 -> 20 | AF23: =D23+H23+L23+P23+T23+X23+AB23 -> 1717470.2 | AG23: =E23+I23+M23+Q23+U23+Y23+AC23 -> 0 | AH23: =F23+J23+N23+R23+V23+Z23+AD23 -> 0 | AI23: =AE23+AG23 -> 20 | AJ23: =ROUND(AF23+AH23,-2) -> 1717500 | AK23: =AK45 -> 8.6695779 | AL23: 744500 | AM23: =AJ23-AL23 -> 973000
A24: 15 | B24: ЧДОУ "Новая История" | D24: =C24*D$9 -> 0 | F24: =E24*F$9 -> 0 | H24: =G24*H$9 -> 0 | J24: =I24*J$9 -> 0 | K24: 64 | L24: =K24*L$9 -> 6433601 | M24: 36 | N24: =M24*N$9 -> 2774601.4 | P24: =O24*P$9 -> 0 | R24: =Q24*R$9 -> 0 | T24: =S24*T$9 -> 0 | V24: =U24*V$9 -> 0 | X24: =W24*X$9 -> 0 | Z24: =Y24*Z$9 -> 0 | AB24: =AA24*AB$9 -> 0 | AD24: =AC24*AD$9 -> 0 | AE24: =C24+G24+K24+O24+S24+W24+AA24 -> 64 | AF24: =D24+H24+L24+P24+T24+X24+AB24 -> 6433601 | AG24: =E24+I24+M24+Q24+U24+Y24+AC24 -> 36 | AH24: =F24+J24+N24+R24+V24+Z24+AD24 -> 2774601.4 | AI24: =AE24+AG24 -> 100 | AJ24: =ROUND(AF24+AH24,-2) -> 9208200 | AK24: =AK46 -> 43.346148 | AL24: 3991400 | AM24: =AJ24-AL24 -> 5216800
A25: 16 | B25: ООО "РОСТ ОК" | D25: =C25*D$9 -> 0 | F25: =E25*F$9 -> 0 | H25: =G25*H$9 -> 0 | J25: =I25*J$9 -> 0 | K25: 35 | L25: =K25*L$9 -> 3518375.5 | M25: 5 | N25: =M25*N$9 -> 385361.31 | P25: =O25*P$9 -> 0 | R25: =Q25*R$9 -> 0 | T25: =S25*T$9 -> 0 | V25: =U25*V$9 -> 0 | X25: =W25*X$9 -> 0 | Z25: =Y25*Z$9 -> 0 | AB25: =AA25*AB$9 -> 0 | AD25: =AC25*AD$9 -> 0 | AE25: =C25+G25+K25+O25+S25+W25+AA25 -> 35 | AF25: =D25+H25+L25+P25+T25+X25+AB25 -> 3518375.5 | AG25: =E25+I25+M25+Q25+U25+Y25+AC25 -> 5 | AH25: =F25+J25+N25+R25+V25+Z25+AD25 -> 385361.31 | AI25: =AE25+AG25 -> 40 | AJ25: =ROUND(AF25+AH25,-2) -> 3903700 | AK25: =AK47 -> 17.338423 | AL25: 1692100 | AM25: =AJ25-AL25 -> 2211600
A26: 17 | B26: ООО "УМКА" | D26: =C26*D$9 -> 0 | F26: =E26*F$9 -> 0 | H26: =G26*H$9 -> 0 | J26: =I26*J$9 -> 0 | K26: 26 | L26: =K26*L$9 -> 2613650.4 | N26: =M26*N$9 -> 0 | P26: =O26*P$9 -> 0 | R26: =Q26*R$9 -> 0 | T26: =S26*T$9 -> 0 | V26: =U26*V$9 -> 0 | X26: =W26*X$9 -> 0 | Z26: =Y26*Z$9 -> 0 | AB26: =AA26*AB$9 -> 0 | AD26: =AC26*AD$9 -> 0 | AE26: =C26+G26+K26+O26+S26+W26+AA26 -> 26 | AF26: =D26+H26+L26+P26+T26+X26+AB26 -> 2613650.4 | AG26: =E26+I26+M26+Q26+U26+Y26+AC26 -> 0 | AH26: =F26+J26+N26+R26+V26+Z26+AD26 -> 0 | AI26: =AE26+AG26 -> 26 | AJ26: =ROUND(AF26+AH26,-2) -> 2613700 | AK26: =AK48 -> 11.269618 | AL26: 1132900 | AM26: =AJ26-AL26 -> 1480800
B27: Итого | C27: =SUM(C10:C26) -> 15 | D27: =SUM(D10:D26) -> 738671.3 | E27: =SUM(E10:E26) -> 0 | F27: =SUM(F10:F26) -> 0 | G27: =SUM(G10:G26) -> 20 | H27: =SUM(H10:H26) -> 1717470.2 | I27: =SUM(I10:I26) -> 0 | J27: =SUM(J10:J26) -> 0 | ... AM27: =SUM(AM10:AM26) -> 116645000
AI29: =AI27+ИП!AA16+ЧООУ!CI16 -> 3556
AJ32: =AJ10/AI10 -> 86540 | AK32: =AL10/AJ32 -> 23.839843 | AL32: =AI10-AK32 -> 31.160157
AJ33: =AJ11/AI11 -> 86922 | AK33: =AL11/AJ33 -> 21.673454 | AL33: =AI11-AK33 -> 28.326546
AJ34: =AJ12/AI12 -> 77072 | AK34: =AL12/AJ34 -> 10.83662 | AL34: =AI12-AK34 -> 14.16338
AJ35: =AJ13/AI13 -> 83270.714 | AK35: =AL13/AJ35 -> 60.685201 | AL35: =AI13-AK35 -> 79.314799
AJ36: =AJ14/AI14 -> 107080.28 | AK36: =AL14/AJ36 -> 94.496395 | AL36: =AI14-AK36 -> 123.5036
AJ37: =AJ15/AI15 -> 105995.76 | AK37: =AL15/AJ37 -> 143.0444 | AL37: =AI15-AK37 -> 186.9556
AJ38: =AJ16/AI16 -> 108735.39 | AK38: =AL16/AJ38 -> 154.31406 | AL38: =AI16-AK38 -> 201.68594
AJ39: =AJ17/AI17 -> 93434.884 | AK39: =AL17/AJ39 -> 37.278368 | AL39: =AI17-AK39 -> 48.721632
AJ40: =AJ18/AI18 -> 103935.29 | AK40: =AL18/AJ40 -> 29.476031 | AL40: =AI18-AK40 -> 38.523969
AJ41: =AJ19/AI19 -> 107764 | AK41: =AL19/AJ41 -> 32.510857 | AL41: =AI19-AK41 -> 42.489143
AJ42: =AJ20/AI20 -> 85600.478 | AK42: =AL20/AJ42 -> 181.18941 | AL42: =AI20-AK42 -> 236.81059
AJ43: =AJ21/AI21 -> 77072 | AK43: =AL21/AJ43 -> 10.83662 | AL43: =AI21-AK43 -> 14.16338
... AJ48: =AJ26/AI26 -> 100526.92 | AK48: =AL26/AJ48 -> 11.269618 | AL48: =AI26-AK48 -> 14.730382
AK49: =SUM(AK32:AK48) -> 912.01443 | AL49: =SUM(AL32:AL48) -> 1191.9856

Sheet сравнение
A2: №№ | B2: Наименование | C2: Субсиии на 2021_КОПО | D2: Субсиии на 2021 | E2: отклонения | F2: разница,%
B3: ЧООУ | C3: =SUM(C4:C13) -> 82694400 | D3: =SUM(D4:D13) -> 78501400
A4: 1 | B4: =ЧООУ!B6 -> ЧОУ Гимназия "Грэйс" | C4: =ЧООУ_КОПО!CJ6 -> 9010600 | D4: =ЧООУ!CJ6 -> 8668100 | E4: =D4-C4 -> -342500 | F4: =E4/C4 -> -0.038010787
A5: 2 | B5: =ЧООУ!B7 -> ЧОУ "Школа "Лужки"" | C5: =ЧООУ_КОПО!CJ7 -> 7330900 | D5: =ЧООУ!CJ7 -> 5701500 | E5: =D5-C5 -> -1629400 | F5: =E5/C5 -> -0.22226466
A6: 3 | B6: =ЧООУ!B8 -> ЧОУ "Гатчинская гимназия Апекс" | C6: =ЧООУ_КОПО!CJ8 -> 10203200 | D6: =ЧООУ!CJ8 -> 9371900 | E6: =D6-C6 -> -831300 | F6: =E6/C6 -> -0.081474439
A7: 4 | B7: =ЧООУ!B9 -> ЧОУ "Первая академическая гимназия г.Гатчины" | C7: =ЧООУ_КОПО!CJ9 -> 8806200 | D7: =ЧООУ!CJ9 -> 8016400 | E7: =D7-C7 -> -789800 | F7: =E7/C7 -> -0.089686812
A8: 5 | B8: =ЧООУ!B10 -> АНО ОУ "Школа имени императора Александра III" | C8: =ЧООУ_КОПО!CJ10 -> 11129000 | D8: =ЧООУ!CJ10 -> 11469500 | E8: =D8-C8 -> 340500 | F8: =E8/C8 -> 0.030595741
A9: 6 | B9: =ЧООУ!B11 -> ЧОУ "Кингисеппская СОШ Православной культуры" | C9: =ЧООУ_КОПО!CJ11 -> 8315200 | D9: =ЧООУ!CJ11 -> 7677000 | E9: =D9-C9 -> -638200 | F9: =E9/C9 -> -0.07675101
A10: 7 | B10: =ЧООУ!B12 -> НОУ школа "Истоки" | C10: =ЧООУ_КОПО!CJ12 -> 4310500 | D10: =ЧООУ!CJ12 -> 5053500 | E10: =D10-C10 -> 743000 | F10: =E10/C10 -> 0.17236979
A11: 8 | B11: =ЧООУ!B13 -> НОУ СО "Школа Русской Культуры преподобных Сергия и Германа Валаамсяких" | C11: =ЧООУ_КОПО!CJ13 -> 2748400 | D11: =ЧООУ!CJ13 -> 2673200 | E11: =D11-C11 -> -75200 | F11: =E11/C11 -> -0.027361374
A12: 9 | B12: =ЧООУ!B14 -> АНО "Сосновоборская частная школа" | C12: =ЧООУ_КОПО!CJ14 -> 13014200 | D12: =ЧООУ!CJ14 -> 12248300 | E12: =D12-C12 -> -765900 | F12: =E12/C12 -> -0.058851101
A13: 10 | B13: =ЧООУ!B15 -> ЧООУ «Деловая волна» | C13: =ЧООУ_КОПО!CJ15 -> 7826200 | D13: =ЧООУ!CJ15 -> 7622000 | E13: =D13-C13 -> -204200 | F13: =E13/C13 -> -0.026091845
B14: ИП | C14: =SUM(C15:C20) -> 24020600 | D14: =SUM(D15:D20) -> 22781700
A15: 1 | B15: ИП Токубаев В.Э. "Детский образовательный центр" | C15: =ИП_КОПО!AB12 -> 2711000 | D15: =ИП!AB10 -> 2716600 | E15: =D15-C15 -> 5600 | F15: =E15/C15 -> 0.0020656584
A16: 2 | B16: ИП Козина Н.А. | C16: =ИП_КОПО!AB13 -> 7474800 | D16: =ИП!AB11 -> 6986600 | E16: =D16-C16 -> -488200 | F16: =E16/C16 -> -0.065312784
A17: 3 | B17: ИП Копцева И.Н. | C17: =ИП_КОПО!AB14 -> 2918400 | D17: =ИП!AB12 -> 2757800 | E17: =D17-C17 -> -160600 | F17: =E17/C17 -> -0.055030154
A18: 4 | B18: ИП Иванов А.С. | C18: =ИП_КОПО!AB15 -> 4465200 | D18: =ИП!AB13 -> 4168500 | E18: =D18-C18 -> -296700 | F18: =E18/C18 -> -0.066447192
A19: 5 | B19: ИП Белова О.П. | C19: =ИП_КОПО!AB16 -> 3225600 | D19: =ИП!AB14 -> 3076100 | E19: =D19-C19 -> -149500 | F19: =E19/C19 -> -0.046347966
A20: 6 | B20: ИП Семцова А.П. | C20: =ИП_КОПО!AB17 -> 3225600 | D20: =ИП!AB15 -> 3076100 | E20: =D20-C20 -> -149500 | F20: =E20/C20 -> -0.046347966
B21: ЧДОУ | C21: =SUM(C22:C38) -> 219694600 | D21: =SUM(D22:D38) -> 205892700
A22: 1 | B22: ЧДОУ "Творец" | C22: =ЧДОУ_КОПО!AJ12 -> 4976600 | D22: =ЧДОУ!AJ10 -> 4759700 | E22: =D22-C22 -> -216900 | F22: =E22/C22 -> -0.043583973
A23: 2 | B23: ООО "Детский цент "Доброград" | C23: =ЧДОУ_КОПО!AJ13 -> 4793500 | D23: =ЧДОУ!AJ11 -> 4346100 | E23: =D23-C23 -> -447400 | F23: =E23/C23 -> -0.093334724
A24: 3 | B24: АНО "Сосновоборская частная школа" (дошкольное отделение) | C24: =ЧДОУ_КОПО!AJ14 -> 2184300 | D24: =ЧДОУ!AJ12 -> 1926800 | E24: =D24-C24 -> -257500 | F24: =E24/C24 -> -0.11788674
A25: 4 | B25: ООО «Центр развития «Тигренок» | C25: =ЧДОУ_КОПО!AJ15 -> 12980700 | D25: =ЧДОУ!AJ13 -> 11657900 | E25: =D25-C25 -> -1322800 | F25: =E25/C25 -> -0.10190514
A26: 5 | B26: ЧУДО "Маленькая страна "Кудрово" | C26: =ЧДОУ_КОПО!AJ16 -> 24370900 | D26: =ЧДОУ!AJ14 -> 23343500 | E26: =D26-C26 -> -1027400 | F26: =E26/C26 -> -0.042156835
A27: 6 | B27: АНО ДО "Детский сад "Лучик" | C27: =ЧДОУ_КОПО!AJ17 -> 36283800 | D27: =ЧДОУ!AJ15 -> 34978600 | E27: =D27-C27 -> -1305200 | F27: =E27/C27 -> -0.035971976
A28: 7 | B28: ООО ДО "Детский сад "Лучик" | C28: =ЧДОУ_КОПО!AJ18 -> 40799000 | D28: =ЧДОУ!AJ16 -> 38709800 | E28: =D28-C28 -> -2089200 | F28: =E28/C28 -> -0.051207137
A29: 8 | B29: ООО "Система" (Эрудит) | C29: =ЧДОУ_КОПО!AJ19 -> 8727900 | D29: =ЧДОУ!AJ17 -> 8035400 | E29: =D29-C29 -> -692500 | F29: =E29/C29 -> -0.079343256
A30: 9 | B30: ООО "Маленькая страна Новогорелово" | C30: =ЧДОУ_КОПО!AJ20 -> 7238800 | D30: =ЧДОУ!AJ18 -> 7067600 | E30: =D30-C30 -> -171200 | F30: =E30/C30 -> -0.023650329
A31: 10 | B31: НО ЧДОУ Детский сад "Планета ДЕТСТВА" | C31: =ЧДОУ_КОПО!AJ21 -> 8471600 | D31: =ЧДОУ!AJ19 -> 8082300 | E31: =D31-C31 -> -389300 | F31: =E31/C31 -> -0.045953539
A32: 11 | B32: ЧОУ ННО "УМНЫЙ МИР" | C32: =ЧДОУ_КОПО!AJ22 -> 39596800 | D32: =ЧДОУ!AJ20 -> 35781000 | E32: =D32-C32 -> -3815800 | F32: =E32/C32 -> -0.096366373
A33: 12 | B33: ЧОУ Гимназия "Грэйс" | C33: =ЧДОУ_КОПО!AJ23 -> 2184300 | D33: =ЧДОУ!AJ21 -> 1926800 | E33: =D33-C33 -> -257500 | F33: =E33/C33 -> -0.11788674
... A38: 17 | B38: ООО "УМКА" | C38: =ЧДОУ_КОПО!AJ28 -> 2797700 | D38: =ЧДОУ!AJ26 -> 2613700 | E38: =D38-C38 -> -184000 | F38: =E38/C38 -> -0.06576831
B39: ИТОГО | C39: =C21+C14+C3 -> 326409600 | D39: =D21+D14+D3 -> 307175800
D40: =D39-C39 -> -19233800

Sheet Исходные для нормативов
A1: Показатели | C1: Общее образование в общеобразовательных учреждениях
C2: Начальное общее образование | D2: Основное общее образование | E2: Среднее (полное) общее образование
A3: Предельно допустимая учебная нагрузка при 6-дневной учебной неделе | C3: 3345 | D3: 6020 | E3: 2590
A4: количество лет обучения | C4: 4 | D4: 5 | E4: 2
A5: Продолжительность учебного года, в неделях | C5: 34 | D5: 34 | E5: 35
A6: Количество часов по учебному плану в неделю | C6: =C3/C4/C5 -> 24.595588 | D6: =ROUND(D3/D4/D5,0) -> 35 | E6: =E3/E4/E5 -> 37
A7: Количество часов по учебному плану в неделю для учащихся с ОВЗ при комплектовании по первому варианту | C7: =C6 -> 24.595588 | D7: =D6 -> 35 | E7: =E6 -> 37
A8: Количество часов по учебному плану в неделю для учащихся с ОВЗ при комплектовании по второму, третьему и четвертому вариантам | C8: =(21+23*3)/4 -> 22.5 | D8: =(29+30+32+33*2)/5 -> 31.4 | E8: 34
A9: Бsn - количество часов по базисному учебному плану в неделю:
A10: на реализацию общеобразовательных программ в дневных общеобразовательных учреждениях | C10: =ROUND(C6,0) -> 25 | D10: =ROUND(D6,0) -> 35 | E10: =ROUND(E6,0) -> 37
A11: на реализацию общеобразовательных программ при вечерней (заочной формой обучения) | C11: 25 | D11: 26 | E11: 26
A12: для индивидуального обучения длительно болеющих учащихся | C12: 8 | D12: 10 | E12: 11
A13: для семейного обучения | C13: 9 | D13: 17 | E13: 19
A14: Количество часов внеурочной деятельности в рамках реализации ФГОС | C14: 10 | D14: 10 | E14: 10
A15: Мsn – расчетная наполняемость:
A16: общеобразовательных классов общеобразовательных учреждений, расположенных в городской местности | C16: 25 | D16: 25 | E16: 25
A17: общеобразовательных классов общеобразовательных учреждений, расположенных в поселках городского типа с контингентом обучающихся более 300 человек | C17: 25 | D17: 25 | E17: 25
A18: общеобразовательных классов общеобразовательных учреждений, расположенных в поселках городского типа с контингентом обучающихся от 201 до 300 человек | C18: 23 | D18: 23 | E18: 23
A19: общеобразовательных классов общеобразовательных учреждений, расположенных в поселках городского типа с контингентом обучающихся от 101 до 200 человек | C19: 15 | D19: 15 | E19: 15
A20: общеобразовательных классов общеобразовательных учреждений, расположенных в поселках городского типа с контингентом обучающихся менее 100 человек | C20: 10 | D20: 10 | E20: 10
A21: общеобразовательных классов общеобразовательных учреждений с контингентом обучающихся более 250 человек, расположенных в сельской местности | C21: 20 | D21: 20 | E21: 20
A22: общеобразовательных классов общеобразовательных учреждений с контингентом обучающихся от 201 до 250 человек, расположенных в сельской местности | C22: 18 | D22: 18 | E22: 18
A23: общеобразовательных классов общеобразовательных учреждений с контингентом обучающихся от 101 до 200 человек, расположенных в сельской местности | C23: 15 | D23: 15 | E23: 15
A24: общеобразовательных классов общеобразовательных учреждений с контингентом обучающихся от 61 до 100 человек, расположенных в сельской местности; | C24: 11 | D24: 11 | E24: 11
A25: общеобразовательных классов общеобразовательных учреждений с контингентом обучающихся менее 61 человека, расположенных в сельской местности | C25: 7 | D25: 7 | E25: 7
A26: общеобразовательных школ-интернатов, расположенных в городской местности | C26: 20 | D26: 20 | E26: 20
A27: общеобразовательных школ-интернатов, расположенных в сельской местности | C27: 14 | D27: 14 | E27: 14
A28: 1 вариант программы образования учащихся с ОВЗ | B28: глухие обучающиеся | C28: 20 | D28: =C28 -> 20 | E28: =D28 -> 20
B29: слабослышащие и познооглохшие обучающиеся | C29: 25 | D29: =C29 -> 25 | E29: =D29 -> 25
B30: слепые обучающиеся | C30: 20 | D30: =C30 -> 20 | E30: =D30 -> 20
B31: слабовидящие обучающиеся | C31: 25 | D31: =C31 -> 25 | E31: =D31 -> 25
B32: обучающиеся с тяжелыми нарушениями речи (ТНР) | C32: 25 | D32: =C32 -> 25 | E32: =D32 -> 25
B33: обучающиеся с нарушением опорно-двигательного аппарата | C33: 20 | D33: =C33 -> 20 | E33: =D33 -> 20
B34: обучающиеся с задержкой психического развития (ЗПР) | C34: 25 | D34: =C34 -> 25 | E34: =D34 -> 25
B35: обучающиеся с расстройствами аутического спектора (РАС) | C35: 20 | D35: =C35 -> 20 | E35: =D35 -> 20
B36: обучающиеся с умственной отсталостью (интеллектуальными нарушениями) | C36: 0 | D36: =C36 -> 0 | E36: =D36 -> 0
A37: 2 вариант программы образования учащихся с ОВЗ | B37: глухие обучающиеся | C37: 6 | D37: =C37 -> 6 | E37: =D37 -> 6
B38: слабослышащие и познооглохшие обучающиеся | C38: 7 | D38: =C38 -> 7 | E38: =D38 -> 7
B39: слепые обучающиеся | C39: 9 | D39: =C39 -> 9 | E39: =D39 -> 9
B40: слабовидящие обучающиеся | C40: 12 | D40: =C40 -> 12 | E40: =D40 -> 12
B41: обучающиеся с тяжелыми нарушениями речи (ТНР) | C41: 12 | D41: =C41 -> 12 | E41: =D41 -> 12
B42: обучающиеся с нарушением опорно-двигательного аппарата | C42: 5 | D42: =C42 -> 5 | E42: =D42 -> 5
B43: обучающиеся с задержкой психического развития (ЗПР) | C43: 12 | D43: =C43 -> 12 | E43: =D43 -> 12
B44: обучающиеся с расстройствами аутического спектора (РАС) | C44: 12 | D44: =C44 -> 12 | E44: =D44 -> 12
B45: обучающиеся с умственной отсталостью (интеллектуальными нарушениями) | C45: 0 | D45: =C45 -> 0 | E45: =D45 -> 0
A46: 3 вариант программы образования учащихся с ОВЗ | B46: глухие обучающиеся | C46: 5 | D46: =C46 -> 5 | E46: =D46 -> 5
B47: слабослышащие и познооглохшие обучающиеся | C47: 5 | D47: =C47 -> 5 | E47: =D47 -> 5
B48: слепые обучающиеся | C48: 7 | D48: =C48 -> 7 | E48: =D48 -> 7
B49: слабовидящие обучающиеся | C49: 9 | D49: =C49 -> 9 | E49: =D49 -> 9
B50: обучающиеся с тяжелыми нарушениями речи (ТНР) | C50: 0 | D50: =C50 -> 0 | E50: =D50 -> 0
B51: обучающиеся с нарушением опорно-двигательного аппарата | C51: 5 | D51: =C51 -> 5 | E51: =D51 -> 5
B52: обучающиеся с задержкой психического развития (ЗПР) | C52: 0 | D52: =C52 -> 0 | E52: =D52 -> 0
B53: обучающиеся с расстройствами аутического спектора (РАС) | C53: 9 | D53: =C53 -> 9 | E53: =D53 -> 9
B54: обучающиеся с умственной отсталостью (интеллектуальными нарушениями) | C54: 12 | D54: =C54 -> 12 | E54: =D54 -> 12
A55: 4 вариант программы образования учащихся с ОВЗ | B55: глухие обучающиеся | C55: 5 | D55: =C55 -> 5 | E55: =D55 -> 5
B56: слабослышащие и познооглохшие обучающиеся | C56: 0 | D56: =C56 -> 0 | E56: =D56 -> 0
B57: слепые обучающиеся | C57: 5 | D57: =C57 -> 5 | E57: =D57 -> 5
B58: слабовидящие обучающиеся | C58: 0 | D58: =C58 -> 0 | E58: =D58 -> 0
B59: обучающиеся с тяжелыми нарушениями речи (ТНР) | C59: 0 | D59: =C59 -> 0 | E59: =D59 -> 0
B60: обучающиеся с нарушением опорно-двигательного аппарата | C60: 5 | D60: =C60 -> 5 | E60: =D60 -> 5
B61: обучающиеся с задержкой психического развития (ЗПР) | C61: 0 | D61: =C61 -> 0 | E61: =D61 -> 0
B62: обучающиеся с расстройствами аутического спектора (РАС) | C62: 5 | D62: =C62 -> 5 | E62: =D62 -> 5
B63: обучающиеся с умственной отсталостью (интеллектуальными нарушениями) | C63: 5 | D63: =C63 -> 5 | E63: =D63 -> 5
A64: Вsn - число часов за ставку заработной платы учителя | C64: 18 | D64: 18 | E64: 18
A65: Кудsn – повышающий коэффициент, учитывающий деление классов на группы, для реализации профильного обучения, дополнительное образование в общеобразовательных организациях | C65: 1.429 | D65: 1.52 | E65: 1.56
A66: Кушsn – коэффициент штатной обеспеченности на административно-хозяйственный персонал:
A67: общеобразовательных классов общеобразовательных учреждений, расположенных в городской местности; общеобразовательных классов общеобразовательных учреждений с контингентом обучающихся более 250 человек, расположенных в сельской местности; дошкольных учреждений | C67: 0.3 | D67: 0.3 | E67: 0.3
A68: На одного обучающегося в общеобразовательных классах общеобразовательных организаций, расположенных в поселках городского типа, с численностью обучающихся менее 101 человека | C68: 0.305 | D68: 0.305 | E68: 0.305
A69: На одного обучающегося в общеобразовательных классах общеобразовательных организаций, расположенных в сельской местности, с численностью обучающихся от 201 до 250 человек, менее 201 человека | C69: 0.362 | D69: 0.362 | E69: 0.362
A70: На одного обучающегося с очно-заочной формой обучения в общеобразовательных классах общеобразовательных организаций, расположенных в городской и сельской местности | C70: 0.28 | D70: =C70 -> 0.28 | E70: =C70 -> 0.28
A71: общеобразовательных классов общеобразовательных школ-интернатов, для обучающихся со сложным дефектом (имеющих сочетание 2 или более недостатков в физическом и (или) психическом развитии), инклюзивное обучение учащихся с ОВЗ в городской и сельской местности | C71: 0.41 | D71: =C71 -> 0.41 | E71: =D71 -> 0.41
A72: для остальных общеобразовательных классов, в сельской местности с численностью в учреждении
A73: для остальных общеобразовательных классов, не перечисленных в предыдущих строках; | C73: 0.61 | D73: =C73 -> 0.61 | E73: =C73 -> 0.61
A74: Кунsn- повышающие коэффициенты, включающие компенсационные выплаты:
A75: за выполнение дополнительных работ: проверка письменных работ (тетрадей) | C75: 0.03 | D75: 0.03 | E75: 0.03
A76: за специфику классов:
A77: с углубленным изучением отдельных предметов, профильного образования | C77: 0.12 | D77: 0.12 | E77: 0.12
A78: за работу с детьми с ограниченными возможностями здоровья | C78: 0.15 | D78: 0.15 | E78: 0.15
A79: за работу в общеобразовательной школе- интернате | C79: 0.15 | D79: 0.15 | E79: 0.15
A80: Н ф - коэффициент стимулирующих выплат
A81: стимулирующий фонд | C81: 0.3 | D81: 0.3 | E81: 0.3
A82: стимулирующий фонд для организаций на селе | C82: 0.35 | D82: 0.35 | E82: 0.35
A83: К уч 1 - коэффициент для учебных расходов с учетом доступа в сеть Интернет | C83: 0.069 | D83: =C83 -> 0.069 | E83: =C83 -> 0.069
A84: К уч 2 - коэффициент для учебных расходов для обучающихся с ОВЗ по 1 варианту получения образования с учетом расходов на обеспечение доступа в Интернет | C84: 0.085 | D84: 0.085 | E84: 0.085

Sheet Нормативы ООУ_КОПО
A1: Расчет нормативов финансирования
A2: с 01.01.2020 | D2: Классы | H2: Классы, реализующие ФГОС
A3: 10340 | D3: 1-4 классы | E3: 5-9 классы | F3: 10-11 кл д | G3: 10-11 кл ля реализации профиля | H3: 1-4 классы | I3: 5-9 классы | J3: 10-11 кл | K3: 10-11 кл ля реализации профиля
A4: Ставки педагогического работника с учетом повышения базового оклада с 01.01.2020 до 9940 | D4: =(1.7*0.2+2*0.8)*$A$3 -> 20059.6 | E4: =2*$A$3 -> 20680 | F4: =2*$A$3 -> 20680 | G4: =F4 -> 20680 | H4: =D4 -> 20059.6 | I4: =E4 -> 20680 | J4: =F4 -> 20680 | K4: =J4 -> 20680
A5: количество часов по БУП | B5: общеобразовательные классы | D5: ='Исходные для нормативов'!$C$10 -> 25 | E5: ='Исходные для нормативов'!$D$10 -> 35 | F5: ='Исходные для нормативов'!$E$10 -> 37 | G5: =F5 -> 37 | H5: ='Исходные для нормативов'!$C$10 -> 25 | I5: ='Исходные для нормативов'!$D$10 -> 35 | J5: ='Исходные для нормативов'!$E$10 -> 37 | K5: =J5 -> 37
B6: с углубленным изучением отдельных учебных предметов | D6: ='Исходные для нормативов'!$C$10 -> 25 | E6: ='Исходные для нормативов'!$D$10 -> 35 | F6: ='Исходные для нормативов'!$E$10 -> 37 | G6: =F6 -> 37 | H6: ='Исходные для нормативов'!$C$10 -> 25 | I6: ='Исходные для нормативов'!$D$10 -> 35 | J6: ='Исходные для нормативов'!$E$10 -> 37 | K6: =J6 -> 37
B7: общеобразовательные классы - ПГТ с континг более 300 | D7: ='Исходные для нормативов'!$C$10 -> 25 | E7: ='Исходные для нормативов'!$D$10 -> 35 | F7: ='Исходные для нормативов'!$E$10 -> 37 | G7: =F7 -> 37 | H7: ='Исходные для нормативов'!$C$10 -> 25 | I7: ='Исходные для нормативов'!$D$10 -> 35 | J7: ='Исходные для нормативов'!$E$10 -> 37 | K7: =J7 -> 37
B8: общеобразовательные классы - ПГТ с континг более 201-300 | D8: ='Исходные для нормативов'!$C$10 -> 25 | E8: ='Исходные для нормативов'!$D$10 -> 35 | F8: ='Исходные для нормативов'!$E$10 -> 37 | G8: =F8 -> 37 | H8: ='Исходные для нормативов'!$C$10 -> 25 | I8: ='Исходные для нормативов'!$D$10 -> 35 | J8: ='Исходные для нормативов'!$E$10 -> 37 | K8: =J8 -> 37
B9: общеобразовательные классы - ПГТ с континг более 101-200 | D9: ='Исходные для нормативов'!$C$10 -> 25 | E9: ='Исходные для нормативов'!$D$10 -> 35 | F9: ='Исходные для нормативов'!$E$10 -> 37 | G9: =F9 -> 37 | H9: ='Исходные для нормативов'!$C$10 -> 25 | I9: ='Исходные для нормативов'!$D$10 -> 35 | J9: ='Исходные для нормативов'!$E$10 -> 37 | K9: =J9 -> 37
B10: общеобразовательные классы - ПГТ с континг менее 100 | D10: ='Исходные для нормативов'!$C$10 -> 25 | E10: ='Исходные для нормативов'!$D$10 -> 35 | F10: ='Исходные для нормативов'!$E$10 -> 37 | G10: =F10 -> 37 | H10: ='Исходные для нормативов'!$C$10 -> 25 | I10: ='Исходные для нормативов'!$D$10 -> 35 | J10: ='Исходные для нормативов'!$E$10 -> 37 | K10: =J10 -> 37
B11: общеобразовательные классы - СЕЛО с континг более 250 | D11: ='Исходные для нормативов'!$C$10 -> 25 | E11: ='Исходные для нормативов'!$D$10 -> 35 | F11: ='Исходные для нормативов'!$E$10 -> 37 | G11: =F11 -> 37 | H11: ='Исходные для нормативов'!$C$10 -> 25 | I11: ='Исходные для нормативов'!$D$10 -> 35 | J11: ='Исходные для нормативов'!$E$10 -> 37 | K11: =J11 -> 37
B12: общеобразовательные классы - СЕЛО с континг 201 - 250 | D12: ='Исходные для нормативов'!$C$10 -> 25 | E12: ='Исходные для нормативов'!$D$10 -> 35 | F12: ='Исходные для нормативов'!$E$10 -> 37 | G12: =F12 -> 37 | H12: ='Исходные для нормативов'!$C$10 -> 25 | I12: ='Исходные для нормативов'!$D$10 -> 35 | J12: ='Исходные для нормативов'!$E$10 -> 37 | K12: =J12 -> 37
B13: общеобразовательные классы - СЕЛО с континг 101 - 200 | D13: ='Исходные для нормативов'!$C$10 -> 25 | E13: ='Исходные для нормативов'!$D$10 -> 35 | F13: ='Исходные для нормативов'!$E$10 -> 37 | G13: =F13 -> 37 | H13: ='Исходные для нормативов'!$C$10 -> 25 | I13: ='Исходные для нормативов'!$D$10 -> 35 | J13: ='Исходные для нормативов'!$E$10 -> 37 | K13: =J13 -> 37
B14: общеобразовательные классы - СЕЛО с континг 61 - 100 | D14: ='Исходные для нормативов'!$C$10 -> 25 | E14: ='Исходные для нормативов'!$D$10 -> 35 | F14: ='Исходные для нормативов'!$E$10 -> 37 | G14: =F14 -> 37 | H14: ='Исходные для нормативов'!$C$10 -> 25 | I14: ='Исходные для нормативов'!$D$10 -> 35 | J14: ='Исходные для нормативов'!$E$10 -> 37 | K14: =J14 -> 37
B15: общеобразовательные классы - СЕЛО с континг менее 60 | D15: ='Исходные для нормативов'!$C$10 -> 25 | E15: ='Исходные для нормативов'!$D$10 -> 35 | F15: ='Исходные для нормативов'!$E$10 -> 37 | G15: =F15 -> 37 | H15: ='Исходные для нормативов'!$C$10 -> 25 | I15: ='Исходные для нормативов'!$D$10 -> 35 | J15: ='Исходные для нормативов'!$E$10 -> 37 | K15: =J15 -> 37
B16: вечернее обучение -город | D16: ='Исходные для нормативов'!C11 -> 25 | E16: ='Исходные для нормативов'!D11 -> 26 | F16: ='Исходные для нормативов'!E11 -> 26 | H16: ='Исходные для нормативов'!C11 -> 25 | I16: ='Исходные для нормативов'!D11 -> 26 | J16: ='Исходные для нормативов'!E11 -> 26
B17: вечернее обучение -СЕЛО | D17: ='Исходные для нормативов'!C11 -> 25 | E17: ='Исходные для нормативов'!D11 -> 26 | F17: ='Исходные для нормативов'!E11 -> 26 | H17: ='Исходные для нормативов'!C11 -> 25 | I17: ='Исходные для нормативов'!D11 -> 26 | J17: ='Исходные для нормативов'!E11 -> 26
B18: индивидуальное обучение для длительно болеющих детей | D18: ='Исходные для нормативов'!C12 -> 8 | E18: ='Исходные для нормативов'!D12 -> 10 | F18: ='Исходные для нормативов'!E12 -> 11 | H18: ='Исходные для нормативов'!C12 -> 8 | I18: ='Исходные для нормативов'!D12 -> 10 | J18: ='Исходные для нормативов'!E12 -> 11
B19: семейное обучение | D19: ='Исходные для нормативов'!C13 -> 9 | E19: ='Исходные для нормативов'!D13 -> 17 | F19: ='Исходные для нормативов'!E13 -> 19 | H19: ='Исходные для нормативов'!C13 -> 9 | I19: ='Исходные для нормативов'!D13 -> 17 | J19: ='Исходные для нормативов'!E13 -> 19
B20: 1 вариант | C20: глухие | D20: ='Исходные для нормативов'!C7 -> 24.595588 | E20: ='Исходные для нормативов'!D7 -> 35 | F20: ='Исходные для нормативов'!E7 -> 37 | H20: ='Исходные для нормативов'!C7 -> 24.595588 | I20: ='Исходные для нормативов'!D7 -> 35 | J20: ='Исходные для нормативов'!E7 -> 37
C21: слабослышащие и познооглохшие | D21: =D20 -> 24.595588 | E21: =E20 -> 35 | F21: =F20 -> 37 | H21: =H20 -> 24.595588 | I21: =I20 -> 35 | J21: =J20 -> 37
C22: слепые | D22: =D21 -> 24.595588 | E22: =E21 -> 35 | F22: =F21 -> 37 | H22: =H21 -> 24.595588 | I22: =I21 -> 35 | J22: =J21 -> 37
C23: слабовидящие | D23: =D22 -> 24.595588 | E23: =E22 -> 35 | F23: =F22 -> 37 | H23: =H22 -> 24.595588 | I23: =I22 -> 35 | J23: =J22 -> 37
C24: С тяжелыми нарушениями речи (ТНР) | D24: =D23 -> 24.595588 | E24: =E23 -> 35 | F24: =F23 -> 37 | H24: =H23 -> 24.595588 | I24: =I23 -> 35 | J24: =J23 -> 37
C25: С нарушением опорно-двигательного аппарата | D25: =D24 -> 24.595588 | E25: =E24 -> 35 | F25: =F24 -> 37 | H25: =H24 -> 24.595588 | I25: =I24 -> 35 | J25: =J24 -> 37
C26: С задержкой психического развития (ЗПР) | D26: =D25 -> 24.595588 | E26: =E25 -> 35 | F26: =F25 -> 37 | H26: =H25 -> 24.595588 | I26: =I25 -> 35 | J26: =J25 -> 37
C27: С расстройствами аутического спектора (РАС) | D27: =D26 -> 24.595588 | E27: =E26 -> 35 | F27: =F26 -> 37 | H27: =H26 -> 24.595588 | I27: =I26 -> 35 | J27: =J26 -> 37
C28: С умственной отсталостью (интеллектуальными нарушениями) | D28: =D27 -> 24.595588 | E28: =E27 -> 35 | F28: =F27 -> 37 | H28: =H27 -> 24.595588 | I28: =I27 -> 35 | J28: =J27 -> 37
B29: 2 вариант | C29: глухие | D29: ='Исходные для нормативов'!C8 -> 22.5 | E29: ='Исходные для нормативов'!D8 -> 31.4 | F29: ='Исходные для нормативов'!E8 -> 34 | H29: ='Исходные для нормативов'!C8 -> 22.5 | I29: ='Исходные для нормативов'!D8 -> 31.4 | J29: ='Исходные для нормативов'!E8 -> 34
C30: слабослышащие и познооглохшие | D30: =D29 -> 22.5 | E30: =E29 -> 31.4 | F30: =F29 -> 34 | H30: =H29 -> 22.5 | I30: =I29 -> 31.4 | J30: =J29 -> 34
C31: слепые | D31: =D30 -> 22.5 | E31: =E30 -> 31.4 | F31: =F30 -> 34 | H31: =H30 -> 22.5 | I31: =I30 -> 31.4 | J31: =J30 -> 34
C32: слабовидящие | D32: =D31 -> 22.5 | E32: =E31 -> 31.4 | F32: =F31 -> 34 | H32: =H31 -> 22.5 | I32: =I31 -> 31.4 | J32: =J31 -> 34
C33: С тяжелыми нарушениями речи (ТНР) | D33: =D32 -> 22.5 | E33: =E32 -> 31.4 | F33: =F32 -> 34 | H33: =H32 -> 22.5 | I33: =I32 -> 31.4 | J33: =J32 -> 34
C34: С нарушением опорно-двигательного аппарата | D34: =D33 -> 22.5 | E34: =E33 -> 31.4 | F34: =F33 -> 34 | H34: =H33 -> 22.5 | I34: =I33 -> 31.4 | J34: =J33 -> 34
C35: С задержкой психического развития (ЗПР) | D35: =D34 -> 22.5 | E35: =E34 -> 31.4 | F35: =F34 -> 34 | H35: =H34 -> 22.5 | I35: =I34 -> 31.4 | J35: =J34 -> 34
C36: С расстройствами аутического спектора (РАС) | D36: =D35 -> 22.5 | E36: =E35 -> 31.4 | F36: =F35 -> 34 | H36: =H35 -> 22.5 | I36: =I35 -> 31.4 | J36: =J35 -> 34
C37: С умственной отсталостью (интеллектуальными нарушениями) | D37: =D36 -> 22.5 | E37: =E36 -> 31.4 | F37: =F36 -> 34 | H37: =H36 -> 22.5 | I37: =I36 -> 31.4 | J37: =J36 -> 34
B38: 3 вариант | C38: глухие | D38: =D37 -> 22.5 | E38: =E37 -> 31.4 | F38: =F37 -> 34 | H38: =H37 -> 22.5 | I38: =I37 -> 31.4 | J38: =J37 -> 34
C39: слабослышащие и познооглохшие | D39: =D38 -> 22.5 | E39: =E38 -> 31.4 | F39: =F38 -> 34 | H39: =H38 -> 22.5 | I39: =I38 -> 31.4 | J39: =J38 -> 34
C40: слепые | D40: =D39 -> 22.5 | E40: =E39 -> 31.4 | F40: =F39 -> 34 | H40: =H39 -> 22.5 | I40: =I39 -> 31.4 | J40: =J39 -> 34
C41: слабовидящие | D41: =D40 -> 22.5 | E41: =E40 -> 31.4 | F41: =F40 -> 34 | H41: =H40 -> 22.5 | I41: =I40 -> 31.4 | J41: =J40 -> 34
C42: С тяжелыми нарушениями речи (ТНР) | D42: =D41 -> 22.5 | E42: =E41 -> 31.4 | F42: =F41 -> 34 | H42: =H41 -> 22.5 | I42: =I41 -> 31.4 | J42: =J41 -> 34
C43: С нарушением опорно-двигательного аппарата | D43: =D42 -> 22.5 | E43: =E42 -> 31.4 | F43: =F42 -> 34 | H43: =H42 -> 22.5 | I43: =I42 -> 31.4 | J43: =J42 -> 34
C44: С задержкой психического развития (ЗПР) | D44: =D43 -> 22.5 | E44: =E43 -> 31.4 | F44: =F43 -> 34 | H44: =H43 -> 22.5 | I44: =I43 -> 31.4 | J44: =J43 -> 34
C45: С расстройствами аутического спектора (РАС) | D45: =D44 -> 22.5 | E45: =E44 -> 31.4 | F45: =F44 -> 34 | H45: =H44 -> 22.5 | I45: =I44 -> 31.4 | J45: =J44 -> 34
C46: С умственной отсталостью (интеллектуальными нарушениями) | D46: =D45 -> 22.5 | E46: =E45 -> 31.4 | F46: =F45 -> 34 | H46: =H45 -> 22.5 | I46: =I45 -> 31.4 | J46: =J45 -> 34
B47: 4 вариант | C47: глухие | D47: =D46 -> 22.5 | E47: =E46 -> 31.4 | F47: =F46 -> 34 | H47: =H46 -> 22.5 | I47: =I46 -> 31.4 | J47: =J46 -> 34
C48: слабослышащие и познооглохшие | D48: =D47 -> 22.5 | E48: =E47 -> 31.4 | F48: =F47 -> 34 | H48: =H47 -> 22.5 | I48: =I47 -> 31.4 | J48: =J47 -> 34
C49: слепые | D49: =D48 -> 22.5 | E49: =E48 -> 31.4 | F49: =F48 -> 34 | H49: =H48 -> 22.5 | I49: =I48 -> 31.4 | J49: =J48 -> 34
C50: слабовидящие | D50: =D49 -> 22.5 | E50: =E49 -> 31.4 | F50: =F49 -> 34 | H50: =H49 -> 22.5 | I50: =I49 -> 31.4 | J50: =J49 -> 34
C51: С тяжелыми нарушениями речи (ТНР) | D51: =D50 -> 22.5 | E51: =E50 -> 31.4 | F51: =F50 -> 34 | H51: =H50 -> 22.5 | I51: =I50 -> 31.4 | J51: =J50 -> 34
C52: С нарушением опорно-двигательного аппарата | D52: =D51 -> 22.5 | E52: =E51 -> 31.4 | F52: =F51 -> 34 | H52: =H51 -> 22.5 | I52: =I51 -> 31.4 | J52: =J51 -> 34
C53: С задержкой психического развития (ЗПР) | D53: =D52 -> 22.5 | E53: =E52 -> 31.4 | F53: =F52 -> 34 | H53: =H52 -> 22.5 | I53: =I52 -> 31.4 | J53: =J52 -> 34
C54: С расстройствами аутического спектора (РАС) | D54: =D53 -> 22.5 | E54: =E53 -> 31.4 | F54: =F53 -> 34 | H54: =H53 -> 22.5 | I54: =I53 -> 31.4 | J54: =J53 -> 34
C55: С умственной отсталостью (интеллектуальными нарушениями) | D55: =D54 -> 22.5 | E55: =E54 -> 31.4 | F55: =F54 -> 34 | H55: =H54 -> 22.5 | I55: =I54 -> 31.4 | J55: =J54 -> 34
A56: Количество часов внеурочной деятельности в рамках реализации ФГОС | D56: 0 | E56: 0 | F56: 0 | G56: =F56 -> 0 | H56: 10 | I56: 10 | J56: 10 | K56: =J56 -> 10
A57: Расчетная наполняемость классов | B57: общеобразовательные классы | D57: ='Исходные для нормативов'!C16 -> 25 | E57: ='Исходные для нормативов'!D16 -> 25 | F57: ='Исходные для нормативов'!E16 -> 25 | G57: =F57 -> 25 | H57: =D57 -> 25 | I57: =E57 -> 25 | J57: =F57 -> 25 | K57: =J57 -> 25
B58: с углубленным изучением отдельных учебных предметов | D58: ='Исходные для нормативов'!C16 -> 25 | E58: ='Исходные для нормативов'!D16 -> 25 | F58: ='Исходные для нормативов'!E16 -> 25 | G58: =F58 -> 25 | H58: =D58 -> 25 | I58: =E58 -> 25 | J58: =F58 -> 25 | K58: =J58 -> 25
B59: общеобразовательные классы - ПГТ с континг более 300 | D59: ='Исходные для нормативов'!C17 -> 25 | E59: ='Исходные для нормативов'!D17 -> 25 | F59: ='Исходные для нормативов'!E17 -> 25 | G59: =F59 -> 25 | H59: =D59 -> 25 | I59: =E59 -> 25 | J59: =F59 -> 25 | K59: =J59 -> 25
B60: общеобразовательные классы - ПГТ с континг более 201-300 | D60: ='Исходные для нормативов'!C18 -> 23 | E60: ='Исходные для нормативов'!D18 -> 23 | F60: ='Исходные для нормативов'!E18 -> 23 | G60: =F60 -> 23 | H60: =D60 -> 23 | I60: =E60 -> 23 | J60: =F60 -> 23 | K60: =J60 -> 23
B61: общеобразовательные классы - ПГТ с континг более 101-200 | D61: ='Исходные для нормативов'!C19 -> 15 | E61: ='Исходные для нормативов'!D19 -> 15 | F61: ='Исходные для нормативов'!E19 -> 15 | G61: =F61 -> 15 | H61: =D61 -> 15 | I61: =E61 -> 15 | J61: =F61 -> 15 | K61: =J61 -> 15
B62: общеобразовательные классы - ПГТ с континг менее 100 | D62: ='Исходные для нормативов'!C20 -> 10 | E62: ='Исходные для нормативов'!D20 -> 10 | F62: ='Исходные для нормативов'!E20 -> 10 | G62: =F62 -> 10 | H62: =D62 -> 10 | I62: =E62 -> 10 | J62: =F62 -> 10 | K62: =J62 -> 10
B63: общеобразовательные классы - СЕЛО с континг более 250 | D63: ='Исходные для нормативов'!C21 -> 20 | E63: ='Исходные для нормативов'!D21 -> 20 | F63: ='Исходные для нормативов'!E21 -> 20 | G63: =F63 -> 20 | H63: =D63 -> 20 | I63: =E63 -> 20 | J63: =F63 -> 20 | K63: =J63 -> 20
B64: общеобразовательные классы - СЕЛО с континг 201 - 250 | D64: ='Исходные для нормативов'!C22 -> 18 | E64: ='Исходные для нормативов'!D22 -> 18 | F64: ='Исходные для нормативов'!E22 -> 18 | G64: =F64 -> 18 | H64: =D64 -> 18 | I64: =E64 -> 18 | J64: =F64 -> 18 | K64: =J64 -> 18
B65: общеобразовательные классы - СЕЛО с континг 101 - 200 | D65: ='Исходные для нормативов'!C23 -> 15 | E65: ='Исходные для нормативов'!D23 -> 15 | F65: ='Исходные для нормативов'!E23 -> 15 | G65: =F65 -> 15 | H65: =D65 -> 15 | I65: =E65 -> 15 | J65: =F65 -> 15 | K65: =J65 -> 15
B66: общеобразовательные классы - СЕЛО с континг 61 - 100 | D66: ='Исходные для нормативов'!C24 -> 11 | E66: ='Исходные для нормативов'!D24 -> 11 | F66: ='Исходные для нормативов'!E24 -> 11 | G66: =F66 -> 11 | H66: =D66 -> 11 | I66: =E66 -> 11 | J66: =F66 -> 11 | K66: =J66 -> 11
B67: общеобразовательные классы - СЕЛО с континг менее 60 | D67: ='Исходные для нормативов'!C25 -> 7 | E67: ='Исходные для нормативов'!D25 -> 7 | F67: ='Исходные для нормативов'!E25 -> 7 | G67: =F67 -> 7 | H67: =D67 -> 7 | I67: =E67 -> 7 | J67: =F67 -> 7 | K67: =J67 -> 7
B68: вечернее обучение -город | D68: ='Исходные для нормативов'!C16 -> 25 | E68: ='Исходные для нормативов'!D16 -> 25 | F68: ='Исходные для нормативов'!E16 -> 25 | H68: =D68 -> 25 | I68: =E68 -> 25 | J68: =F68 -> 25
B69: вечернее обучение -СЕЛО | D69: ='Исходные для нормативов'!C16 -> 25 | E69: ='Исходные для нормативов'!D16 -> 25 | F69: ='Исходные для нормативов'!E16 -> 25 | H69: =D69 -> 25 | I69: =E69 -> 25 | J69: =F69 -> 25
B70: индивидуальное обучение для длительно болеющих детей | D70: 1 | E70: 1 | F70: 1 | H70: =D70 -> 1 | I70: =E70 -> 1 | J70: =F70 -> 1
B71: семейное обучение | D71: 1 | E71: 1 | F71: 1 | H71: =D71 -> 1 | I71: =E71 -> 1 | J71: =F71 -> 1
B72: 1 вариант | C72: глухие | D72: ='Исходные для нормативов'!C28 -> 20 | E72: =D72 -> 20 | F72: =E72 -> 20 | H72: =D72 -> 20 | I72: =E72 -> 20 | J72: =F72 -> 20
C73: слабослышащие и познооглохшие | D73: ='Исходные для нормативов'!C29 -> 25 | E73: =D73 -> 25 | F73: =E73 -> 25 | H73: =D73 -> 25 | I73: =E73 -> 25 | J73: =F73 -> 25
C74: слепые | D74: ='Исходные для нормативов'!C30 -> 20 | E74: =D74 -> 20 | F74: =E74 -> 20 | H74: =D74 -> 20 | I74: =E74 -> 20 | J74: =F74 -> 20
C75: слабовидящие | D75: ='Исходные для нормативов'!C31 -> 25 | E75: =D75 -> 25 | F75: =E75 -> 25 | H75: =D75 -> 25 | I75: =E75 -> 25 | J75: =F75 -> 25
C76: С тяжелыми нарушениями речи (ТНР) | D76: ='Исходные для нормативов'!C32 -> 25 | E76: =D76 -> 25 | F76: =E76 -> 25 | H76: =D76 -> 25 | I76: =E76 -> 25 | J76: =F76 -> 25
C77: С нарушением опорно-двигательного аппарата | D77: ='Исходные для нормативов'!C33 -> 20 | E77: =D77 -> 20 | F77: =E77 -> 20 | H77: =D77 -> 20 | I77: =E77 -> 20 | J77: =F77 -> 20
C78: С задержкой психического развития (ЗПР) | D78: ='Исходные для нормативов'!C34 -> 25 | E78: =D78 -> 25 | F78: =E78 -> 25 | H78: =D78 -> 25 | I78: =E78 -> 25 | J78: =F78 -> 25
C79: С расстройствами аутического спектора (РАС) | D79: ='Исходные для нормативов'!C35 -> 20 | E79: =D79 -> 20 | F79: =E79 -> 20 | H79: =D79 -> 20 | I79: =E79 -> 20 | J79: =F79 -> 20
C80: С умственной отсталостью (интеллектуальными нарушениями) | D80: ='Исходные для нормативов'!C36 -> 0 | E80: =D80 -> 0 | F80: =E80 -> 0 | H80: =D80 -> 0 | I80: =E80 -> 0 | J80: =F80 -> 0
B81: 2 вариант | C81: глухие | D81: ='Исходные для нормативов'!C37 -> 6 | E81: =D81 -> 6 | F81: =E81 -> 6 | H81: =D81 -> 6 | I81: =E81 -> 6 | J81: =F81 -> 6
C82: слабослышащие и познооглохшие | D82: ='Исходные для нормативов'!C38 -> 7 | E82: =D82 -> 7 | F82: =E82 -> 7 | H82: =D82 -> 7 | I82: =E82 -> 7 | J82: =F82 -> 7
C83: слепые | D83: ='Исходные для нормативов'!C39 -> 9 | E83: =D83 -> 9 | F83: =E83 -> 9 | H83: =D83 -> 9 | I83: =E83 -> 9 | J83: =F83 -> 9
C84: слабовидящие | D84: ='Исходные для нормативов'!C40 -> 12 | E84: =D84 -> 12 | F84: =E84 -> 12 | H84: =D84 -> 12 | I84: =E84 -> 12 | J84: =F84 -> 12
C85: С тяжелыми нарушениями речи (ТНР) | D85: ='Исходные для нормативов'!C41 -> 12 | E85: =D85 -> 12 | F85: =E85 -> 12 | H85: =D85 -> 12 | I85: =E85 -> 12 | J85: =F85 -> 12
C86: С нарушением опорно-двигательного аппарата | D86: ='Исходные для нормативов'!C42 -> 5 | E86: =D86 -> 5 | F86: =E86 -> 5 | H86: =D86 -> 5 | I86: =E86 -> 5 | J86: =F86 -> 5
C87: С задержкой психического развития (ЗПР) | D87: ='Исходные для нормативов'!C43 -> 12 | E87: =D87 -> 12 | F87: =E87 -> 12 | H87: =D87 -> 12 | I87: =E87 -> 12 | J87: =F87 -> 12
C88: С расстройствами аутического спектора (РАС) | D88: ='Исходные для нормативов'!C44 -> 12 | E88: =D88 -> 12 | F88: =E88 -> 12 | H88: =D88 -> 12 | I88: =E88 -> 12 | J88: =F88 -> 12
C89: С умственной отсталостью (интеллектуальными нарушениями) | D89: ='Исходные для нормативов'!C45 -> 0 | E89: =D89 -> 0 | F89: =E89 -> 0 | H89: =D89 -> 0 | I89: =E89 -> 0 | J89: =F89 -> 0
B90: 3 вариант | C90: глухие | D90: ='Исходные для нормативов'!C46 -> 5 | E90: =D90 -> 5 | F90: =E90 -> 5 | H90: =D90 -> 5 | I90: =E90 -> 5 | J90: =F90 -> 5
C91: слабослышащие и познооглохшие | D91: ='Исходные для нормативов'!C47 -> 5 | E91: =D91 -> 5 | F91: =E91 -> 5 | H91: =D91 -> 5 | I91: =E91 -> 5 | J91: =F91 -> 5
C92: слепые | D92: ='Исходные для нормативов'!C48 -> 7 | E92: =D92 -> 7 | F92: =E92 -> 7 | H92: =D92 -> 7 | I92: =E92 -> 7 | J92: =F92 -> 7
C93: слабовидящие | D93: ='Исходные для нормативов'!C49 -> 9 | E93: =D93 -> 9 | F93: =E93 -> 9 | H93: =D93 -> 9 | I93: =E93 -> 9 | J93: =F93 -> 9
C94: С тяжелыми нарушениями речи (ТНР) | D94: ='Исходные для нормативов'!C50 -> 0 | E94: =D94 -> 0 | F94: =E94 -> 0 | H94: =D94 -> 0 | I94: =E94 -> 0 | J94: =F94 -> 0
C95: С нарушением опорно-двигательного аппарата | D95: ='Исходные для нормативов'!C51 -> 5 | E95: =D95 -> 5 | F95: =E95 -> 5 | H95: =D95 -> 5 | I95: =E95 -> 5 | J95: =F95 -> 5
C96: С задержкой психического развития (ЗПР) | D96: ='Исходные для нормативов'!C52 -> 0 | E96: =D96 -> 0 | F96: =E96 -> 0 | H96: =D96 -> 0 | I96: =E96 -> 0 | J96: =F96 -> 0
C97: С расстройствами аутического спектора (РАС) | D97: ='Исходные для нормативов'!C53 -> 9 | E97: =D97 -> 9 | F97: =E97 -> 9 | H97: =D97 -> 9 | I97: =E97 -> 9 | J97: =F97 -> 9
C98: С умственной отсталостью (интеллектуальными нарушениями) | D98: ='Исходные для нормативов'!C54 -> 12 | E98: =D98 -> 12 | F98: =E98 -> 12 | H98: =D98 -> 12 | I98: =E98 -> 12 | J98: =F98 -> 12
B99: 4 вариант | C99: глухие | D99: ='Исходные для нормативов'!C55 -> 5 | E99: =D99 -> 5 | F99: =E99 -> 5 | H99: =D99 -> 5 | I99: =E99 -> 5 | J99: =F99 -> 5
C100: слабослышащие и познооглохшие | D100: ='Исходные для нормативов'!C56 -> 0 | E100: =D100 -> 0 | F100: =E100 -> 0 | H100: =D100 -> 0 | I100: =E100 -> 0 | J100: =F100 -> 0
...

Sheet Норматив ДОУ_КОПО
A1: нормативы с 01.01.2020 | D1: наполняемость | E1: режим функционирования
E2: пятидневная рабочая неделя | J2: шестидневная рабочая неделя
E3: 5 | F3: 5 | G3: 5 | H3: 5 | I3: 5 | J3: 6 | K3: 6 | L3: 6 | M3: 6 | N3: 6
E4: кратковременного пребывания | F4: сокращенного дня | G4: полного дня | H4: продленного дня | I4: круглосуточным пребыванием | J4: кратковременного пребывания | K4: сокращенного дня | L4: полного дня | M4: продленного дня | N4: круглосуточным пребыванием
E5: 5 часов | F5: 8-10часов | G5: 10,5-12 часов | H5: 14 часов | I5: 24 часа | J5: 5 часов | K5: 10 часов | L5: 12 часов | M5: 14 часов | N5: 24 часа
E6: 5 | F6: 10 | G6: 12 | H6: 14 | I6: 14 | J6: 5 | K6: 10 | L6: 12 | M6: 14 | N6: 14
A7: количество часов рабочего времени воспитателя в неделю | E7: =E3*E6 -> 25 | F7: =F3*F6 -> 50 | G7: =G3*G6 -> 60 | H7: =H3*H6 -> 70 | I7: =I3*I6 -> 70 | J7: =J3*J6 -> 30 | K7: =K3*K6 -> 60 | L7: =L3*L6 -> 72 | ... N7: =N3*N6 -> 84
A8: норма часов педагогической работы на ставку воспитателя в неделю
A9: группы общеразвивающие направленности | B9: группы общеразвивающей направленности | C9: до 3 лет | D9: 19 | E9: 36 | F9: 36 | G9: 36 | H9: 36 | I9: 36 | J9: 36 | K9: 36 | L9: 36 | M9: 36 | N9: 36
C10: старше 3х лет | D10: 23 | E10: 36 | F10: 36 | G10: 36 | H10: 36 | I10: 36 | J10: 36 | K10: 36 | L10: 36 | M10: 36 | N10: 36
B11: группы общеразвивающей направленности, расположенные в ПГТ с численностью воспитанников от 100 до 51 человека | C11: до 3 лет | D11: 15 | E11: 36 | F11: 36 | G11: 36 | H11: 36 | I11: 36
C12: старше 3х лет | D12: 20 | E12: 36 | F12: 36 | G12: 36 | H12: 36 | I12: 36
B13: группы общеразвивающей направленности, расположенные в ПГТ с численностью воспитанников менее 51 человека | C13: до 3 лет | D13: 10 | E13: 36 | F13: 36 | G13: 36 | H13: 36 | I13: 36
C14: старше 3х лет | D14: 15 | E14: 36 | F14: 36 | G14: 36 | H14: 36 | I14: 36
B15: группы общеразвивающей направленности, расположенные в сельской местности с численностью воспитанников от 100 до 51 человека | C15: до 3 лет | D15: 15 | E15: 36 | F15: 36 | G15: 36 | H15: 36 | I15: 36
C16: старше 3х лет | D16: 20 | E16: 36 | F16: 36 | G16: 36 | H16: 36 | I16: 36
B17: группы общеразвивающей направленности, расположенные в сельской местности с численностью воспитанников от 50 до 26 человек | C17: до 3 лет | D17: 10 | E17: 36 | F17: 36 | G17: 36 | H17: 36 | I17: 36
C18: старше 3х лет | D18: 15 | E18: 36 | F18: 36 | G18: 36 | H18: 36 | I18: 36
B19: группы общеразвивающей направленности, расположенные в сельской местности с численностью воспитанников от 25 до 11 человек | C19: до 3 лет | D19: 10 | E19: 36 | F19: 36 | G19: 36 | H19: 36 | I19: 36
C20: старше 3х лет | D20: 10 | E20: 36 | F20: 36 | G20: 36 | H20: 36 | I20: 36
B21: группы общеразвивающей направленности, расположенные в сельской местности с численностью воспитанников менее 11 человек | C21: до 3 лет | D21: 5 | E21: 36 | F21: 36 | G21: 36 | H21: 36 | I21: 36
C22: старше 3х лет | D22: 5 | E22: 36 | F22: 36 | G22: 36 | H22: 36 | I22: 36
A23: группы компенсирующей наравленности | B23: для детей с тяжелыми нарушениями речи | C23: до 3 лет | D23: 6 | E23: 25 | F23: 25 | G23: 25 | H23: 25 | I23: 25 | J23: 25 | K23: 25 | L23: 25 | M23: 25 | N23: 25
C24: старше 3х лет | D24: 10 | E24: 25 | F24: 25 | G24: 25 | H24: 25 | I24: 25 | J24: 25 | K24: 25 | L24: 25 | M24: 25 | N24: 25
B25: для детей с фонетико-фонематическими нарушениями речи | C25: до 3 лет | D25: 0 | E25: 0 | F25: 0 | G25: 0 | H25: 0 | I25: 0 | J25: 0 | K25: 0 | L25: 0 | M25: 0 | N25: 0
C26: старше 3х лет | D26: 12 | E26: 25 | F26: 25 | G26: 25 | H26: 25 | I26: 25 | J26: 25 | K26: 25 | L26: 25 | M26: 25 | N26: 25
B27: для глухих детей | C27: до 3 лет | D27: 6 | E27: 25 | F27: 25 | G27: 25 | H27: 25 | I27: 25 | J27: 25 | K27: 25 | L27: 25 | M27: 25 | N27: 25
C28: старше 3х лет | D28: 6 | E28: 25 | F28: 25 | G28: 25 | H28: 25 | I28: 25 | J28: 25 | K28: 25 | L28: 25 | M28: 25 | N28: 25
B29: для слабослышащих | C29: до 3 лет | D29: 6 | E29: 25 | F29: 25 | G29: 25 | H29: 25 | I29: 25 | J29: 25 | K29: 25 | L29: 25 | M29: 25 | N29: 25
C30: старше 3х лет | D30: 8 | E30: 25 | F30: 25 | G30: 25 | H30: 25 | I30: 25 | J30: 25 | K30: 25 | L30: 25 | M30: 25 | N30: 25
B31: для слепых детей | C31: до 3 лет | D31: 6 | E31: 25 | F31: 25 | G31: 25 | H31: 25 | I31: 25 | J31: 25 | K31: 25 | L31: 25 | M31: 25 | N31: 25
C32: старше 3х лет | D32: 6 | E32: 25 | F32: 25 | G32: 25 | H32: 25 | I32: 25 | J32: 25 | K32: 25 | L32: 25 | M32: 25 | N32: 25
B33: слабовидящих детей, для детей с амблиопией, косоглазием | C33: до 3 лет | D33: 6 | E33: 25 | F33: 25 | G33: 25 | H33: 25 | I33: 25 | J33: 25 | K33: 25 | L33: 25 | M33: 25 | N33: 25
C34: старше 3х лет | D34: 10 | E34: 25 | F34: 25 | G34: 25 | H34: 25 | I34: 25 | J34: 25 | K34: 25 | L34: 25 | M34: 25 | N34: 25
B35: для детей с нарушениями опорно-двигательного аппарата | C35: до 3 лет | D35: 6 | E35: 25 | F35: 25 | G35: 25 | H35: 25 | I35: 25 | J35: 25 | K35: 25 | L35: 25 | M35: 25 | N35: 25
C36: старше 3х лет | D36: 8 | E36: 25 | F36: 25 | G36: 25 | H36: 25 | I36: 25 | J36: 25 | K36: 25 | L36: 25 | M36: 25 | N36: 25
B37: для детей с задержкой психического развития | C37: до 3 лет | D37: 6 | E37: 25 | F37: 25 | G37: 25 | H37: 25 | I37: 25 | J37: 25 | K37: 25 | L37: 25 | M37: 25 | N37: 25
C38: старше 3х лет | D38: 10 | E38: 25 | F38: 25 | G38: 25 | H38: 25 | I38: 25 | J38: 25 | K38: 25 | L38: 25 | M38: 25 | N38: 25
B39: для детей с умственной отсталостью легкой степени | C39: до 3 лет | D39: 6 | E39: 25 | F39: 25 | G39: 25 | H39: 25 | I39: 25 | J39: 25 | K39: 25 | L39: 25 | M39: 25 | N39: 25
C40: старше 3х лет | D40: 10 | E40: 25 | F40: 25 | G40: 25 | H40: 25 | I40: 25 | J40: 25 | K40: 25 | L40: 25 | M40: 25 | N40: 25
B41: для детей с умственной отсталостью умеренной, тяжелой | C41: до 3 лет | D41: 0 | E41: 0 | F41: 0 | G41: 0 | H41: 0 | I41: 0 | J41: 0 | K41: 0 | L41: 0 | M41: 0 | N41: 0
C42: старше 3х лет | D42: 8 | E42: 25 | F42: 25 | G42: 25 | H42: 25 | I42: 25 | J42: 25 | K42: 25 | L42: 25 | M42: 25 | N42: 25
B43: для детей с аутизмом | C43: до 3 лет | D43: 0 | E43: 0 | F43: 0 | G43: 0 | H43: 0 | I43: 0 | J43: 0 | K43: 0 | L43: 0 | M43: 0 | N43: 0
C44: старше 3х лет | D44: 5 | E44: 25 | F44: 25 | G44: 25 | H44: 25 | I44: 25 | J44: 25 | K44: 25 | L44: 25 | M44: 25 | N44: 25
B45: для детей со сложным дефектом (имеющих сочетание 2 или более недостатков в физическом и (или) психическом развитии) | C45: до 3 лет | D45: 5 | E45: 25 | F45: 25 | G45: 25 | H45: 25 | I45: 25 | J45: 25 | K45: 25 | L45: 25 | M45: 25 | N45: 25
C46: старше 3х лет | D46: 5 | E46: 25 | F46: 25 | G46: 25 | H46: 25 | I46: 25 | J46: 25 | K46: 25 | L46: 25 | M46: 25 | N46: 25
B47: для детей с иными ограниченными возможностями здоровья | C47: до 3 лет | D47: 10 | E47: 25 | F47: 25 | G47: 25 | H47: 25 | I47: 25 | J47: 25 | K47: 25 | L47: 25 | M47: 25 | N47: 25
C48: старше 3х лет | D48: 15 | E48: 25 | F48: 25 | G48: 25 | H48: 25 | I48: 25 | J48: 25 | K48: 25 | L48: 25 | M48: 25 | N48: 25
A49: группы комбинированной направленности | B49: для детей с тяжелыми нарушениями речи | C49: до 3 лет | D49: 10 | E49: 36 | F49: 36 | G49: 36 | H49: 36 | I49: 36
C50: старше 3х лет | D50: 15 | E50: 36 | F50: 36 | G50: 36 | H50: 36 | I50: 36
B51: для глухих детей | C51: до 3 лет | D51: 10 | E51: 36 | F51: 36 | G51: 36 | H51: 36 | I51: 36
C52: старше 3х лет | D52: 10 | E52: 36 | F52: 36 | G52: 36 | H52: 36 | I52: 36
B53: для слабослышащих | C53: до 3 лет | D53: 10 | E53: 36 | F53: 36 | G53: 36 | H53: 36 | I53: 36
C54: старше 3х лет | D54: 15 | E54: 36 | F54: 36 | G54: 36 | H54: 36 | I54: 36
B55: для слепых детей | C55: до 3 лет | D55: 10 | E55: 36 | F55: 36 | G55: 36 | H55: 36 | I55: 36
C56: старше 3х лет | D56: 10 | E56: 36 | F56: 36 | G56: 36 | H56: 36 | I56: 36
B57: слабовидящих детей, для детей с амблиопией, косоглазием | C57: до 3 лет | D57: 10 | E57: 36 | F57: 36 | G57: 36 | H57: 36 | I57: 36
C58: старше 3х лет | D58: 15 | E58: 36 | F58: 36 | G58: 36 | H58: 36 | I58: 36
B59: для детей с нарушениями опорно-двигательного аппарата | C59: до 3 лет | D59: 10 | E59: 36 | F59: 36 | G59: 36 | H59: 36 | I59: 36
C60: старше 3х лет | D60: 10 | E60: 36 | F60: 36 | G60: 36 | H60: 36 | I60: 36
B61: для детей с задержкой психического развития | C61: до 3 лет | D61: 10 | E61: 36 | F61: 36 | G61: 36 | H61: 36 | I61: 36
C62: старше 3х лет | D62: 17 | E62: 36 | F62: 36 | G62: 36 | H62: 36 | I62: 36
B63: для детей с умственной отсталостью легкой степени | C63: до 3 лет | D63: 10 | E63: 36 | F63: 36 | G63: 36 | H63: 36 | I63: 36
C64: старше 3х лет | D64: 15 | E64: 36 | F64: 36 | G64: 36 | H64: 36 | I64: 36
B65: для детей с умственной отсталостью умеренной, тяжелой | C65: до 3 лет | D65: 0 | E65: 0 | F65: 0 | G65: 0 | H65: 0 | I65: 0
C66: старше 3х лет | D66: 10 | E66: 36 | F66: 36 | G66: 36 | H66: 36 | I66: 36
B67: для детей со сложным дефектом (имеющих сочетание 2 или более недостатков в физическом и (или) психическом развитии) | C67: до 3 лет | D67: 10 | E67: 36 | F67: 36 | G67: 36 | H67: 36 | I67: 36
C68: старше 3х лет | D68: 10 | E68: 36 | F68: 36 | G68: 36 | H68: 36 | I68: 36
B69: для детей с иными ограниченными возможностями здоровья | C69: до 3 лет | D69: 10 | E69: 36 | F69: 36 | G69: 36 | H69: 36 | I69: 36
C70: старше 3х лет | D70: 0 | E70: 0 | F70: 0 | G70: 0 | H70: 0 | I70: 0
A71: количество ставок воспитателей на 1 человека
A72: группы общеразвивающие направленности | B72: обычные группы | C72: до 3 лет | D72: 19 | E72: =$E$7/E9/D9 -> 0.036549708 | F72: =$F$7/F9/D9 -> 0.073099415 | G72: =$G$7/G9/D9 -> 0.087719298 | H72: =$H$7/H9/D9 -> 0.10233918 | I72: =$I$7/I9/D9 -> 0.10233918 | J72: =$J$7/J9/D9 -> 0.043859649 | K72: =$K$7/K9/D9 -> 0.087719298 | L72: =$L$7/L9/D9 -> 0.10526316 | M72: =$M$7/M9/D9 -> 0.12280702 | N72: =$N$7/N9/D9 -> 0.12280702
C73: старше 3х лет | D73: 23 | E73: =$E$7/E10/D10 -> 0.030193237 | F73: =$F$7/F10/D10 -> 0.060386473 | G73: =$G$7/G10/D10 -> 0.072463768 | H73: =$H$7/H10/D10 -> 0.084541063 | I73: =$I$7/I10/D10 -> 0.084541063 | J73: =$J$7/J10/D10 -> 0.036231884 | K73: =$K$7/K10/D10 -> 0.072463768 | L73: =$L$7/L10/D10 -> 0.086956522 | M73: =$M$7/M10/D10 -> 0.10144928 | N73: =$N$7/N10/D10 -> 0.10144928
B74: группы общеразвивающей направленности, расположенные в ПГТ с численностью воспитанников от 100 до 51 человека | C74: до 3 лет | D74: 15 | E74: =$E$7/E11/D11 -> 0.046296296 | F74: =$F$7/F11/D11 -> 0.092592593 | G74: =$G$7/G11/D11 -> 0.11111111 | H74: =$H$7/H11/D11 -> 0.12962963 | I74: =$I$7/I11/D11 -> 0.12962963
C75: старше 3х лет | D75: 20 | E75: =$E$7/E12/D12 -> 0.034722222 | F75: =$F$7/F12/D12 -> 0.069444444 | G75: =$G$7/G12/D12 -> 0.083333333 | H75: =$H$7/H12/D12 -> 0.097222222 | I75: =$I$7/I12/D12 -> 0.097222222
B76: группы общеразвивающей направленности, расположенные в ПГТ с численностью воспитанников менее 51 человека | C76: до 3 лет | D76: 10 | E76: =$E$7/E13/D13 -> 0.069444444 | F76: =$F$7/F13/D13 -> 0.13888889 | G76: =$G$7/G13/D13 -> 0.16666667 | H76: =$H$7/H13/D13 -> 0.19444444 | I76: =$I$7/I13/D13 -> 0.19444444
C77: старше 3х лет | D77: 15 | E77: =$E$7/E14/D14 -> 0.046296296 | F77: =$F$7/F14/D14 -> 0.092592593 | G77: =$G$7/G14/D14 -> 0.11111111 | H77: =$H$7/H14/D14 -> 0.12962963 | I77: =$I$7/I14/D14 -> 0.12962963
B78: группы общеразвивающей направленности, расположенные в сельской местности с численностью воспитанников от 100 до 51 человека | C78: до 3 лет | D78: 15 | E78: =$E$7/E15/D15 -> 0.046296296 | F78: =$F$7/F15/D15 -> 0.092592593 | G78: =$G$7/G15/D15 -> 0.11111111 | H78: =$H$7/H15/D15 -> 0.12962963 | I78: =$I$7/I15/D15 -> 0.12962963
C79: старше 3х лет | D79: 20 | E79: =$E$7/E16/D16 -> 0.034722222 | F79: =$F$7/F16/D16 -> 0.069444444 | G79: =$G$7/G16/D16 -> 0.083333333 | H79: =$H$7/H16/D16 -> 0.097222222 | I79: =$I$7/I16/D16 -> 0.097222222
B80: группы общеразвивающей направленности, расположенные в сельской местности с численностью воспитанников от 50 до 26 человек | C80: до 3 лет | D80: 10 | E80: =$E$7/E17/D17 -> 0.069444444 | F80: =$F$7/F17/D17 -> 0.13888889 | G80: =$G$7/G17/D17 -> 0.16666667 | H80: =$H$7/H17/D17 -> 0.19444444 | I80: =$I$7/I17/D17 -> 0.19444444
C81: старше 3х лет | D81: 15 | E81: =$E$7/E18/D18 -> 0.046296296 | F81: =$F$7/F18/D18 -> 0.092592593 | G81: =$G$7/G18/D18 -> 0.11111111 | H81: =$H$7/H18/D18 -> 0.12962963 | I81: =$I$7/I18/D18 -> 0.12962963
B82: группы общеразвивающей направленности, расположенные в сельской местности с численностью воспитанников от 25 до 11 человек | C82: до 3 лет | D82: 10 | E82: =$E$7/E19/D19 -> 0.069444444 | F82: =$F$7/F19/D19 -> 0.13888889 | G82: =$G$7/G19/D19 -> 0.16666667 | H82: =$H$7/H19/D19 -> 0.19444444 | I82: =$I$7/I19/D19 -> 0.19444444
C83: старше 3х лет | D83: 10 | E83: =$E$7/E20/D20 -> 0.069444444 | F83: =$F$7/F20/D20 -> 0.13888889 | G83: =$G$7/G20/D20 -> 0.16666667 | H83: =$H$7/H20/D20 -> 0.19444444 | I83: =$I$7/I20/D20 -> 0.19444444
B84: группы общеразвивающей направленности, расположенные в сельской местности с численностью воспитанников менее 11 человек | C84: до 3 лет | D84: 5 | E84: =$E$7/E21/D21 -> 0.13888889 | F84: =$F$7/F21/D21 -> 0.27777778 | G84: =$G$7/G21/D21 -> 0.33333333 | H84: =$H$7/H21/D21 -> 0.38888889 | I84: =$I$7/I21/D21 -> 0.38888889
C85: старше 3х лет | D85: 5 | E85: =$E$7/E22/D22 -> 0.13888889 | F85: =$F$7/F22/D22 -> 0.27777778 | G85: =$G$7/G22/D22 -> 0.33333333 | H85: =$H$7/H22/D22 -> 0.38888889 | I85: =$I$7/I22/D22 -> 0.38888889
A86: группы компенсирующей наравленности | B86: для детей с тяжелыми нарушениями речи | C86: до 3 лет | D86: 6 | E86: =$E$7/E23/D23 -> 0.16666667 | F86: =$F$7/F23/D23 -> 0.33333333 | G86: =$G$7/G23/D23 -> 0.4 | H86: =$H$7/H23/D23 -> 0.46666667 | I86: =$I$7/I23/D23 -> 0.46666667 | J86: =$J$7/J23/D23 -> 0.2 | K86: =$K$7/K23/D23 -> 0.4 | L86: =$L$7/L23/D23 -> 0.48 | M86: =$M$7/M23/D23 -> 0.56 | N86: =$N$7/N23/D23 -> 0.56
C87: старше 3х лет | D87: 10 | E87: =$E$7/E24/D24 -> 0.1 | F87: =$F$7/F24/D24 -> 0.2 | G87: =$G$7/G24/D24 -> 0.24 | H87: =$H$7/H24/D24 -> 0.28 | I87: =$I$7/I24/D24 -> 0.28 | J87: =$J$7/J24/D24 -> 0.12 | K87: =$K$7/K24/D24 -> 0.24 | L87: =$L$7/L24/D24 -> 0.288 | M87: =$M$7/M24/D24 -> 0.336 | N87: =$N$7/N24/D24 -> 0.336
B88: для детей с фонетико-фонематическими нарушениями речи | C88: до 3 лет | D88: 0
C89: старше 3х лет | D89: 12 | E89: =$E$7/E26/D26 -> 0.083333333 | F89: =$F$7/F26/D26 -> 0.16666667 | G89: =$G$7/G26/D26 -> 0.2 | H89: =$H$7/H26/D26 -> 0.23333333 | I89: =$I$7/I26/D26 -> 0.23333333 | J89: =$J$7/J26/D26 -> 0.1 | K89: =$K$7/K26/D26 -> 0.2 | L89: =$L$7/L26/D26 -> 0.24 | M89: =$M$7/M26/D26 -> 0.28 | N89: =$N$7/N26/D26 -> 0.28
B90: для глухих детей | C90: до 3 лет | D90: 6 | E90: =$E$7/E27/D27 -> 0.16666667 | F90: =$F$7/F27/D27 -> 0.33333333 | G90: =$G$7/G27/D27 -> 0.4 | H90: =$H$7/H27/D27 -> 0.46666667 | I90: =$I$7/I27/D27 -> 0.46666667 | J90: =$J$7/J27/D27 -> 0.2 | K90: =$K$7/K27/D27 -> 0.4 | L90: =$L$7/L27/D27 -> 0.48 | M90: =$M$7/M27/D27 -> 0.56 | N90: =$N$7/N27/D27 -> 0.56
C91: старше 3х лет | D91: 6 | E91: =$E$7/E28/D28 -> 0.16666667 | F91: =$F$7/F28/D28 -> 0.33333333 | G91: =$G$7/G28/D28 -> 0.4 | H91: =$H$7/H28/D28 -> 0.46666667 | I91: =$I$7/I28/D28 -> 0.46666667 | J91: =$J$7/J28/D28 -> 0.2 | K91: =$K$7/K28/D28 -> 0.4 | L91: =$L$7/L28/D28 -> 0.48 | M91: =$M$7/M28/D28 -> 0.56 | N91: =$N$7/N28/D28 -> 0.56
B92: для слабослышащих | C92: до 3 лет | D92: 6 | E92: =$E$7/E29/D29 -> 0.16666667 | F92: =$F$7/F29/D29 -> 0.33333333 | G92: =$G$7/G29/D29 -> 0.4 | H92: =$H$7/H29/D29 -> 0.46666667 | I92: =$I$7/I29/D29 -> 0.46666667 | J92: =$J$7/J29/D29 -> 0.2 | K92: =$K$7/K29/D29 -> 0.4 | L92: =$L$7/L29/D29 -> 0.48 | M92: =$M$7/M29/D29 -> 0.56 | N92: =$N$7/N29/D29 -> 0.56
C93: старше 3х лет | D93: 8 | E93: =$E$7/E30/D30 -> 0.125 | F93: =$F$7/F30/D30 -> 0.25 | G93: =$G$7/G30/D30 -> 0.3 | H93: =$H$7/H30/D30 -> 0.35 | I93: =$I$7/I30/D30 -> 0.35 | J93: =$J$7/J30/D30 -> 0.15 | K93: =$K$7/K30/D30 -> 0.3 | L93: =$L$7/L30/D30 -> 0.36 | M93: =$M$7/M30/D30 -> 0.42 | N93: =$N$7/N30/D30 -> 0.42
B94: для слепых детей | C94: до 3 лет | D94: 6 | E94: =$E$7/E31/D31 -> 0.16666667 | F94: =$F$7/F31/D31 -> 0.33333333 | G94: =$G$7/G31/D31 -> 0.4 | H94: =$H$7/H31/D31 -> 0.46666667 | I94: =$I$7/I31/D31 -> 0.46666667 | J94: =$J$7/J31/D31 -> 0.2 | K94: =$K$7/K31/D31 -> 0.4 | L94: =$L$7/L31/D31 -> 0.48 | M94: =$M$7/M31/D31 -> 0.56 | N94: =$N$7/N31/D31 -> 0.56
C95: старше 3х лет | D95: 6 | E95: =$E$7/E32/D32 -> 0.16666667 | F95: =$F$7/F32/D32 -> 0.33333333 | G95: =$G$7/G32/D32 -> 0.4 | H95: =$H$7/H32/D32 -> 0.46666667 | I95: =$I$7/I32/D32 -> 0.46666667 | J95: =$J$7/J32/D32 -> 0.2 | K95: =$K$7/K32/D32 -> 0.4 | L95: =$L$7/L32/D32 -> 0.48 | M95: =$M$7/M32/D32 -> 0.56 | N95: =$N$7/N32/D32 -> 0.56
B96: слабовидящих детей, для детей с амблиопией, косоглазием | C96: до 3 лет | D96: 6 | E96: =$E$7/E33/D33 -> 0.16666667 | F96: =$F$7/F33/D33 -> 0.33333333 | G96: =$G$7/G33/D33 -> 0.4 | H96: =$H$7/H33/D33 -> 0.46666667 | I96: =$I$7/I33/D33 -> 0.46666667 | J96: =$J$7/J33/D33 -> 0.2 | K96: =$K$7/K33/D33 -> 0.4 | L96: =$L$7/L33/D33 -> 0.48 | M96: =$M$7/M33/D33 -> 0.56 | N96: =$N$7/N33/D33 -> 0.56
C97: старше 3х лет | D97: 10 | E97: =$E$7/E34/D34 -> 0.1 | F97: =$F$7/F34/D34 -> 0.2 | G97: =$G$7/G34/D34 -> 0.24 | H97: =$H$7/H34/D34 -> 0.28 | I97: =$I$7/I34/D34 -> 0.28 | J97: =$J$7/J34/D34 -> 0.12 | K97: =$K$7/K34/D34 -> 0.24 | L97: =$L$7/L34/D34 -> 0.288 | M97: =$M$7/M34/D34 -> 0.336 | N97: =$N$7/N34/D34 -> 0.336
B98: для детей с нарушениями опорно-двигательного аппарата | C98: до 3 лет | D98: 6 | E98: =$E$7/E35/D35 -> 0.16666667 | F98: =$F$7/F35/D35 -> 0.33333333 | G98: =$G$7/G35/D35 -> 0.4 | H98: =$H$7/H35/D35 -> 0.46666667 | I98: =$I$7/I35/D35 -> 0.46666667 | J98: =$J$7/J35/D35 -> 0.2 | K98: =$K$7/K35/D35 -> 0.4 | L98: =$L$7/L35/D35 -> 0.48 | M98: =$M$7/M35/D35 -> 0.56 | N98: =$N$7/N35/D35 -> 0.56
C99: старше 3х лет | D99: 8 | E99: =$E$7/E36/D36 -> 0.125 | F99: =$F$7/F36/D36 -> 0.25 | G99: =$G$7/G36/D36 -> 0.3 | H99: =$H$7/H36/D36 -> 0.35 | I99: =$I$7/I36/D36 -> 0.35 | J99: =$J$7/J36/D36 -> 0.15 | K99: =$K$7/K36/D36 -> 0.3 | L99: =$L$7/L36/D36 -> 0.36 | M99: =$M$7/M36/D36 -> 0.42 | N99: =$N$7/N36/D36 -> 0.42
B100: для детей с задержкой психического развития | C100: до 3 лет | D100: 6 | E100: =$E$7/E37/D37 -> 0.16666667 | F100: =$F$7/F37/D37 -> 0.33333333 | G100: =$G$7/G37/D37 -> 0.4 | H100: =$H$7/H37/D37 -> 0.46666667 | I100: =$I$7/I37/D37 -> 0.46666667 | J100: =$J$7/J37/D37 -> 0.2 | K100: =$K$7/K37/D37 -> 0.4 | L100: =$L$7/L37/D37 -> 0.48 | M100: =$M$7/M37/D37 -> 0.56 | N100: =$N$7/N37/D37 -> 0.56
...

Sheet ЧООУ_КОПО
C1: Расчет объема субвенции бюджетам муниципальных образований на осуществление отдельных государственных полномочий Ленинградской области на обеспечение государственных гарантий реализации прав на получение общедоступного и бесплатного начального общего, основного общего, среднего общего образования в муниципальных общеобразовательных организациях, обеспечение дополнительного образования детей в муниципальных общеобразовательных организациях, включая расходы на оплату труда, приобретение учебников и учебных пособий, средств обучения (за исключением расходов на содержание зданий и оплату коммунальных услуг), на 2021 год
A2: №№ | B2: Наименование | C2: Общеобразовательные классы в общеобразовательных учреждениях, расположенных в городской местности | M2: Общеобразовательные классы в общеобразовательных учреждениях, расположенных в сельской местности, с контингентом обучающихся более 250 человек | W2: с углубленным изучением отдельных учебных предметов | AG2: по 1 варианту слабовидящие | AQ2: по 1 варианту с нарушением опорно-двигательного аппарата | BA2: по 1 варианту с задержкой психического развития (ЗПР) | BK2: по 1 варианту с расстройствами аутического спектора (РАС) | BU2: по 3 варианту с умственной отсталостью (интеллектуальными нарушениями) | CE2: Всего обучающихся (общий контингент школ) и потребность на 2021 год
C3: классы, не реализующие ФГОС | G3: классы, реализующие ФГОС | K3: всего | L3: сумма | M3: классы, не реализующие ФГОС | Q3: классы, реализующие ФГОС | U3: всего | V3: сумма | W3: классы, не реализующие ФГОС | AA3: классы, реализующие ФГОС | AE3: всего | AF3: сумма | AG3: классы, не реализующие ФГОС | AK3: классы, реализующие ФГОС | AO3: всего | AP3: сумма | AQ3: классы, не реализующие ФГОС | AU3: классы, реализующие ФГОС | AY3: всего | AZ3: сумма | BA3: классы, не реализующие ФГОС | BE3: классы, реализующие ФГОС | BI3: всего | BJ3: сумма | BK3: классы, не реализующие ФГОС | BO3: классы, реализующие ФГОС | BS3: всего | BT3: сумма | BU3: классы, не реализующие ФГОС | BY3: классы, реализующие ФГОС | CC3: всего | CD3: сумма | CE3: 1-4 классы | CF3: 5-9 классы | CG3: 10-11 кл | CH3: 10-11 кл профильное | CI3: всего | CJ3: Итого потребность на 2021 год
C4: 1-4 классы | D4: 5-9 классы | E4: 10-11 кл | F4: 10-11 кл профильное | G4: 1-4 классы | H4: 5-9 классы | I4: 10-11 кл | J4: 10-11 кл профильное | M4: 1-4 классы | N4: 5-9 классы | O4: 10-11 кл | P4: 10-11 кл профильное | Q4: 1-4 классы | R4: 5-9 классы | S4: 10-11 кл | T4: 10-11 кл профильное | W4: 1-4 классы | X4: 5-9 классы | Y4: 10-11 кл | Z4: 10-11 кл профильное | AA4: 1-4 классы | AB4: 5-9 классы | AC4: 10-11 кл | AD4: 10-11 кл профильное | AG4: 1-4 классы | AH4: 5-9 классы | AI4: 10-11 кл | AJ4: 10-11 кл профильное | AK4: 1-4 классы | AL4: 5-9 классы | AM4: 10-11 кл | AN4: 10-11 кл профильное | AQ4: 1-4 классы | AR4: 5-9 классы | AS4: 10-11 кл | AT4: 10-11 кл профильное | AU4: 1-4 классы | AV4: 5-9 классы | AW4: 10-11 кл | AX4: 10-11 кл профильное | BA4: 1-4 классы | BB4: 5-9 классы | BC4: 10-11 кл | BD4: 10-11 кл профильное | BE4: 1-4 классы | BF4: 5-9 классы | BG4: 10-11 кл | BH4: 10-11 кл профильное | BK4: 1-4 классы | BL4: 5-9 классы | BM4: 10-11 кл | BN4: 10-11 кл профильное | BO4: 1-4 классы | BP4: 5-9 классы | BQ4: 10-11 кл | BR4: 10-11 кл профильное | BU4: 1-4 классы | BV4: 5-9 классы | BW4: 10-11 кл | BX4: 10-11 кл профильное | BY4: 1-4 классы | BZ4: 5-9 классы | CA4: 10-11 кл | CB4: 10-11 кл профильное
B5: 12 | C5: ='Нормативы ООУ_КОПО'!D474 -> 3027 | D5: ='Нормативы ООУ_КОПО'!E474 -> 4823 | E5: ='Нормативы ООУ_КОПО'!F474 -> 5924 | F5: ='Нормативы ООУ_КОПО'!G474 -> 6298 | G5: ='Нормативы ООУ_КОПО'!H474 -> 4238 | H5: ='Нормативы ООУ_КОПО'!I474 -> 6201 | I5: ='Нормативы ООУ_КОПО'!J474 -> 7525 | J5: ='Нормативы ООУ_КОПО'!K474 -> 8001 | M5: ='Нормативы ООУ_КОПО'!D480 -> 3888 | N5: ='Нормативы ООУ_КОПО'!E480 -> 6170 | O5: ='Нормативы ООУ_КОПО'!F480 -> 7602 | P5: ='Нормативы ООУ_КОПО'!G480 -> 8082 | Q5: ='Нормативы ООУ_КОПО'!H480 -> 5443 | R5: ='Нормативы ООУ_КОПО'!I480 -> 7933 | S5: ='Нормативы ООУ_КОПО'!J480 -> 9657 | T5: ='Нормативы ООУ_КОПО'!K480 -> 10267 | W5: ='Нормативы ООУ_КОПО'!D475 -> 3250 | X5: ='Нормативы ООУ_КОПО'!E475 -> 5184 | Y5: ='Нормативы ООУ_КОПО'!F475 -> 6935 | Z5: ='Нормативы ООУ_КОПО'!G475 -> 6955 | AA5: ='Нормативы ООУ_КОПО'!H475 -> 4550 | AB5: ='Нормативы ООУ_КОПО'!I475 -> 6665 | AC5: ='Нормативы ООУ_КОПО'!J475 -> 8809 | AD5: ='Нормативы ООУ_КОПО'!K475 -> 8835 | AG5: ='Нормативы ООУ_КОПО'!D492 -> 4402 | AH5: ='Нормативы ООУ_КОПО'!E492 -> 6962 | AI5: ='Нормативы ООУ_КОПО'!F492 -> 8283 | AJ5: ='Нормативы ООУ_КОПО'!G492 -> 0 | AK5: ='Нормативы ООУ_КОПО'!H492 -> 6191 | AL5: ='Нормативы ООУ_КОПО'!I492 -> 8951 | AM5: ='Нормативы ООУ_КОПО'!J492 -> 10521 | AN5: ='Нормативы ООУ_КОПО'!K495 -> 0 | AQ5: ='Нормативы ООУ_КОПО'!D494 -> 4301 | AR5: ='Нормативы ООУ_КОПО'!E494 -> 6934 | AS5: ='Нормативы ООУ_КОПО'!F494 -> 8470 | AT5: ='Нормативы ООУ_КОПО'!G494 -> 0 | AU5: ='Нормативы ООУ_КОПО'!H494 -> 6049 | AV5: ='Нормативы ООУ_КОПО'!I494 -> 8915 | AW5: ='Нормативы ООУ_КОПО'!J494 -> 10759 | AX5: ='Нормативы ООУ_КОПО'!K494 -> 0 | BA5: ='Нормативы ООУ_КОПО'!D493 -> 3474 | BB5: ='Нормативы ООУ_КОПО'!E493 -> 5601 | BC5: ='Нормативы ООУ_КОПО'!F493 -> 6844 | BD5: ='Нормативы ООУ_КОПО'!G493 -> 0 | BE5: ='Нормативы ООУ_КОПО'!H493 -> 4885 | BF5: ='Нормативы ООУ_КОПО'!I493 -> 7201 | BG5: ='Нормативы ООУ_КОПО'!J493 -> 8693 | BH5: ='Нормативы ООУ_КОПО'!K493 -> 0 | BK5: ='Нормативы ООУ_КОПО'!D496 -> 4301 | BL5: ='Нормативы ООУ_КОПО'!E496 -> 6934 | BM5: ='Нормативы ООУ_КОПО'!F496 -> 8470 | BN5: ='Нормативы ООУ_КОПО'!G496 -> 0 | BO5: ='Нормативы ООУ_КОПО'!H496 -> 6049 | BP5: ='Нормативы ООУ_КОПО'!I496 -> 8915 | BQ5: ='Нормативы ООУ_КОПО'!J496 -> 10759 | BR5: ='Нормативы ООУ_КОПО'!K496 -> 0 | BU5: ='Нормативы ООУ_КОПО'!D515 -> 9708 | BV5: ='Нормативы ООУ_КОПО'!E515 -> 13992 | BW5: ='Нормативы ООУ_КОПО'!F515 -> 15190 | BX5: ='Нормативы ООУ_КОПО'!G515 -> 0 | BY5: ='Нормативы ООУ_КОПО'!H515 -> 14017 | BZ5: ='Нормативы ООУ_КОПО'!I515 -> 18441 | CA5: ='Нормативы ООУ_КОПО'!J515 -> 19651 | CB5: ='Нормативы ООУ_КОПО'!K515 -> 0
A6: 1 | B6: ЧОУ Гимназия "Грэйс" | G6: 57 | H6: 70 | I6: 10 | K6: =SUM(C6:J6) -> 137 | L6: =(C6*C$5+D6*D$5+E6*E$5+F6*F$5+G6*G$5+H6*H$5+I6*I$5+J6*J$5)*12 -> 9010632 | U6: =SUM(M6:T6) -> 0 | V6: =(M6*M$5+N6*N$5+O6*O$5+P6*P$5+Q6*Q$5+R6*R$5+S6*S$5+T6*T$5)*12 -> 0 | AF6: =(W6*W$5+X6*X$5+Y6*Y$5+Z6*Z$5+AA6*AA$5+AB6*AB$5+AC6*AC$5+AD6*AD$5)*12 -> 0 | AO6: =SUM(AG6:AN6) -> 0 | AP6: =(AG6*AG$5+AH6*AH$5+AI6*AI$5+AJ6*AJ$5+AK6*AK$5+AL6*AL$5+AM6*AM$5+AN6*AN$5)*12 -> 0 | AY6: =SUM(AQ6:AX6) -> 0 | AZ6: =(AQ6*AQ$5+AR6*AR$5+AS6*AS$5+AT6*AT$5+AU6*AU$5+AV6*AV$5+AW6*AW$5+AX6*AX$5)*12 -> 0 | BI6: =SUM(BA6:BH6) -> 0 | BJ6: =(BA6*BA$5+BB6*BB$5+BC6*BC$5+BD6*BD$5+BE6*BE$5+BF6*BF$5+BG6*BG$5+BH6*BH$5)*12 -> 0 | BS6: =SUM(BK6:BR6) -> 0 | BT6: =(BK6*BK$5+BL6*BL$5+BM6*BM$5+BN6*BN$5+BO6*BO$5+BP6*BP$5+BQ6*BQ$5+BR6*BR$5)*12 -> 0 | CC6: =SUM(BU6:CB6) -> 0 | CD6: =(BU6*BU$5+BV6*BV$5+BW6*BW$5+BX6*BX$5+BY6*BY$5+BZ6*BZ$5+CA6*CA$5+CB6*CB$5)*12 -> 0 | CE6: =C6+W6+G6+AA6+AU6+AQ6+AG6+AK6+BU6+BY6+M6+Q6+BK6+BA6+BE6+BO6 -> 57 | CF6: =D6+X6+H6+AB6+AV6+AR6+AH6+AL6+BV6+BZ6+N6+R6+BL6+BB6+BF6+BP6 -> 70 | CG6: =E6+Y6+I6+AC6+AW6+AS6+AI6+AM6+BW6+CA6+O6+S6+BM6+BC6+BG6+BQ6 -> 10 | CH6: =F6+Z6+J6+AD6+AX6+AT6+AJ6+AN6+BX6+CB6+P6+T6+BN6+BD6+BH6+BR6 -> 0 | CI6: =CE6+CF6+CG6+CH6 -> 137 | CJ6: =ROUND(L6+V6+AF6+AZ6+AP6+CD6+BJ6+BT6,-2) -> 9010600
A7: 2 | B7: ЧОУ "Школа "Лужки"" | K7: =SUM(C7:J7) -> 0 | L7: =(C7*C$5+D7*D$5+E7*E$5+F7*F$5+G7*G$5+H7*H$5+I7*I$5+J7*J$5)*12 -> 0 | Q7: 31 | R7: 46 | S7: 8 | U7: =SUM(M7:T7) -> 85 | V7: =(M7*M$5+N7*N$5+O7*O$5+P7*P$5+Q7*Q$5+R7*R$5+S7*S$5+T7*T$5)*12 -> 7330884 | AF7: =(W7*W$5+X7*X$5+Y7*Y$5+Z7*Z$5+AA7*AA$5+AB7*AB$5+AC7*AC$5+AD7*AD$5)*12 -> 0 | AO7: =SUM(AG7:AN7) -> 0 | AP7: =(AG7*AG$5+AH7*AH$5+AI7*AI$5+AJ7*AJ$5+AK7*AK$5+AL7*AL$5+AM7*AM$5+AN7*AN$5)*12 -> 0 | AY7: =SUM(AQ7:AX7) -> 0 | AZ7: =(AQ7*AQ$5+AR7*AR$5+AS7*AS$5+AT7*AT$5+AU7*AU$5+AV7*AV$5+AW7*AW$5+AX7*AX$5)*12 -> 0 | BI7: =SUM(BA7:BH7) -> 0 | BJ7: =(BA7*BA$5+BB7*BB$5+BC7*BC$5+BD7*BD$5+BE7*BE$5+BF7*BF$5+BG7*BG$5+BH7*BH$5)*12 -> 0 | BS7: =SUM(BK7:BR7) -> 0 | BT7: =(BK7*BK$5+BL7*BL$5+BM7*BM$5+BN7*BN$5+BO7*BO$5+BP7*BP$5+BQ7*BQ$5+BR7*BR$5)*12 -> 0 | CC7: =SUM(BU7:CB7) -> 0 | CD7: =(BU7*BU$5+BV7*BV$5+BW7*BW$5+BX7*BX$5+BY7*BY$5+BZ7*BZ$5+CA7*CA$5+CB7*CB$5)*12 -> 0 | CE7: =C7+W7+G7+AA7+AU7+AQ7+AG7+AK7+BU7+BY7+M7+Q7+BK7+BA7+BE7+BO7 -> 31 | CF7: =D7+X7+H7+AB7+AV7+AR7+AH7+AL7+BV7+BZ7+N7+R7+BL7+BB7+BF7+BP7 -> 46 | CG7: =E7+Y7+I7+AC7+AW7+AS7+AI7+AM7+BW7+CA7+O7+S7+BM7+BC7+BG7+BQ7 -> 8 | CH7: =F7+Z7+J7+AD7+AX7+AT7+AJ7+AN7+BX7+CB7+P7+T7+BN7+BD7+BH7+BR7 -> 0 | CI7: =CE7+CF7+CG7+CH7 -> 85 | CJ7: =ROUND(L7+V7+AF7+AZ7+AP7+CD7+BJ7+BT7,-2) -> 7330900
A8: 3 | B8: ЧОУ "Гатчинская гимназия Апекс" | F8: 14 | G8: 54 | J8: 15 | K8: =SUM(C8:J8) -> 83 | L8: =(C8*C$5+D8*D$5+E8*E$5+F8*F$5+G8*G$5+H8*H$5+I8*I$5+J8*J$5)*12 -> 5244468 | U8: =SUM(M8:T8) -> 0 | V8: =(M8*M$5+N8*N$5+O8*O$5+P8*P$5+Q8*Q$5+R8*R$5+S8*S$5+T8*T$5)*12 -> 0 | AB8: 62 | AF8: =(W8*W$5+X8*X$5+Y8*Y$5+Z8*Z$5+AA8*AA$5+AB8*AB$5+AC8*AC$5+AD8*AD$5)*12 -> 4958760 | AO8: =SUM(AG8:AN8) -> 0 | AP8: =(AG8*AG$5+AH8*AH$5+AI8*AI$5+AJ8*AJ$5+AK8*AK$5+AL8*AL$5+AM8*AM$5+AN8*AN$5)*12 -> 0 | AY8: =SUM(AQ8:AX8) -> 0 | AZ8: =(AQ8*AQ$5+AR8*AR$5+AS8*AS$5+AT8*AT$5+AU8*AU$5+AV8*AV$5+AW8*AW$5+AX8*AX$5)*12 -> 0 | BI8: =SUM(BA8:BH8) -> 0 | BJ8: =(BA8*BA$5+BB8*BB$5+BC8*BC$5+BD8*BD$5+BE8*BE$5+BF8*BF$5+BG8*BG$5+BH8*BH$5)*12 -> 0 | BS8: =SUM(BK8:BR8) -> 0 | BT8: =(BK8*BK$5+BL8*BL$5+BM8*BM$5+BN8*BN$5+BO8*BO$5+BP8*BP$5+BQ8*BQ$5+BR8*BR$5)*12 -> 0 | CC8: =SUM(BU8:CB8) -> 0 | CD8: =(BU8*BU$5+BV8*BV$5+BW8*BW$5+BX8*BX$5+BY8*BY$5+BZ8*BZ$5+CA8*CA$5+CB8*CB$5)*12 -> 0 | CE8: =C8+W8+G8+AA8+AU8+AQ8+AG8+AK8+BU8+BY8+M8+Q8+BK8+BA8+BE8+BO8 -> 54 | CF8: =D8+X8+H8+AB8+AV8+AR8+AH8+AL8+BV8+BZ8+N8+R8+BL8+BB8+BF8+BP8 -> 62 | CG8: =E8+Y8+I8+AC8+AW8+AS8+AI8+AM8+BW8+CA8+O8+S8+BM8+BC8+BG8+BQ8 -> 0 | CH8: =F8+Z8+J8+AD8+AX8+AT8+AJ8+AN8+BX8+CB8+P8+T8+BN8+BD8+BH8+BR8 -> 29 | CI8: =CE8+CF8+CG8+CH8 -> 145 | CJ8: =ROUND(L8+V8+AF8+AZ8+AP8+CD8+BJ8+BT8,-2) -> 10203200
A9: 4 | B9: ЧОУ "Первая академическая гимназия г.Гатчины" | G9: 52 | K9: =SUM(C9:J9) -> 52 | L9: =(C9*C$5+D9*D$5+E9*E$5+F9*F$5+G9*G$5+H9*H$5+I9*I$5+J9*J$5)*12 -> 2644512 | U9: =SUM(M9:T9) -> 0 | V9: =(M9*M$5+N9*N$5+O9*O$5+P9*P$5+Q9*Q$5+R9*R$5+S9*S$5+T9*T$5)*12 -> 0 | Z9: 10 | AB9: 56 | AD9: 8 | AE9: 8 | AF9: =(W9*W$5+X9*X$5+Y9*Y$5+Z9*Z$5+AA9*AA$5+AB9*AB$5+AC9*AC$5+AD9*AD$5)*12 -> 6161640 | AO9: =SUM(AG9:AN9) -> 0 | AP9: =(AG9*AG$5+AH9*AH$5+AI9*AI$5+AJ9*AJ$5+AK9*AK$5+AL9*AL$5+AM9*AM$5+AN9*AN$5)*12 -> 0 | AY9: =SUM(AQ9:AX9) -> 0 | AZ9: =(AQ9*AQ$5+AR9*AR$5+AS9*AS$5+AT9*AT$5+AU9*AU$5+AV9*AV$5+AW9*AW$5+AX9*AX$5)*12 -> 0 | BI9: =SUM(BA9:BH9) -> 0 | BJ9: =(BA9*BA$5+BB9*BB$5+BC9*BC$5+BD9*BD$5+BE9*BE$5+BF9*BF$5+BG9*BG$5+BH9*BH$5)*12 -> 0 | BS9: =SUM(BK9:BR9) -> 0 | BT9: =(BK9*BK$5+BL9*BL$5+BM9*BM$5+BN9*BN$5+BO9*BO$5+BP9*BP$5+BQ9*BQ$5+BR9*BR$5)*12 -> 0 | CC9: =SUM(BU9:CB9) -> 0 | CD9: =(BU9*BU$5+BV9*BV$5+BW9*BW$5+BX9*BX$5+BY9*BY$5+BZ9*BZ$5+CA9*CA$5+CB9*CB$5)*12 -> 0 | CE9: =C9+W9+G9+AA9+AU9+AQ9+AG9+AK9+BU9+BY9+M9+Q9+BK9+BA9+BE9+BO9 -> 52 | CF9: =D9+X9+H9+AB9+AV9+AR9+AH9+AL9+BV9+BZ9+N9+R9+BL9+BB9+BF9+BP9 -> 56 | CG9: =E9+Y9+I9+AC9+AW9+AS9+AI9+AM9+BW9+CA9+O9+S9+BM9+BC9+BG9+BQ9 -> 0 | CH9: =F9+Z9+J9+AD9+AX9+AT9+AJ9+AN9+BX9+CB9+P9+T9+BN9+BD9+BH9+BR9 -> 18 | CI9: =CE9+CF9+CG9+CH9 -> 126 | CJ9: =ROUND(L9+V9+AF9+AZ9+AP9+CD9+BJ9+BT9,-2) -> 8806200
A10: 5 | B10: АНО ОУ "Школа имени императора Александра III" | G10: 68 | H10: 86 | I10: 10 | K10: =SUM(C10:J10) -> 164 | L10: =(C10*C$5+D10*D$5+E10*E$5+F10*F$5+G10*G$5+H10*H$5+I10*I$5+J10*J$5)*12 -> 10760640 | U10: =SUM(M10:T10) -> 0 | V10: =(M10*M$5+N10*N$5+O10*O$5+P10*P$5+Q10*Q$5+R10*R$5+S10*S$5+T10*T$5)*12 -> 0 | AF10: =(W10*W$5+X10*X$5+Y10*Y$5+Z10*Z$5+AA10*AA$5+AB10*AB$5+AC10*AC$5+AD10*AD$5)*12 -> 0 | AO10: =SUM(AG10:AN10) -> 0 | AP10: =(AG10*AG$5+AH10*AH$5+AI10*AI$5+AJ10*AJ$5+AK10*AK$5+AL10*AL$5+AM10*AM$5+AN10*AN$5)*12 -> 0 | AY10: =SUM(AQ10:AX10) -> 0 | AZ10: =(AQ10*AQ$5+AR10*AR$5+AS10*AS$5+AT10*AT$5+AU10*AU$5+AV10*AV$5+AW10*AW$5+AX10*AX$5)*12 -> 0 | BE10: 2 | BI10: =SUM(BA10:BH10) -> 2 | BJ10: =(BA10*BA$5+BB10*BB$5+BC10*BC$5+BD10*BD$5+BE10*BE$5+BF10*BF$5+BG10*BG$5+BH10*BH$5)*12 -> 117240 | BL10: 1 | BS10: =SUM(BK10:BR10) -> 1 | BT10: =(BK10*BK$5+BL10*BL$5+BM10*BM$5+BN10*BN$5+BO10*BO$5+BP10*BP$5+BQ10*BQ$5+BR10*BR$5)*12 -> 83208 | BV10: 1 | CC10: =SUM(BU10:CB10) -> 1 | CD10: =(BU10*BU$5+BV10*BV$5+BW10*BW$5+BX10*BX$5+BY10*BY$5+BZ10*BZ$5+CA10*CA$5+CB10*CB$5)*12 -> 167904 | CE10: =C10+W10+G10+AA10+AU10+AQ10+AG10+AK10+BU10+BY10+M10+Q10+BK10+BA10+BE10+BO10 -> 70 | CF10: =D10+X10+H10+AB10+AV10+AR10+AH10+AL10+BV10+BZ10+N10+R10+BL10+BB10+BF10+BP10 -> 88 | CG10: =E10+Y10+I10+AC10+AW10+AS10+AI10+AM10+BW10+CA10+O10+S10+BM10+BC10+BG10+BQ10 -> 10 | CH10: =F10+Z10+J10+AD10+AX10+AT10+AJ10+AN10+BX10+CB10+P10+T10+BN10+BD10+BH10+BR10 -> 0 | CI10: =CE10+CF10+CG10+CH10 -> 168 | CJ10: =ROUND(L10+V10+AF10+AZ10+AP10+CD10+BJ10+BT10,-2) -> 11129000
A11: 6 | B11: ЧОУ "Кингисеппская СОШ Православной культуры" | G11: 49 | H11: 46 | J11: 25 | K11: =SUM(C11:J11) -> 120 | L11: =(C11*C$5+D11*D$5+E11*E$5+F11*F$5+G11*G$5+H11*H$5+I11*I$5+J11*J$5)*12 -> 8315196 | U11: =SUM(M11:T11) -> 0 | V11: =(M11*M$5+N11*N$5+O11*O$5+P11*P$5+Q11*Q$5+R11*R$5+S11*S$5+T11*T$5)*12 -> 0 | AF11: =(W11*W$5+X11*X$5+Y11*Y$5+Z11*Z$5+AA11*AA$5+AB11*AB$5+AC11*AC$5+AD11*AD$5)*12 -> 0 | AO11: =SUM(AG11:AN11) -> 0 | AP11: =(AG11*AG$5+AH11*AH$5+AI11*AI$5+AJ11*AJ$5+AK11*AK$5+AL11*AL$5+AM11*AM$5+AN11*AN$5)*12 -> 0 | AY11: =SUM(AQ11:AX11) -> 0 | AZ11: =(AQ11*AQ$5+AR11*AR$5+AS11*AS$5+AT11*AT$5+AU11*AU$5+AV11*AV$5+AW11*AW$5+AX11*AX$5)*12 -> 0 | BI11: =SUM(BA11:BH11) -> 0 | BJ11: =(BA11*BA$5+BB11*BB$5+BC11*BC$5+BD11*BD$5+BE11*BE$5+BF11*BF$5+BG11*BG$5+BH11*BH$5)*12 -> 0 | BS11: =SUM(BK11:BR11) -> 0 | BT11: =(BK11*BK$5+BL11*BL$5+BM11*BM$5+BN11*BN$5+BO11*BO$5+BP11*BP$5+BQ11*BQ$5+BR11*BR$5)*12 -> 0 | CC11: =SUM(BU11:CB11) -> 0 | CD11: =(BU11*BU$5+BV11*BV$5+BW11*BW$5+BX11*BX$5+BY11*BY$5+BZ11*BZ$5+CA11*CA$5+CB11*CB$5)*12 -> 0 | CE11: =C11+W11+G11+AA11+AU11+AQ11+AG11+AK11+BU11+BY11+M11+Q11+BK11+BA11+BE11+BO11 -> 49 | CF11: =D11+X11+H11+AB11+AV11+AR11+AH11+AL11+BV11+BZ11+N11+R11+BL11+BB11+BF11+BP11 -> 46 | CG11: =E11+Y11+I11+AC11+AW11+AS11+AI11+AM11+BW11+CA11+O11+S11+BM11+BC11+BG11+BQ11 -> 0 | CH11: =F11+Z11+J11+AD11+AX11+AT11+AJ11+AN11+BX11+CB11+P11+T11+BN11+BD11+BH11+BR11 -> 25 | CI11: =CE11+CF11+CG11+CH11 -> 120 | CJ11: =ROUND(L11+V11+AF11+AZ11+AP11+CD11+BJ11+BT11,-2) -> 8315200
A12: 7 | B12: НОУ школа "Истоки" | G12: 26 | H12: 35 | K12: =SUM(C12:J12) -> 61 | L12: =(C12*C$5+D12*D$5+E12*E$5+F12*F$5+G12*G$5+H12*H$5+I12*I$5+J12*J$5)*12 -> 3926676 | U12: =SUM(M12:T12) -> 0 | V12: =(M12*M$5+N12*N$5+O12*O$5+P12*P$5+Q12*Q$5+R12*R$5+S12*S$5+T12*T$5)*12 -> 0 | AF12: =(W12*W$5+X12*X$5+Y12*Y$5+Z12*Z$5+AA12*AA$5+AB12*AB$5+AC12*AC$5+AD12*AD$5)*12 -> 0 | AL12: 1 | AO12: =SUM(AG12:AN12) -> 1 | AP12: =(AG12*AG$5+AH12*AH$5+AI12*AI$5+AJ12*AJ$5+AK12*AK$5+AL12*AL$5+AM12*AM$5+AN12*AN$5)*12 -> 107412 | AU12: 3 | AY12: =SUM(AQ12:AX12) -> 3 | AZ12: =(AQ12*AQ$5+AR12*AR$5+AS12*AS$5+AT12*AT$5+AU12*AU$5+AV12*AV$5+AW12*AW$5+AX12*AX$5)*12 -> 217764 | BE12: 1 | BI12: =SUM(BA12:BH12) -> 1 | BJ12: =(BA12*BA$5+BB12*BB$5+BC12*BC$5+BD12*BD$5+BE12*BE$5+BF12*BF$5+BG12*BG$5+BH12*BH$5)*12 -> 58620 | BS12: =SUM(BK12:BR12) -> 0 | BT12: =(BK12*BK$5+BL12*BL$5+BM12*BM$5+BN12*BN$5+BO12*BO$5+BP12*BP$5+BQ12*BQ$5+BR12*BR$5)*12 -> 0 | CC12: =SUM(BU12:CB12) -> 0 | CD12: =(BU12*BU$5+BV12*BV$5+BW12*BW$5+BX12*BX$5+BY12*BY$5+BZ12*BZ$5+CA12*CA$5+CB12*CB$5)*12 -> 0 | CE12: =C12+W12+G12+AA12+AU12+AQ12+AG12+AK12+BU12+BY12+M12+Q12+BK12+BA12+BE12+BO12 -> 30 | CF12: =D12+X12+H12+AB12+AV12+AR12+AH12+AL12+BV12+BZ12+N12+R12+BL12+BB12+BF12+BP12 -> 36 | CG12: =E12+Y12+I12+AC12+AW12+AS12+AI12+AM12+BW12+CA12+O12+S12+BM12+BC12+BG12+BQ12 -> 0 | CH12: =F12+Z12+J12+AD12+AX12+AT12+AJ12+AN12+BX12+CB12+P12+T12+BN12+BD12+BH12+BR12 -> 0 | CI12: =CE12+CF12+CG12+CH12 -> 66 | CJ12: =ROUND(L12+V12+AF12+AZ12+AP12+CD12+BJ12+BT12,-2) -> 4310500
A13: 8 | B13: НОУ СО "Школа Русской Культуры преподобных Сергия и Германа Валаамсяких" | G13: 16 | H13: 26 | K13: =SUM(C13:J13) -> 42 | L13: =(C13*C$5+D13*D$5+E13*E$5+F13*F$5+G13*G$5+H13*H$5+I13*I$5+J13*J$5)*12 -> 2748408 | U13: =SUM(M13:T13) -> 0 | V13: =(M13*M$5+N13*N$5+O13*O$5+P13*P$5+Q13*Q$5+R13*R$5+S13*S$5+T13*T$5)*12 -> 0 | AF13: =(W13*W$5+X13*X$5+Y13*Y$5+Z13*Z$5+AA13*AA$5+AB13*AB$5+AC13*AC$5+AD13*AD$5)*12 -> 0 | AO13: =SUM(AG13:AN13) -> 0 | AP13: =(AG13*AG$5+AH13*AH$5+AI13*AI$5+AJ13*AJ$5+AK13*AK$5+AL13*AL$5+AM13*AM$5+AN13*AN$5)*12 -> 0 | AY13: =SUM(AQ13:AX13) -> 0 | AZ13: =(AQ13*AQ$5+AR13*AR$5+AS13*AS$5+AT13*AT$5+AU13*AU$5+AV13*AV$5+AW13*AW$5+AX13*AX$5)*12 -> 0 | BI13: =SUM(BA13:BH13) -> 0 | BJ13: =(BA13*BA$5+BB13*BB$5+BC13*BC$5+BD13*BD$5+BE13*BE$5+BF13*BF$5+BG13*BG$5+BH13*BH$5)*12 -> 0 | BS13: =SUM(BK13:BR13) -> 0 | BT13: =(BK13*BK$5+BL13*BL$5+BM13*BM$5+BN13*BN$5+BO13*BO$5+BP13*BP$5+BQ13*BQ$5+BR13*BR$5)*12 -> 0 | CC13: =SUM(BU13:CB13) -> 0 | CD13: =(BU13*BU$5+BV13*BV$5+BW13*BW$5+BX13*BX$5+BY13*BY$5+BZ13*BZ$5+CA13*CA$5+CB13*CB$5)*12 -> 0 | CE13: =C13+W13+G13+AA13+AU13+AQ13+AG13+AK13+BU13+BY13+M13+Q13+BK13+BA13+BE13+BO13 -> 16 | CF13: =D13+X13+H13+AB13+AV13+AR13+AH13+AL13+BV13+BZ13+N13+R13+BL13+BB13+BF13+BP13 -> 26 | CG13: =E13+Y13+I13+AC13+AW13+AS13+AI13+AM13+BW13+CA13+O13+S13+BM13+BC13+BG13+BQ13 -> 0 | CH13: =F13+Z13+J13+AD13+AX13+AT13+AJ13+AN13+BX13+CB13+P13+T13+BN13+BD13+BH13+BR13 -> 0 | CI13: =CE13+CF13+CG13+CH13 -> 42 | CJ13: =ROUND(L13+V13+AF13+AZ13+AP13+CD13+BJ13+BT13,-2) -> 2748400
A14: 9 | B14: АНО "Сосновоборская частная школа" | G14: 72 | H14: 82 | I14: 36 | K14: =SUM(C14:J14) -> 190 | L14: =(C14*C$5+D14*D$5+E14*E$5+F14*F$5+G14*G$5+H14*H$5+I14*I$5+J14*J$5)*12 -> 13014216 | U14: =SUM(M14:T14) -> 0 | V14: =(M14*M$5+N14*N$5+O14*O$5+P14*P$5+Q14*Q$5+R14*R$5+S14*S$5+T14*T$5)*12 -> 0 | AF14: =(W14*W$5+X14*X$5+Y14*Y$5+Z14*Z$5+AA14*AA$5+AB14*AB$5+AC14*AC$5+AD14*AD$5)*12 -> 0 | AO14: =SUM(AG14:AN14) -> 0 | AP14: =(AG14*AG$5+AH14*AH$5+AI14*AI$5+AJ14*AJ$5+AK14*AK$5+AL14*AL$5+AM14*AM$5+AN14*AN$5)*12 -> 0 | AY14: =SUM(AQ14:AX14) -> 0 | AZ14: =(AQ14*AQ$5+AR14*AR$5+AS14*AS$5+AT14*AT$5+AU14*AU$5+AV14*AV$5+AW14*AW$5+AX14*AX$5)*12 -> 0 | BI14: =SUM(BA14:BH14) -> 0 | BJ14: =(BA14*BA$5+BB14*BB$5+BC14*BC$5+BD14*BD$5+BE14*BE$5+BF14*BF$5+BG14*BG$5+BH14*BH$5)*12 -> 0 | BS14: =SUM(BK14:BR14) -> 0 | BT14: =(BK14*BK$5+BL14*BL$5+BM14*BM$5+BN14*BN$5+BO14*BO$5+BP14*BP$5+BQ14*BQ$5+BR14*BR$5)*12 -> 0 | CC14: =SUM(BU14:CB14) -> 0 | CD14: =(BU14*BU$5+BV14*BV$5+BW14*BW$5+BX14*BX$5+BY14*BY$5+BZ14*BZ$5+CA14*CA$5+CB14*CB$5)*12 -> 0 | CE14: =C14+W14+G14+AA14+AU14+AQ14+AG14+AK14+BU14+BY14+M14+Q14+BK14+BA14+BE14+BO14 -> 72 | CF14: =D14+X14+H14+AB14+AV14+AR14+AH14+AL14+BV14+BZ14+N14+R14+BL14+BB14+BF14+BP14 -> 82 | CG14: =E14+Y14+I14+AC14+AW14+AS14+AI14+AM14+BW14+CA14+O14+S14+BM14+BC14+BG14+BQ14 -> 36 | CH14: =F14+Z14+J14+AD14+AX14+AT14+AJ14+AN14+BX14+CB14+P14+T14+BN14+BD14+BH14+BR14 -> 0 | CI14: =CE14+CF14+CG14+CH14 -> 190 | CJ14: =ROUND(L14+V14+AF14+AZ14+AP14+CD14+BJ14+BT14,-2) -> 13014200
A15: 9 | B15: ЧООУ «Деловая волна» | G15: 66 | H15: 54 | I15: 5 | K15: =SUM(C15:J15) -> 125 | L15: =(C15*C$5+D15*D$5+E15*E$5+F15*F$5+G15*G$5+H15*H$5+I15*I$5+J15*J$5)*12 -> 7826244 | U15: =SUM(M15:T15) -> 0 | V15: =(M15*M$5+N15*N$5+O15*O$5+P15*P$5+Q15*Q$5+R15*R$5+S15*S$5+T15*T$5)*12 -> 0 | AF15: =(W15*W$5+X15*X$5+Y15*Y$5+Z15*Z$5+AA15*AA$5+AB15*AB$5+AC15*AC$5+AD15*AD$5)*12 -> 0 | AO15: =SUM(AG15:AN15) -> 0 | AP15: =(AG15*AG$5+AH15*AH$5+AI15*AI$5+AJ15*AJ$5+AK15*AK$5+AL15*AL$5+AM15*AM$5+AN15*AN$5)*12 -> 0 | AY15: =SUM(AQ15:AX15) -> 0 | AZ15: =(AQ15*AQ$5+AR15*AR$5+AS15*AS$5+AT15*AT$5+AU15*AU$5+AV15*AV$5+AW15*AW$5+AX15*AX$5)*12 -> 0 | BI15: =SUM(BA15:BH15) -> 0 | BJ15: =(BA15*BA$5+BB15*BB$5+BC15*BC$5+BD15*BD$5+BE15*BE$5+BF15*BF$5+BG15*BG$5+BH15*BH$5)*12 -> 0 | BS15: =SUM(BK15:BR15) -> 0 | BT15: =(BK15*BK$5+BL15*BL$5+BM15*BM$5+BN15*BN$5+BO15*BO$5+BP15*BP$5+BQ15*BQ$5+BR15*BR$5)*12 -> 0 | CC15: =SUM(BU15:CB15) -> 0 | CD15: =(BU15*BU$5+BV15*BV$5+BW15*BW$5+BX15*BX$5+BY15*BY$5+BZ15*BZ$5+CA15*CA$5+CB15*CB$5)*12 -> 0 | CE15: =C15+W15+G15+AA15+AU15+AQ15+AG15+AK15+BU15+BY15+M15+Q15+BK15+BA15+BE15+BO15 -> 66 | CF15: =D15+X15+H15+AB15+AV15+AR15+AH15+AL15+BV15+BZ15+N15+R15+BL15+BB15+BF15+BP15 -> 54 | CG15: =E15+Y15+I15+AC15+AW15+AS15+AI15+AM15+BW15+CA15+O15+S15+BM15+BC15+BG15+BQ15 -> 5 | CH15: =F15+Z15+J15+AD15+AX15+AT15+AJ15+AN15+BX15+CB15+P15+T15+BN15+BD15+BH15+BR15 -> 0 | CI15: =CE15+CF15+CG15+CH15 -> 125 | CJ15: =ROUND(L15+V15+AF15+AZ15+AP15+CD15+BJ15+BT15,-2) -> 7826200
B16: ИТОГО | C16: =SUM(C6:C15) -> 0 | D16: =SUM(D6:D15) -> 0 | E16: =SUM(E6:E15) -> 0 | F16: =SUM(F6:F15) -> 14 | G16: =SUM(G6:G15) -> 460 | H16: =SUM(H6:H15) -> 399 | I16: =SUM(I6:I15) -> 61 | J16: =SUM(J6:J15) -> 40 | ... BJ16: =SUM(BJ6:BJ15) -> 175860 | BU16: =SUM(BU6:BU15) -> 0 | BV16: =SUM(BV6:BV15) -> 1 | BW16: =SUM(BW6:BW15) -> 0 | BX16: =SUM(BX6:BX15) -> 0 | BY16: =SUM(BY6:BY15) -> 0 | BZ16: =SUM(BZ6:BZ15) -> 0 | CA16: =SUM(CA6:CA15) -> 0 | CB16: =SUM(CB6:CB15) -> 0 | ... CJ16: =SUM(CJ6:CJ15) -> 82694400

Sheet ИП_КОПО
C1: Расчет объема финансового обеспечения затрат индивидуальным предпринимателям в связи с реализацией основных общеобразовательных программ дошкольного образования на 2021 год
A3: №№ | B3: Наименование | C3: группы общеразвивающей направленности, обычные группы | W3: Всего | AA3: Итого потребность на 2021 год
C4: кратковременного пребывания | G4: сокращенного дня | K4: полного дня | O4: продленного дня | S4: круглосуточным пребыванием
C5: до 5 часов | G5: 8 - 10,5 часов | K5: 12 часов | O5: 13 - 14 часов | S5: 24 часа
C6: до 3 лет | E6: старше 3 лет | G6: до 3 лет | I6: старше 3 лет | K6: до 3 лет | M6: старше 3 лет | O6: до 3 лет | Q6: старше 3 лет | S6: до 3 лет | U6: старше 3 лет | W6: до 3 лет | Y6: старше 3 лет
C7: 19 | D7: 23 | E7: 19 | F7: 23 | G7: 19 | H7: 23 | I7: 19 | J7: 23 | K7: 19 | L7: 23 | M7: 15 | N7: 20 | O7: 15 | P7: 20 | Q7: 15 | R7: 20 | S7: 15 | T7: 20 | U7: 15 | V7: 20 | W7: 15 | X7: 20 | Y7: 15 | Z7: 20 | AA7: 15 | AB7: 20
C8: кон-т | D8: сумма | E8: кон-т | F8: сумма | G8: кон-т | H8: сумма | I8: кон-т | J8: сумма | K8: кон-т | L8: сумма | M8: кон-т | N8: сумма | O8: кон-т | P8: сумма | Q8: кон-т | R8: сумма | S8: кон-т | T8: сумма | U8: кон-т | V8: сумма | W8: кон-т | X8: сумма | Y8: кон-т | Z8: сумма | AA8: кон-т | AB8: сумма
A9: 3 | D9: ='Норматив ДОУ_КОПО'!E583 -> 3736 | F9: ='Норматив ДОУ_КОПО'!E584 -> 3034 | H9: ='Норматив ДОУ_КОПО'!F583 -> 7473 | J9: ='Норматив ДОУ_КОПО'!F584 -> 6068 | L9: ='Норматив ДОУ_КОПО'!G583 -> 8967 | N9: ='Норматив ДОУ_КОПО'!G584 -> 7281 | P9: ='Норматив ДОУ_КОПО'!H583 -> 10462 | R9: ='Норматив ДОУ_КОПО'!H584 -> 8495 | T9: ='Норматив ДОУ_КОПО'!I583 -> 10462 | V9: ='Норматив ДОУ_КОПО'!I584 -> 8495
A10: 5 | B10: с 01.04.2020 | D10: 3592 | F10: 2917 | H10: 7184 | J10: 5833 | L10: 8620 | N10: 7000 | P10: 10057 | R10: 8166 | T10: 10057 | V10: 8166 | X10: ='[2]Норматив '!$H$583 -> 9668 | Z10: ='[2]Норматив '!$I$584 -> 7850
A11: 4 | B11: с 01.09.2020 | D11: 3592 | F11: 2917 | H11: 7184 | J11: 5833 | L11: 8620 | N11: 7000 | P11: 10057 | R11: 8166 | T11: 10057 | V11: 8166 | X11: ='[2]Норматив '!$H$583 -> 9668 | Z11: ='[2]Норматив '!$I$584 -> 7850
A12: 1 | B12: ИП Токубаев В.Э. "Детский образовательный центр" | D12: =C12*D$9*3+C12*D$10*5+C12*D$11*4 -> 0 | F12: =E12*F$9*3+E12*F$10*5+E12*F$11*4 -> 0 | H12: =G12*H$9*3+G12*H$10*5+G12*H$11*4 -> 0 | J12: =I12*J$9*3+I12*J$10*5+I12*J$11*4 -> 0 | L12: =K12*L$9*3+K12*L$10*5+K12*L$11*4 -> 0 | N12: =M12*N$9*3+M12*N$10*5+M12*N$11*4 -> 0 | O12: 6 | P12: =O12*P$9*3+O12*P$10*5+O12*P$11*4 -> 731394 | Q12: 20 | R12: =Q12*R$9*3+Q12*R$10*5+Q12*R$11*4 -> 1979580 | T12: =S12*T$9*3+S12*T$10*5+S12*T$11*4 -> 0 | V12: =U12*V$9*3+U12*V$10*5+U12*V$11*4 -> 0 | W12: =C12+G12+K12+O12+S12 -> 6 | X12: =D12+H12+L12+P12+T12 -> 731394 | Y12: =E12+I12+M12+Q12+U12 -> 20 | Z12: =F12+J12+N12+R12+V12 -> 1979580 | AA12: =W12+Y12 -> 26 | AB12: =ROUND(X12+Z12,-2) -> 2711000
A13: 2 | B13: ИП Козина Н.А. | D13: =C13*D$9*3+C13*D$10*5+C13*D$11*4 -> 0 | F13: =E13*F$9*3+E13*F$10*5+E13*F$11*4 -> 0 | H13: =G13*H$9*3+G13*H$10*5+G13*H$11*4 -> 0 | J13: =I13*J$9*3+I13*J$10*5+I13*J$11*4 -> 0 | K13: 35 | L13: =K13*L$9*3+K13*L$10*5+K13*L$11*4 -> 3656835 | M13: 45 | N13: =M13*N$9*3+M13*N$10*5+M13*N$11*4 -> 3817935 | P13: =O13*P$9*3+O13*P$10*5+O13*P$11*4 -> 0 | R13: =Q13*R$9*3+Q13*R$10*5+Q13*R$11*4 -> 0 | T13: =S13*T$9*3+S13*T$10*5+S13*T$11*4 -> 0 | V13: =U13*V$9*3+U13*V$10*5+U13*V$11*4 -> 0 | W13: =C13+G13+K13+O13+S13 -> 35 | X13: =D13+H13+L13+P13+T13 -> 3656835 | Y13: =E13+I13+M13+Q13+U13 -> 45 | Z13: =F13+J13+N13+R13+V13 -> 3817935 | AA13: =W13+Y13 -> 80 | AB13: =ROUND(X13+Z13,-2) -> 7474800
A14: 3 | B14: ИП Копцева И.Н. | D14: =C14*D$9*3+C14*D$10*5+C14*D$11*4 -> 0 | F14: =E14*F$9*3+E14*F$10*5+E14*F$11*4 -> 0 | H14: =G14*H$9*3+G14*H$10*5+G14*H$11*4 -> 0 | J14: =I14*J$9*3+I14*J$10*5+I14*J$11*4 -> 0 | K14: 19 | L14: =K14*L$9*3+K14*L$10*5+K14*L$11*4 -> 1985139 | M14: 11 | N14: =M14*N$9*3+M14*N$10*5+M14*N$11*4 -> 933273 | P14: =O14*P$9*3+O14*P$10*5+O14*P$11*4 -> 0 | R14: =Q14*R$9*3+Q14*R$10*5+Q14*R$11*4 -> 0 | T14: =S14*T$9*3+S14*T$10*5+S14*T$11*4 -> 0 | V14: =U14*V$9*3+U14*V$10*5+U14*V$11*4 -> 0 | W14: =C14+G14+K14+O14+S14 -> 19 | X14: =D14+H14+L14+P14+T14 -> 1985139 | Y14: =E14+I14+M14+Q14+U14 -> 11 | Z14: =F14+J14+N14+R14+V14 -> 933273 | AA14: =W14+Y14 -> 30 | AB14: =ROUND(X14+Z14,-2) -> 2918400
A15: 4 | B15: ИП Иванов А.С. | D15: =C15*D$9*3+C15*D$10*5+C15*D$11*4 -> 0 | F15: =E15*F$9*3+E15*F$10*5+E15*F$11*4 -> 0 | H15: =G15*H$9*3+G15*H$10*5+G15*H$11*4 -> 0 | J15: =I15*J$9*3+I15*J$10*5+I15*J$11*4 -> 0 | K15: 20 | L15: =K15*L$9*3+K15*L$10*5+K15*L$11*4 -> 2089620 | M15: 28 | N15: =M15*N$9*3+M15*N$10*5+M15*N$11*4 -> 2375604 | P15: =O15*P$9*3+O15*P$10*5+O15*P$11*4 -> 0 | R15: =Q15*R$9*3+Q15*R$10*5+Q15*R$11*4 -> 0 | T15: =S15*T$9*3+S15*T$10*5+S15*T$11*4 -> 0 | V15: =U15*V$9*3+U15*V$10*5+U15*V$11*4 -> 0 | W15: =C15+G15+K15+O15+S15 -> 20 | X15: =D15+H15+L15+P15+T15 -> 2089620 | Y15: =E15+I15+M15+Q15+U15 -> 28 | Z15: =F15+J15+N15+R15+V15 -> 2375604 | AA15: =W15+Y15 -> 48 | AB15: =ROUND(X15+Z15,-2) -> 4465200
A16: 5 | B16: ИП Белова О.П. | K16: 26 | L16: =K16*L$9*3+K16*L$10*5+K16*L$11*4 -> 2716506 | M16: 6 | N16: =M16*N$9*3+M16*N$10*5+M16*N$11*4 -> 509058 | P16: =O16*P$9*3+O16*P$10*5+O16*P$11*4 -> 0 | R16: =Q16*R$9*3+Q16*R$10*5+Q16*R$11*4 -> 0 | W16: =C16+G16+K16+O16+S16 -> 26 | X16: =D16+H16+L16+P16+T16 -> 2716506 | Y16: =E16+I16+M16+Q16+U16 -> 6 | Z16: =F16+J16+N16+R16+V16 -> 509058 | AA16: =W16+Y16 -> 32 | AB16: =ROUND(X16+Z16,-2) -> 3225600
A17: 6 | B17: ИП Семцова А.П. | D17: =C17*D$9*3+C17*D$10*5+C17*D$11*4 -> 0 | F17: =E17*F$9*3+E17*F$10*5+E17*F$11*4 -> 0 | H17: =G17*H$9*3+G17*H$10*5+G17*H$11*4 -> 0 | J17: =I17*J$9*3+I17*J$10*5+I17*J$11*4 -> 0 | K17: 26 | L17: =K17*L$9*3+K17*L$10*5+K17*L$11*4 -> 2716506 | M17: 6 | N17: =M17*N$9*3+M17*N$10*5+M17*N$11*4 -> 509058 | P17: =O17*P$9*3+O17*P$10*5+O17*P$11*4 -> 0 | R17: =Q17*R$9*3+Q17*R$10*5+Q17*R$11*4 -> 0 | T17: =S17*T$9*3+S17*T$10*5+S17*T$11*4 -> 0 | V17: =U17*V$9*3+U17*V$10*5+U17*V$11*4 -> 0 | W17: =C17+G17+K17+O17+S17 -> 26 | X17: =D17+H17+L17+P17+T17 -> 2716506 | Y17: =E17+I17+M17+Q17+U17 -> 6 | Z17: =F17+J17+N17+R17+V17 -> 509058 | AA17: =W17+Y17 -> 32 | AB17: =ROUND(X17+Z17,-2) -> 3225600
B18: Итого | C18: =SUM(C12:C17) -> 0 | D18: =SUM(D12:D17) -> 0 | E18: =SUM(E12:E17) -> 0 | F18: =SUM(F12:F17) -> 0 | G18: =SUM(G12:G17) -> 0 | H18: =SUM(H12:H17) -> 0 | I18: =SUM(I12:I17) -> 0 | J18: =SUM(J12:J17) -> 0 | ... AB18: =SUM(AB12:AB17) -> 24020600

Sheet ЧДОУ_КОПО
C1: Расчет объема субсидий частным дошкольным образовательным организациям на возмещение затрат по реализации основных общеобразовательных программ дошкольного образования на 2021 год
A3: №№ | B3: Наименование | C3: группы общеразвивающей направленности, обычные группы | W3: группы компенсирующей направленности для детей с фонетико-фонематическими нарушениями речи | AE3: Всего | AI3: Итого потребность на 2020 год
C4: кратковременного пребывания | G4: сокращенного дня | K4: полного дня | O4: продленного дня | S4: круглосуточным пребыванием | W4: сокращенного дня | AA4: полного дня
C5: до 5 часов | G5: 8 - 10 часов | K5: 10,5 - 12 часов | O5: 13 - 14 часов | S5: 24 часа | W5: 8 - 10,5 часов | AA5: 12 часов
C6: до 3 лет | E6: старше 3 лет | G6: до 3 лет | I6: старше 3 лет | K6: до 3 лет | M6: старше 3 лет | O6: до 3 лет | Q6: старше 3 лет | S6: до 3 лет | U6: старше 3 лет | W6: до 3 лет | Y6: старше 3 лет | AA6: до 3 лет | AC6: старше 3 лет | AE6: до 3 лет | AG6: старше 3 лет
C7: 19 | D7: 23 | E7: 19 | F7: 23 | G7: 19 | H7: 23 | I7: 19 | J7: 23 | K7: 19 | L7: 23 | M7: 15 | N7: 20 | O7: 15 | P7: 20 | Q7: 15 | R7: 20 | S7: 15 | T7: 20 | U7: 15 | V7: 20 | W7: 19 | X7: 23 | Y7: 19 | Z7: 23 | AA7: 19 | AB7: 23 | AC7: 19 | AD7: 23 | AE7: 15 | AF7: 20 | AG7: 15 | AH7: 20 | AI7: 15 | AJ7: 20
C8: кон-т | D8: сумма | E8: кон-т | F8: сумма | G8: кон-т | H8: сумма | I8: кон-т | J8: сумма | K8: кон-т | L8: сумма | M8: кон-т | N8: сумма | O8: кон-т | P8: сумма | Q8: кон-т | R8: сумма | S8: кон-т | T8: сумма | U8: кон-т | V8: сумма | W8: кон-т | X8: сумма | Y8: кон-т | Z8: сумма | AA8: кон-т | AB8: сумма | AC8: кон-т | AD8: сумма | AE8: кон-т | AF8: сумма | AG8: кон-т | AH8: сумма | AI8: кон-т | AJ8: сумма
A9: 3 | D9: ='Норматив ДОУ_КОПО'!E583 -> 3736 | F9: ='Норматив ДОУ_КОПО'!E584 -> 3034 | H9: ='Норматив ДОУ_КОПО'!F583 -> 7473 | J9: ='Норматив ДОУ_КОПО'!F584 -> 6068 | L9: ='Норматив ДОУ_КОПО'!G583 -> 8967 | N9: ='Норматив ДОУ_КОПО'!G584 -> 7281 | P9: ='Норматив ДОУ_КОПО'!H583 -> 10462 | R9: ='Норматив ДОУ_КОПО'!H584 -> 8495 | T9: ='Норматив ДОУ_КОПО'!I583 -> 10462 | V9: ='Норматив ДОУ_КОПО'!I584 -> 8495 | X9: ='Норматив ДОУ_КОПО'!F599 -> 0 | Z9: ='Норматив ДОУ_КОПО'!F600 -> 22292 | AB9: ='Норматив ДОУ_КОПО'!G599 -> 0 | AD9: ='Норматив ДОУ_КОПО'!G600 -> 26751
A10: 5 | D10: =D9 -> 3736 | F10: =F9 -> 3034 | H10: =H9 -> 7473 | J10: =J9 -> 6068 | L10: =L9 -> 8967 | N10: =N9 -> 7281 | P10: =P9 -> 10462 | R10: =R9 -> 8495 | T10: =T9 -> 10462 | V10: =V9 -> 8495 | X10: =X9 -> 0 | Z10: =Z9 -> 22292 | AB10: =AB9 -> 0 | AD10: =AD9 -> 26751
A11: 4 | D11: =D9 -> 3736 | F11: =F9 -> 3034 | H11: =H9 -> 7473 | J11: =J9 -> 6068 | L11: =L9 -> 8967 | N11: =N9 -> 7281 | P11: =P9 -> 10462 | R11: =R10 -> 8495 | T11: =T9 -> 10462 | V11: =V9 -> 8495 | X11: =X9 -> 0 | Z11: =Z9 -> 22292 | AB11: =AB9 -> 0 | AD11: =AD9 -> 26751
A12: =ЧДОУ!A10 -> 1 | B12: =ЧДОУ!B10 -> ЧДОУ "Творец" | C12: 15 | D12: =C12*D$9*3+C12*D$10*5+C12*D$11*4 -> 672480 | F12: =E12*F$9*3+E12*F$10*5+E12*F$11*4 -> 0 | H12: =G12*H$9*3+G12*H$10*5+G12*H$11*4 -> 0 | J12: =I12*J$9*3+I12*J$10*5+I12*J$11*4 -> 0 | K12: 40 | L12: =K12*L$9*3+K12*L$10*5+K12*L$11*4 -> 4304160 | N12: =M12*N$9*3+M12*N$10*5+M12*N$11*4 -> 0 | P12: =O12*P$9*3+O12*P$10*5+O12*P$11*4 -> 0 | R12: =Q12*R$9*3+Q12*R$10*5+Q12*R$11*4 -> 0 | T12: =S12*T$9*3+S12*T$10*5+S12*T$11*4 -> 0 | V12: =U12*V$9*3+U12*V$10*5+U12*V$11*4 -> 0 | X12: =W12*X$9*3+W12*X$10*5+W12*X$11*4 -> 0 | Z12: =Y12*Z$9*3+Y12*Z$10*5+Y12*Z$11*4 -> 0 | AB12: =AA12*AB$9*3+AA12*AB$10*5+AA12*AB$11*4 -> 0 | AD12: =AC12*AD$9*3+AC12*AD$10*5+AC12*AD$11*4 -> 0 | AE12: =C12+G12+K12+O12+S12+W12+AA12 -> 55 | AF12: =D12+H12+L12+P12+T12+X12+AB12 -> 4976640 | AG12: =E12+I12+M12+Q12+U12+Y12+AC12 -> 0 | AH12: =F12+J12+N12+R12+V12+Z12+AD12 -> 0 | AI12: =AE12+AG12 -> 55 | AJ12: =ROUND(AF12+AH12,-2) -> 4976600
A13: =ЧДОУ!A11 -> 2 | B13: =ЧДОУ!B11 -> ООО "Детский цент "Доброград" | D13: =C13*D$9*3+C13*D$10*5+C13*D$11*4 -> 0 | F13: =E13*F$9*3+E13*F$10*5+E13*F$11*4 -> 0 | H13: =G13*H$9*3+G13*H$10*5+G13*H$11*4 -> 0 | J13: =I13*J$9*2+I13*J$10*5+I13*J$11*4 -> 0 | K13: 21 | L13: =K13*L$9*3+K13*L$10*5+K13*L$11*4 -> 2259684 | M13: 29 | N13: =M13*N$9*3+M13*N$10*5+M13*N$11*4 -> 2533788 | P13: =O13*P$9*3+O13*P$10*5+O13*P$11*4 -> 0 | R13: =Q13*R$9*3+Q13*R$10*5+Q13*R$11*4 -> 0 | T13: =S13*T$9*3+S13*T$10*5+S13*T$11*4 -> 0 | V13: =U13*V$9*3+U13*V$10*5+U13*V$11*4 -> 0 | X13: =W13*X$9*3+W13*X$10*5+W13*X$11*4 -> 0 | Z13: =Y13*Z$9*3+Y13*Z$10*5+Y13*Z$11*4 -> 0 | AB13: =AA13*AB$9*3+AA13*AB$10*5+AA13*AB$11*4 -> 0 | AD13: =AC13*AD$9*3+AC13*AD$10*5+AC13*AD$11*4 -> 0 | AE13: =C13+G13+K13+O13+S13+W13+AA13 -> 21 | AF13: =D13+H13+L13+P13+T13+X13+AB13 -> 2259684 | AG13: =E13+I13+M13+Q13+U13+Y13+AC13 -> 29 | AH13: =F13+J13+N13+R13+V13+Z13+AD13 -> 2533788 | AI13: =AE13+AG13 -> 50 | AJ13: =ROUND(AF13+AH13,-2) -> 4793500
A14: =ЧДОУ!A12 -> 3 | B14: =ЧДОУ!B12 -> АНО "Сосновоборская частная школа" (дошкольное отделение) | D14: =C14*D$9*3+C14*D$10*5+C14*D$11*4 -> 0 | F14: =E14*F$9*3+E14*F$10*5+E14*F$11*4 -> 0 | H14: =G14*H$9*3+G14*H$10*5+G14*H$11*4 -> 0 | J14: =I14*J$9*3+I14*J$10*5+I14*J$11*4 -> 0 | L14: =K14*L$9*3+K14*L$10*5+K14*L$11*4 -> 0 | M14: 25 | N14: =M14*N$9*3+M14*N$10*5+M14*N$11*4 -> 2184300 | P14: =O14*P$9*3+O14*P$10*5+O14*P$11*4 -> 0 | R14: =Q14*R$9*3+Q14*R$10*5+Q14*R$11*4 -> 0 | T14: =S14*T$9*3+S14*T$10*5+S14*T$11*4 -> 0 | V14: =U14*V$9*3+U14*V$10*5+U14*V$11*4 -> 0 | X14: =W14*X$9*3+W14*X$10*5+W14*X$11*4 -> 0 | Z14: =Y14*Z$9*3+Y14*Z$10*5+Y14*Z$11*4 -> 0 | AB14: =AA14*AB$9*3+AA14*AB$10*5+AA14*AB$11*4 -> 0 | AD14: =AC14*AD$9*3+AC14*AD$10*5+AC14*AD$11*4 -> 0 | AE14: =C14+G14+K14+O14+S14+W14+AA14 -> 0 | AF14: =D14+H14+L14+P14+T14+X14+AB14 -> 0 | AG14: =E14+I14+M14+Q14+U14+Y14+AC14 -> 25 | AH14: =F14+J14+N14+R14+V14+Z14+AD14 -> 2184300 | AI14: =AE14+AG14 -> 25 | AJ14: =ROUND(AF14+AH14,-2) -> 2184300
A15: =ЧДОУ!A13 -> 4 | B15: =ЧДОУ!B13 -> ООО «Центр развития «Тигренок» | D15: =C15*D$9*3+C15*D$10*5+C15*D$11*4 -> 0 | F15: =E15*F$9*3+E15*F$10*5+E15*F$11*4 -> 0 | H15: =G15*H$9*3+G15*H$10*5+G15*H$11*4 -> 0 | J15: =I15*J$9*3+I15*J$10*5+I15*J$11*4 -> 0 | K15: 37 | L15: =K15*L$9*3+K15*L$10*5+K15*L$11*4 -> 3981348 | M15: 103 | N15: =M15*N$9*3+M15*N$10*5+M15*N$11*4 -> 8999316 | P15: =O15*P$9*3+O15*P$10*5+O15*P$11*4 -> 0 | R15: =Q15*R$9*3+Q15*R$10*5+Q15*R$11*4 -> 0 | T15: =S15*T$9*3+S15*T$10*5+S15*T$11*4 -> 0 | V15: =U15*V$9*3+U15*V$10*5+U15*V$11*4 -> 0 | X15: =W15*X$9*3+W15*X$10*5+W15*X$11*4 -> 0 | Z15: =Y15*Z$9*3+Y15*Z$10*5+Y15*Z$11*4 -> 0 | AB15: =AA15*AB$9*3+AA15*AB$10*5+AA15*AB$11*4 -> 0 | AD15: =AC15*AD$9*3+AC15*AD$10*5+AC15*AD$11*4 -> 0 | AE15: =C15+G15+K15+O15+S15+W15+AA15 -> 37 | AF15: =D15+H15+L15+P15+T15+X15+AB15 -> 3981348 | AG15: =E15+I15+M15+Q15+U15+Y15+AC15 -> 103 | AH15: =F15+J15+N15+R15+V15+Z15+AD15 -> 8999316 | AI15: =AE15+AG15 -> 140 | AJ15: =ROUND(AF15+AH15,-2) -> 12980700
A16: =ЧДОУ!A14 -> 5 | B16: =ЧДОУ!B14 -> ЧУДО "Маленькая страна "Кудрово" | D16: =C16*D$9*3+C16*D$10*5+C16*D$11*4 -> 0 | F16: =E16*F$9*3+E16*F$10*5+E16*F$11*4 -> 0 | H16: =G16*H$9*3+G16*H$10*5+G16*H$11*4 -> 0 | J16: =I16*J$9*3+I16*J$10*5+I16*J$11*4 -> 0 | L16: =K16*L$9*3+K16*L$10*5+K16*L$11*4 -> 0 | N16: =M16*N$9*3+M16*N$10*5+M16*N$11*4 -> 0 | O16: 91 | P16: =O16*P$9*3+O16*P$10*5+O16*P$11*4 -> 11424504 | Q16: 127 | R16: =Q16*R$9*3+Q16*R$10*5+Q16*R$11*4 -> 12946380 | T16: =S16*T$9*3+S16*T$10*5+S16*T$11*4 -> 0 | V16: =U16*V$9*3+U16*V$10*5+U16*V$11*4 -> 0 | X16: =W16*X$9*3+W16*X$10*5+W16*X$11*4 -> 0 | Z16: =Y16*Z$9*3+Y16*Z$10*5+Y16*Z$11*4 -> 0 | AB16: =AA16*AB$9*3+AA16*AB$10*5+AA16*AB$11*4 -> 0 | AC16: 0 | AD16: =AC16*AD$9*3+AC16*AD$10*5+AC16*AD$11*4 -> 0 | AE16: =C16+G16+K16+O16+S16+W16+AA16 -> 91 | AF16: =D16+H16+L16+P16+T16+X16+AB16 -> 11424504 | AG16: =E16+I16+M16+Q16+U16+Y16+AC16 -> 127 | AH16: =F16+J16+N16+R16+V16+Z16+AD16 -> 12946380 | AI16: =AE16+AG16 -> 218 | AJ16: =ROUND(AF16+AH16,-2) -> 24370900
A17: =ЧДОУ!A15 -> 6 | B17: =ЧДОУ!B15 -> АНО ДО "Детский сад "Лучик" | D17: =C17*D$9*3+C17*D$10*5+C17*D$11*4 -> 0 | F17: =E17*F$9*3+E17*F$10*5+E17*F$11*4 -> 0 | H17: =G17*H$9*3+G17*H$10*5+G17*H$11*4 -> 0 | J17: =I17*J$9*3+I17*J$10*5+I17*J$11*4 -> 0 | K17: 0 | L17: =K17*L$9*3+K17*L$10*5+K17*L$11*4 -> 0 | M17: 0 | N17: =M17*N$9*3+M17*N$10*5+M17*N$11*4 -> 0 | O17: 112 | P17: =O17*P$9*3+O17*P$10*5+O17*P$11*4 -> 14060928 | Q17: 218 | R17: =Q17*R$9*3+Q17*R$10*5+Q17*R$11*4 -> 22222920 | T17: =S17*T$9*3+S17*T$10*5+S17*T$11*4 -> 0 | V17: =U17*V$9*3+U17*V$10*5+U17*V$11*4 -> 0 | X17: =W17*X$9*3+W17*X$10*5+W17*X$11*4 -> 0 | Z17: =Y17*Z$9*3+Y17*Z$10*5+Y17*Z$11*4 -> 0 | AB17: =AA17*AB$9*3+AA17*AB$10*5+AA17*AB$11*4 -> 0 | AD17: =AC17*AD$9*3+AC17*AD$10*5+AC17*AD$11*4 -> 0 | AE17: =C17+G17+K17+O17+S17+W17+AA17 -> 112 | AF17: =D17+H17+L17+P17+T17+X17+AB17 -> 14060928 | AG17: =E17+I17+M17+Q17+U17+Y17+AC17 -> 218 | AH17: =F17+J17+N17+R17+V17+Z17+AD17 -> 22222920 | AI17: =AE17+AG17 -> 330 | AJ17: =ROUND(AF17+AH17,-2) -> 36283800
A18: =ЧДОУ!A16 -> 7 | B18: =ЧДОУ!B16 -> ООО ДО "Детский сад "Лучик" | D18: =C18*D$9*3+C18*D$10*5+C18*D$11*4 -> 0 | F18: =E18*F$9*3+E18*F$10*5+E18*F$11*4 -> 0 | H18: =G18*H$9*3+G18*H$10*5+G18*H$11*4 -> 0 | J18: =I18*J$9*3+I18*J$10*5+I18*J$11*4 -> 0 | K18: 0 | L18: =K18*L$9*3+K18*L$10*5+K18*L$11*4 -> 0 | M18: 0 | N18: =M18*N$9*3+M18*N$10*5+M18*N$11*4 -> 0 | O18: 191 | P18: =O18*P$9*3+O18*P$10*5+O18*P$11*4 -> 23978904 | Q18: 165 | R18: =Q18*R$9*3+Q18*R$10*5+Q18*R$11*4 -> 16820100 | T18: =S18*T$9*3+S18*T$10*5+S18*T$11*4 -> 0 | V18: =U18*V$9*3+U18*V$10*5+U18*V$11*4 -> 0 | X18: =W18*X$9*3+W18*X$10*5+W18*X$11*4 -> 0 | Z18: =Y18*Z$9*3+Y18*Z$10*5+Y18*Z$11*4 -> 0 | AB18: =AA18*AB$9*3+AA18*AB$10*5+AA18*AB$11*4 -> 0 | AD18: =AC18*AD$9*3+AC18*AD$10*5+AC18*AD$11*4 -> 0 | AE18: =C18+G18+K18+O18+S18+W18+AA18 -> 191 | AF18: =D18+H18+L18+P18+T18+X18+AB18 -> 23978904 | AG18: =E18+I18+M18+Q18+U18+Y18+AC18 -> 165 | AH18: =F18+J18+N18+R18+V18+Z18+AD18 -> 16820100 | AI18: =AE18+AG18 -> 356 | AJ18: =ROUND(AF18+AH18,-2) -> 40799000
A19: =ЧДОУ!A17 -> 8 | B19: =ЧДОУ!B17 -> ООО "Система" (Эрудит) | D19: =C19*D$9*3+C19*D$10*5+C19*D$11*4 -> 0 | F19: =E19*F$9*3+E19*F$10*5+E19*F$11*4 -> 0 | H19: =G19*H$9*3+G19*H$10*5+G19*H$11*4 -> 0 | J19: =I19*J$9*3+I19*J$10*5+I19*J$11*4 -> 0 | K19: 60 | L19: =K19*L$9*3+K19*L$10*5+K19*L$11*4 -> 6456240 | M19: 26 | N19: =M19*N$9*3+M19*N$10*5+M19*N$11*4 -> 2271672 | P19: =O19*P$9*3+O19*P$10*5+O19*P$11*4 -> 0 | R19: =Q19*R$9*3+Q19*R$10*5+Q19*R$11*4 -> 0 | T19: =S19*T$9*3+S19*T$10*5+S19*T$11*4 -> 0 | V19: =U19*V$9*3+U19*V$10*5+U19*V$11*4 -> 0 | X19: =W19*X$9*3+W19*X$10*5+W19*X$11*4 -> 0 | Z19: =Y19*Z$9*3+Y19*Z$10*5+Y19*Z$11*4 -> 0 | AB19: =AA19*AB$9*3+AA19*AB$10*5+AA19*AB$11*4 -> 0 | AD19: =AC19*AD$9*3+AC19*AD$10*5+AC19*AD$11*4 -> 0 | AE19: =C19+G19+K19+O19+S19+W19+AA19 -> 60 | AF19: =D19+H19+L19+P19+T19+X19+AB19 -> 6456240 | AG19: =E19+I19+M19+Q19+U19+Y19+AC19 -> 26 | AH19: =F19+J19+N19+R19+V19+Z19+AD19 -> 2271672 | AI19: =AE19+AG19 -> 86 | AJ19: =ROUND(AF19+AH19,-2) -> 8727900
A20: =ЧДОУ!A18 -> 9 | B20: =ЧДОУ!B18 -> ООО "Маленькая страна Новогорелово" | D20: =C20*D$9*3+C20*D$10*5+C20*D$11*4 -> 0 | F20: =E20*F$9*3+E20*F$10*5+E20*F$11*4 -> 0 | H20: =G20*H$9*3+G20*H$10*5+G20*H$11*4 -> 0 | J20: =I20*J$9*3+I20*J$10*5+I20*J$11*4 -> 0 | L20: =K20*L$9*3+K20*L$10*5+K20*L$11*4 -> 0 | N20: =M20*N$9*3+M20*N$10*5+M20*N$11*4 -> 0 | O20: 13 | P20: =O20*P$9*3+O20*P$10*5+O20*P$11*4 -> 1632072 | Q20: 55 | R20: =Q20*R$9*3+Q20*R$10*5+Q20*R$11*4 -> 5606700 | AE20: =C20+G20+K20+O20+S20+W20+AA20 -> 13 | AF20: =D20+H20+L20+P20+T20+X20+AB20 -> 1632072 | AG20: =E20+I20+M20+Q20+U20+Y20+AC20 -> 55 | AH20: =F20+J20+N20+R20+V20+Z20+AD20 -> 5606700 | AI20: =AE20+AG20 -> 68 | AJ20: =ROUND(AF20+AH20,-2) -> 7238800
A21: =ЧДОУ!A19 -> 10 | B21: =ЧДОУ!B19 -> НО ЧДОУ Детский сад "Планета ДЕТСТВА" | D21: =C21*D$9*3+C21*D$10*5+C21*D$11*4 -> 0 | F21: =E21*F$9*3+E21*F$10*5+E21*F$11*4 -> 0 | H21: =G21*H$9*3+G21*H$10*5+G21*H$11*4 -> 0 | J21: =I21*J$9*3+I21*J$10*5+I21*J$11*4 -> 0 | L21: =K21*L$9*3+K21*L$10*5+K21*L$11*4 -> 0 | N21: =M21*N$9*3+M21*N$10*5+M21*N$11*4 -> 0 | O21: 35 | P21: =O21*P$9*3+O21*P$10*5+O21*P$11*4 -> 4394040 | Q21: 40 | R21: =Q21*R$9*3+Q21*R$10*5+Q21*R$11*4 -> 4077600 | AE21: =C21+G21+K21+O21+S21+W21+AA21 -> 35 | AF21: =D21+H21+L21+P21+T21+X21+AB21 -> 4394040 | AG21: =E21+I21+M21+Q21+U21+Y21+AC21 -> 40 | AH21: =F21+J21+N21+R21+V21+Z21+AD21 -> 4077600 | AI21: =AE21+AG21 -> 75 | AJ21: =ROUND(AF21+AH21,-2) -> 8471600
A22: =ЧДОУ!A20 -> 11 | B22: =ЧДОУ!B20 -> ЧОУ ННО "УМНЫЙ МИР" | D22: =C22*D$9*3+C22*D$10*5+C22*D$11*4 -> 0 | F22: =E22*F$9*3+E22*F$10*5+E22*F$11*4 -> 0 | H22: =G22*H$9*3+G22*H$10*5+G22*H$11*4 -> 0 | J22: =I22*J$9*3+I22*J$10*5+I22*J$11*4 -> 0 | K22: 152 | L22: =K22*L$9*3+K22*L$10*5+K22*L$11*4 -> 16355808 | M22: 266 | N22: =M22*N$9*3+M22*N$10*5+M22*N$11*4 -> 23240952 | P22: =O22*P$9*3+O22*P$10*5+O22*P$11*4 -> 0 | R22: =Q22*R$9*3+Q22*R$10*5+Q22*R$11*4 -> 0 | AE22: =C22+G22+K22+O22+S22+W22+AA22 -> 152 | AF22: =D22+H22+L22+P22+T22+X22+AB22 -> 16355808 | AG22: =E22+I22+M22+Q22+U22+Y22+AC22 -> 266 | AH22: =F22+J22+N22+R22+V22+Z22+AD22 -> 23240952 | AI22: =AE22+AG22 -> 418 | AJ22: =ROUND(AF22+AH22,-2) -> 39596800
A23: =ЧДОУ!A21 -> 12 | B23: =ЧДОУ!B21 -> ЧОУ Гимназия "Грэйс" | D23: =C23*D$9*3+C23*D$10*5+C23*D$11*4 -> 0 | F23: =E23*F$9*3+E23*F$10*5+E23*F$11*4 -> 0 | H23: =G23*H$9*3+G23*H$10*5+G23*H$11*4 -> 0 | J23: =I23*J$9*3+I23*J$10*5+I23*J$11*4 -> 0 | L23: =K23*L$9*3+K23*L$10*5+K23*L$11*4 -> 0 | M23: 25 | N23: =M23*N$9*3+M23*N$10*5+M23*N$11*4 -> 2184300 | P23: =O23*P$9*3+O23*P$10*5+O23*P$11*4 -> 0 | R23: =Q23*R$9*3+Q23*R$10*5+Q23*R$11*4 -> 0 | AE23: =C23+G23+K23+O23+S23+W23+AA23 -> 0 | AF23: =D23+H23+L23+P23+T23+X23+AB23 -> 0 | AG23: =E23+I23+M23+Q23+U23+Y23+AC23 -> 25 | AH23: =F23+J23+N23+R23+V23+Z23+AD23 -> 2184300 | AI23: =AE23+AG23 -> 25 | AJ23: =ROUND(AF23+AH23,-2) -> 2184300
A24: =ЧДОУ!A22 -> 13 | B24: =ЧДОУ!B22 -> ООО "Маленькая страна Щеглово" | D24: =C24*D$9*3+C24*D$10*5+C24*D$11*4 -> 0 | F24: =E24*F$9*3+E24*F$10*5+E24*F$11*4 -> 0 | H24: =G24*H$9*3+G24*H$10*5+G24*H$11*4 -> 0 | J24: =I24*J$9*3+I24*J$10*5+I24*J$11*4 -> 0 | L24: =K24*L$9*3+K24*L$10*5+K24*L$11*4 -> 0 | N24: =M24*N$9*3+M24*N$10*5+M24*N$11*4 -> 0 | O24: 39 | P24: =O24*P$9*3+O24*P$10*5+O24*P$11*4 -> 4896216 | Q24: 33 | R24: =Q24*R$9*3+Q24*R$10*5+Q24*R$11*4 -> 3364020 | T24: =S24*T$9*3+S24*T$10*5+S24*T$11*4 -> 0 | V24: =U24*V$9*3+U24*V$10*5+U24*V$11*4 -> 0 | X24: =W24*X$9*3+W24*X$10*5+W24*X$11*4 -> 0 | Z24: =Y24*Z$9*3+Y24*Z$10*5+Y24*Z$11*4 -> 0 | AB24: =AA24*AB$9*3+AA24*AB$10*5+AA24*AB$11*4 -> 0 | AD24: =AC24*AD$9*3+AC24*AD$10*5+AC24*AD$11*4 -> 0 | AE24: =C24+G24+K24+O24+S24+W24+AA24 -> 39 | AF24: =D24+H24+L24+P24+T24+X24+AB24 -> 4896216 | AG24: =E24+I24+M24+Q24+U24+Y24+AC24 -> 33 | AH24: =F24+J24+N24+R24+V24+Z24+AD24 -> 3364020 | AI24: =AE24+AG24 -> 72 | AJ24: =ROUND(AF24+AH24,-2) -> 8260200
A25: =ЧДОУ!A23 -> 14 | B25: =ЧДОУ!B23 -> ООО "ТОСНО ПРОЕКТ" | D25: =C25*D$9*3+C25*D$10*5+C25*D$11*4 -> 0 | F25: =E25*F$9*3+E25*F$10*5+E25*F$11*4 -> 0 | G25: 20 | H25: =G25*H$9*3+G25*H$10*5+G25*H$11*4 -> 1793520 | J25: =I25*J$9*3+I25*J$10*5+I25*J$11*4 -> 0 | L25: =K25*L$9*3+K25*L$10*5+K25*L$11*4 -> 0 | N25: =M25*N$9*3+M25*N$10*5+M25*N$11*4 -> 0 | P25: =O25*P$9*3+O25*P$10*5+O25*P$11*4 -> 0 | R25: =Q25*R$9*3+Q25*R$10*5+Q25*R$11*4 -> 0 | T25: =S25*T$9*3+S25*T$10*5+S25*T$11*4 -> 0 | V25: =U25*V$9*3+U25*V$10*5+U25*V$11*4 -> 0 | X25: =W25*X$9*3+W25*X$10*5+W25*X$11*4 -> 0 | Z25: =Y25*Z$9*3+Y25*Z$10*5+Y25*Z$11*4 -> 0 | AB25: =AA25*AB$9*3+AA25*AB$10*5+AA25*AB$11*4 -> 0 | AD25: =AC25*AD$9*3+AC25*AD$10*5+AC25*AD$11*4 -> 0 | AE25: =C25+G25+K25+O25+S25+W25+AA25 -> 20 | AF25: =D25+H25+L25+P25+T25+X25+AB25 -> 1793520 | AG25: =E25+I25+M25+Q25+U25+Y25+AC25 -> 0 | AH25: =F25+J25+N25+R25+V25+Z25+AD25 -> 0 | AI25: =AE25+AG25 -> 20 | AJ25: =ROUND(AF25+AH25,-2) -> 1793500
A26: =ЧДОУ!A24 -> 15 | B26: =ЧДОУ!B24 -> ЧДОУ "Новая История" | D26: =C26*D$9*3+C26*D$10*5+C26*D$11*4 -> 0 | F26: =E26*F$9*3+E26*F$10*5+E26*F$11*4 -> 0 | H26: =G26*H$9*3+G26*H$10*5+G26*H$11*4 -> 0 | J26: =I26*J$9*3+I26*J$10*5+I26*J$11*4 -> 0 | K26: 64 | L26: =K26*L$9*3+K26*L$10*5+K26*L$11*4 -> 6886656 | M26: 36 | N26: =M26*N$9*3+M26*N$10*5+M26*N$11*4 -> 3145392 | P26: =O26*P$9*3+O26*P$10*5+O26*P$11*4 -> 0 | R26: =Q26*R$9*3+Q26*R$10*5+Q26*R$11*4 -> 0 | T26: =S26*T$9*3+S26*T$10*5+S26*T$11*4 -> 0 | V26: =U26*V$9*3+U26*V$10*5+U26*V$11*4 -> 0 | X26: =W26*X$9*3+W26*X$10*5+W26*X$11*4 -> 0 | Z26: =Y26*Z$9*3+Y26*Z$10*5+Y26*Z$11*4 -> 0 | AB26: =AA26*AB$9*3+AA26*AB$10*5+AA26*AB$11*4 -> 0 | AD26: =AC26*AD$9*3+AC26*AD$10*5+AC26*AD$11*4 -> 0 | AE26: =C26+G26+K26+O26+S26+W26+AA26 -> 64 | AF26: =D26+H26+L26+P26+T26+X26+AB26 -> 6886656 | AG26: =E26+I26+M26+Q26+U26+Y26+AC26 -> 36 | AH26: =F26+J26+N26+R26+V26+Z26+AD26 -> 3145392 | AI26: =AE26+AG26 -> 100 | AJ26: =ROUND(AF26+AH26,-2) -> 10032000
A27: =ЧДОУ!A25 -> 16 | B27: =ЧДОУ!B25 -> ООО "РОСТ ОК" | D27: =C27*D$9*3+C27*D$10*5+C27*D$11*4 -> 0 | F27: =E27*F$9*3+E27*F$10*5+E27*F$11*4 -> 0 | H27: =G27*H$9*3+G27*H$10*5+G27*H$11*4 -> 0 | J27: =I27*J$9*3+I27*J$10*5+I27*J$11*4 -> 0 | K27: 35 | L27: =K27*L$9*3+K27*L$10*5+K27*L$11*4 -> 3766140 | M27: 5 | N27: =M27*N$9*3+M27*N$10*5+M27*N$11*4 -> 436860 | P27: =O27*P$9*3+O27*P$10*5+O27*P$11*4 -> 0 | R27: =Q27*R$9*3+Q27*R$10*5+Q27*R$11*4 -> 0 | AE27: =C27+G27+K27+O27+S27+W27+AA27 -> 35 | AF27: =D27+H27+L27+P27+T27+X27+AB27 -> 3766140 | AG27: =E27+I27+M27+Q27+U27+Y27+AC27 -> 5 | AH27: =F27+J27+N27+R27+V27+Z27+AD27 -> 436860 | AI27: =AE27+AG27 -> 40 | AJ27: =ROUND(AF27+AH27,-2) -> 4203000
A28: =ЧДОУ!A26 -> 17 | B28: =ЧДОУ!B26 -> ООО "УМКА" | D28: =C28*D$9*3+C28*D$10*5+C28*D$11*4 -> 0 | F28: =E28*F$9*3+E28*F$10*5+E28*F$11*4 -> 0 | H28: =G28*H$9*3+G28*H$10*5+G28*H$11*4 -> 0 | J28: =I28*J$9*3+I28*J$10*5+I28*J$11*4 -> 0 | K28: 26 | L28: =K28*L$9*3+K28*L$10*5+K28*L$11*4 -> 2797704 | N28: =M28*N$9*3+M28*N$10*5+M28*N$11*4 -> 0 | P28: =O28*P$9*3+O28*P$10*5+O28*P$11*4 -> 0 | R28: =Q28*R$9*3+Q28*R$10*5+Q28*R$11*4 -> 0 | T28: =S28*T$9*3+S28*T$10*5+S28*T$11*4 -> 0 | V28: =U28*V$9*3+U28*V$10*5+U28*V$11*4 -> 0 | X28: =W28*X$9*3+W28*X$10*5+W28*X$11*4 -> 0 | Z28: =Y28*Z$9*3+Y28*Z$10*5+Y28*Z$11*4 -> 0 | AB28: =AA28*AB$9*3+AA28*AB$10*5+AA28*AB$11*4 -> 0 | AD28: =AC28*AD$9*3+AC28*AD$10*5+AC28*AD$11*4 -> 0 | AE28: =C28+G28+K28+O28+S28+W28+AA28 -> 26 | AF28: =D28+H28+L28+P28+T28+X28+AB28 -> 2797704 | AG28: =E28+I28+M28+Q28+U28+Y28+AC28 -> 0 | AH28: =F28+J28+N28+R28+V28+Z28+AD28 -> 0 | AI28: =AE28+AG28 -> 26 | AJ28: =ROUND(AF28+AH28,-2) -> 2797700
B29: Итого | C29: =SUM(C12:C28) -> 15 | D29: =SUM(D12:D28) -> 672480 | E29: =SUM(E12:E28) -> 0 | F29: =SUM(F12:F28) -> 0 | G29: =SUM(G12:G28) -> 20 | H29: =SUM(H12:H28) -> 1793520 | I29: =SUM(I12:I28) -> 0 | J29: =SUM(J12:J28) -> 0 | ... AJ29: =SUM(AJ12:AJ28) -> 219694600
